Workbook
Name TR: '[1]CURVA ABC'!#REF!
Name TR: 'CURVA ABC'!#REF!
Name V: #REF!
Name VALOR.TOTAL: #REF!
Name VALOR_TOTAL: #REF!
Name VALORTOAL_: #REF!
Name VALORTOT: #REF!
Name VALORTOTAL: #REF!
Name VALORTOTAL_: #REF!
Name VALORTOTAL__: #REF!
Name VALORTOTAL___: #REF!
Name VALORTOTALL: #REF!
Name VALOT: #REF!
Name VALOTOT: #REF!
Name VR: #REF!
Name VT: #REF!
Name VTOTAL: #REF!

Sheet Resumo
A11: RESUMO DA PLANILHA DE ORÇAMENTOS DE PROJETOS E OBRAS
A12: UFF- CAMPUS NITERÓI | E12: AUTOR: | H12: FUNÇÃO:
A13: LOCAL: RUA VERA CRISPINO DE FREITAS, 190-2 - BOA VIAGEM, NITERÓI-RJ | E13: PROCESSO: | H13: ART/RRT:
A14: NOME DA OBRA: AGÊNCIA DE INOVAÇÃO DA UFF | E14: BDI | F14: BDI EQUIP. | G14: SIAPE | H14: DATA | I14: REVISÃO
A15: BASE DE DADOS: SINAPI/2025.7 - EMOP/2025.7 - SCO/2025.7 - SBC/2025.7 | E15: =BDI!F32 -> 0.24657 | F15: 0 | G15: 0000000 | H15: 45957 | I15: R03
A16: RESUMO
A17: ITEM | B17: SERVIÇO | H17: PREÇO TOTAL
A18: 1 | B18: GERENCIAMENTO DE OBRAS / FISCALIZAÇÃO | H18: =Planilha!H17 -> 496956.26
A19: 2 | B19: SERVIÇOS PRELIMINARES | H19: 34553.01
A20: 3 | B20: CANTEIRO DE OBRAS | H20: =Planilha!I23 -> 339265.3
A21: 4 | B21: MOVIMENTO DE TERRA | H21: =Planilha!I36 -> 47272.53
A22: 5 | B22: INFRAESTRUTURA: FUNDAÇÕES SIMPLES (OU DIRETAS) | H22: 287021.81
A23: 6 | B23: INFRAESTRUTURA: FUNDAÇÕES ESPECIAIS (OU INDIRETAS) | H23: 105691.68
A24: 7 | B24: SUPERESTRUTURA | H24: 1104984.1
A25: 8 | B25: ALVENARIA / VEDAÇÃO / DIVISÓRIA | H25: 718574.07
A26: 9 | B26: ESQUADRIAS | H26: 428331.73
A27: 10 | B27: INSTALAÇÕES HIDRÁULICAS E SANITÁRIAS | H27: 113067.58
A28: 11 | B28: INSTALAÇÕES PLUVIAIS | H28: 112249.78
A29: 12 | B29: INSTALAÇÕES ELÉTRICAS | H29: 540535.09
A30: 13 | B30: SISTEMA DE PROTEÇÃO CONTRA DESCARGAS ATMOSFÉRICAS | H30: 52484.08
A31: 14 | B31: INSTALAÇÕES LÓGICA / TELEFONIA | H31: 164933.41
A32: 15 | B32: INSTALAÇÕES DE COMBATE A INCÊNDIO | H32: 13854.74
A33: 16 | B33: INSTALAÇÕES DE CFTV | H33: 52263.88
... A46: 29 | B46: SERVIÇOS COMPLEMENTARES | H46: 64442.98
A47: TOTAL GERAL | H47: =SUM(H18:I46) -> 7504566.9

Sheet Planilha
A11: PLANILHA DE ORÇAMENTOS DE PROJETOS E OBRAS - SINTÉTICA
A12: UFF- CAMPUS NITERÓI | E12: =Resumo!E12 -> AUTOR: | H12: =Resumo!H12 -> FUNÇÃO:
A13: LOCAL: RUA VERA CRISPINO DE FREITAS, 190-2 - BOA VIAGEM, NITERÓI-RJ | E13: =Resumo!E13 -> PROCESSO: | H13: =Resumo!H13 -> ART/RRT:
A14: NOME DA OBRA: AGÊNCIA DE INOVAÇÃO DA UFF | E14: =Resumo!E14 -> BDI | F14: =Resumo!F14 -> BDI EQUIP. | G14: =Resumo!G14 -> SIAPE | H14: =Resumo!H14 -> DATA | I14: =Resumo!I14 -> REVISÃO
A15: BASE DE DADOS: SINAPI/2025.7 - EMOP/2025.7 - SCO/2025.7 - SBC/2025.7 | E15: =Resumo!E15 -> 0.24657 | F15: =Resumo!F15 -> 0 | G15: =Resumo!G15 -> 0000000 | H15: =Resumo!H15 -> 45957 | I15: =Resumo!I15 -> R03
A16: ITEM | B16: CÓDIGO | C16: BASE DE DADOS | D16: DESCRIÇÃO | E16: UNIDADE | F16: QUANTIDADE | G16: CUSTO UNITÁRIO | H16: PREÇO UNIT c/ BDI | I16: PREÇO TOTAL | J16: DESCONTO OFERTADO | K16: VALOR TOTAL COM DESCONTO
A17: 1 | D17: GERENCIAMENTO DE OBRAS / FISCALIZAÇÃO | F17: 1 | H17: 496956.26 | I17: 496956.26 | K17: =K18 -> 496956.26
A18: 1.1 | B18: COMP-1001 | C18: Próprio | D18: EQUIPE ADMINISTRATIVA DA OBRA | E18: un | F18: 1 | G18: 398649.34 | H18: 496956.26 | I18: 496956.26 | J18: =$I$626 -> 0 | K18: =I18-(I18*J18) -> 496956.26
A19: 2 | D19: SERVIÇOS PRELIMINARES | F19: 1 | H19: 34553.01 | I19: 34553.01 | K19: =SUM(K20:K22) -> 34553.01
A20: 2.1 | B20: 103689 | C20: SINAPI | D20: FORNECIMENTO E INSTALAÇÃO DE PLACA DE OBRA COM CHAPA GALVANIZADA E ESTRUTURA DE MADEIRA. AF_03/2022_PS | E20: m² | F20: 6 | G20: 476.28 | H20: 593.73 | I20: 3562.38 | J20: =$I$626 -> 0 | K20: =I20-(I20*J20) -> 3562.38
A21: 2.2 | B21: 01.018.0002-A | C21: EMOP | D21: LOCACAO DE OBRA COM APARELHO TOPOGRAFICO SOBRE CERCA DE MARC ACAO,INCLUSIVE CONSTRUCAO DESTA E SUA PRE-LOCACAO E O FORNEC IMENTO DO MATERIAL E TENDO POR MEDICAO O PERIMETRO A CONSTRU IR QUIVALENTES, Nº12X12 A 18X30 CIAIS DESONERADOS NCARGOS SOCIAIS DESONERADOS GOS SOCIAIS DESONERADOS ARGOS SOCIAIS DESONERADOS DE 500M SEM PRISMA,EALCANCE MINIMO DE 3000M COM UM PRISMA | E21: M | F21: 941.81 | G21: 25.94 | H21: 32.33 | I21: 30448.71 | J21: =$I$626 -> 0 | K21: =I21-(I21*J21) -> 30448.71
A22: 2.3 | B22: 90781 | C22: SINAPI | D22: TOPOGRAFO COM ENCARGOS COMPLEMENTARES | E22: H | F22: 16 | G22: 27.17 | H22: 33.87 | I22: 541.92 | J22: =$I$626 -> 0 | K22: =I22-(I22*J22) -> 541.92
A23: 3 | D23: CANTEIRO DE OBRAS | F23: 1 | H23: 339265.3 | I23: 339265.3 | K23: =SUM(K24:K35) -> 339265.3
A24: 3.1 | B24: COMP-1002 | C24: Próprio | D24: MOBILIZAÇÃO DO CANTEIRO DE OBRAS - INCLUSO TRANSPORTE DE MATERIAIS, MAQUINÁRIO, EQUIPAMENTOS, FERRAMENTAS, UTENSÍLIOS E PESSOAL PARA O CANTEIRO DE OBRA, PARA O INÍCIO DO CONTRATO OU EVENTUAIS INTERRUPÇÕES DO TRABALHO | E24: un | F24: 1 | G24: 41.85 | H24: 52.17 | I24: 52.17 | J24: =$I$626 -> 0 | K24: =I24-(I24*J24) -> 52.17
A25: 3.2 | B25: 98459 | C25: SINAPI | D25: TAPUME COM TELHA METÁLICA. AF_03/2024 | E25: m² | F25: 711.38 | G25: 105.08 | H25: 130.99 | I25: 93183.66 | J25: =$I$626 -> 0 | K25: =I25-(I25*J25) -> 93183.66
A26: 3.3 | B26: 02.006.0015-A | C26: EMOP | D26: ALUGUEL CONTAINER (MODULO METALICO ICAVEL),P/ESCRITORIO C/WC ,MED.APROX.2,30M LARG.6,00M COMPR.E 2,50M ALT.CHAPAS ACO C/N ERVURAS TRAPEZOIDAIS,ISOLAMENTO TERMO-ACUSTICO FORRO,CHASSIS REFORCADO E PISO COMPENSADO NAVAL,INCLUINDO INST.ELETR.HIDR OSSANITARIAS,SUPRIDO ACESSORIOS,1 BACIA SANITARIA E 1 LAVATO RIO,EXCL.TRANSP.(04.005.0300),CARGA E DESCARGA (04.013.0015) M COMP. E 2,50M ALT.,ISOL.FORRO TERMO-ACUSTICO,PISO COMP.NAV AL,INCL.INST.ELET/HIDRO.,1 V.SAN./1 LAV. | E26: UNXMES | F26: 13 | G26: 1250 | H26: 1558.25 | I26: 20257.25 | J26: =$I$626 -> 0 | K26: =I26-(I26*J26) -> 20257.25
A27: 3.4 | B27: 02.006.0030-A | C27: EMOP | D27: ALUGUEL CONTAINER(MODULO METALICO ICAVEL),SANITARIO-VESTIARI O,MED.APROX.2,30M LARG.6,00M COMPR.2,50M ALT.CHAPAS ACO NERV URAS TRAPEZOIDAIS,ISOLAMENTO TERMO-ACUSTICO FORRO,CHASSIS RE FORCADO PISO COMPENSADO NAVAL,INCL.INST.ELETR.HIDROSSANITARI AS,SUPRIDO ACESS.7 BACIAS SANITARIAS,2 LAVATORIOS E 2 MICTOR IOS,EXCL.TRANSP.(04.005.0300),CARGA E DESCARGA(04.013.0015) 6,00 E A=2,50M,ISOL.FORRO TERMO-ACUSTICO,PISO COMP.NAVAL,INC L.INST.ELET/HIDRO.,7 V.SAN./2 LAV./2 MIC | E27: UNXMES | F27: 13 | G27: 1850 | H27: 2306.21 | I27: 29980.73 | J27: =$I$626 -> 0 | K27: =I27-(I27*J27) -> 29980.73
A28: 3.5 | B28: 012095 | C28: SBC | D28: CONTAINER REFEITORIO 12.12x2,44x2.57 C/5 MESAS/BANCOS/PIA | E28: MES | F28: 13 | G28: 3264 | H28: 4068.9 | I28: 52895.7 | J28: =$I$626 -> 0 | K28: =I28-(I28*J28) -> 52895.7
A29: 3.6 | B29: 061042 | C29: SBC | D29: ENTRADA ENERGIA BAIXA TENSAO COM MEDIDOR | E29: UN | F29: 1 | G29: 3156.75 | H29: 3935.2 | I29: 3935.2 | J29: =$I$626 -> 0 | K29: =I29-(I29*J29) -> 3935.2
A30: 3.7 | B30: COMP-81429 | C30: Próprio | D30: LIGAÇÃO PROVISÓRIA DE ÁGUA E ESGOTO | E30: UN | F30: 1 | G30: 2636.95 | H30: 3287.22 | I30: 3287.22 | J30: =$I$626 -> 0 | K30: =I30-(I30*J30) -> 3287.22
A31: 3.8 | B31: 97063 | C31: SINAPI | D31: MONTAGEM E DESMONTAGEM DE ANDAIME MODULAR FACHADEIRO, COM PISO METÁLICO, PARA EDIFÍCIOS COM MULTIPLOS PAVIMENTOS (EXCLUSIVE ANDAIME E LIMPEZA). AF_03/2024 | E31: m² | F31: 840 | G31: 27.83 | H31: 34.69 | I31: 29139.6 | J31: =$I$626 -> 0 | K31: =I31-(I31*J31) -> 29139.6
A32: 3.9 | B32: COM-40772 | C32: Próprio | D32: LOCACAO DE ANDAIME METALICO TIPO FACHADEIRO, PECAS COM APROXIMADAMENTE 1,20 M DE LARGURA E 2,0 M DE ALTURA, INCLUINDO DIAGONAIS EM X, BARRAS DE LIGACAO, SAPATAS E DEMAIS ITENS NECESSARIOS A MONTAGEM. INCLUSIVE MONTAGEM E DESMONTAGEM | E32: un | F32: 1680 | G32: 29.45 | H32: 36.71 | I32: 61672.8 | J32: =$I$626 -> 0 | K32: =I32-(I32*J32) -> 61672.8
A33: 3.10 | B33: 97064 | C33: SINAPI | D33: MONTAGEM E DESMONTAGEM DE ANDAIME TUBULAR TIPO "TORRE" (EXCLUSIVE ANDAIME E LIMPEZA). AF_03/2024 | E33: M | F33: 13 | G33: 38.42 | H33: 47.89 | I33: 622.57 | J33: =$I$626 -> 0 | K33: =I33-(I33*J33) -> 622.57
A34: 3.11 | B34: COMP-3043 | C34: Próprio | D34: ALUGUEL MENSAL ANDAIME TUBULAR TIPO TORRE | E34: MXMES | F34: 26 | G34: 806.2 | H34: 1005 | I34: 26130 | J34: =$I$626 -> 0 | K34: =I34-(I34*J34) -> 26130
A35: 3.12 | B35: 04.014.0095-0 | C35: EMOP | D35: RETIRADA DE ENTULHO DE OBRA COM CACAMBA DE ACO TIPO CONTAINE R COM 5M3 DE CAPACIDADE,INCLUSIVE CARREGAMENTO,TRANSPORTE E DESCARREGAMENTO.CUSTO POR UNIDADE DE CACAMBA E INCLUI A TAX A PARA DESCARGA EM LOCAIS AUTORIZADOS GOS SOCIAIS ENTULHO OBRA,INCL.CARREGA.,TRANSP.E DESCAR.LOCAIS AUTORIZ. | E35: UN | F35: 40 | G35: 363.16 | H35: 452.71 | I35: 18108.4 | J35: =$I$626 -> 0 | K35: =I35-(I35*J35) -> 18108.4
A36: 4 | D36: MOVIMENTO DE TERRA | F36: 1 | H36: 47272.53 | I36: 47272.53 | K36: =SUM(K37:K41) -> 47272.53
A37: 4.1 | B37: 101114 | C37: SINAPI | D37: ESCAVAÇÃO HORIZONTAL EM SOLO DE 1A CATEGORIA COM TRATOR DE ESTEIRAS (100HP/LÂMINA: 2,19M3). AF_07/2020 | E37: m³ | F37: 419.38 | G37: 5.04 | H37: 6.28 | I37: 2633.7 | J37: =$I$626 -> 0 | K37: =I37-(I37*J37) -> 2633.7
A38: 4.2 | B38: 100974 | C38: SINAPI | D38: CARGA, MANOBRA E DESCARGA DE SOLOS E MATERIAIS GRANULARES EM CAMINHÃO BASCULANTE 10 M³ - CARGA COM PÁ CARREGADEIRA (CAÇAMBA DE 1,7 A 2,8 M³ / 128 HP) E DESCARGA LIVRE (UNIDADE: M3). AF_07/2020 | E38: m³ | F38: 502.05 | G38: 9.67 | H38: 12.05 | I38: 6049.7 | J38: =$I$626 -> 0 | K38: =I38-(I38*J38) -> 6049.7
A39: 4.3 | B39: 96385 | C39: SINAPI | D39: EXECUÇÃO E COMPACTAÇÃO DE CORPO DE ATERRO DE ATERRO (95% DE ENERGIA DO PROCTOR NORMAL) COM SOLO PREDOMINANTEMENTE ARGILOSO ESPESSURA 15 CM - EXCLUSIVE MATERIAL, ESCAVAÇÃO, CARGA E TRANSPORTE. AF_09/2024 | E39: m³ | F39: 335.4 | G39: 14.14 | H39: 17.62 | I39: 5909.74 | J39: =$I$626 -> 0 | K39: =I39-(I39*J39) -> 5909.74
A40: 4.4 | B40: 93590 | C40: SINAPI | D40: TRANSPORTE COM CAMINHÃO BASCULANTE DE 10 M³, EM VIA URBANA PAVIMENTADA, ADICIONAL PARA DMT EXCEDENTE A 30 KM (UNIDADE: M3XKM). AF_07/2020 | E40: M3XKM | F40: 10041.72 | G40: 1.08 | H40: 1.34 | I40: 13455.9 | J40: =$I$626 -> 0 | K40: =I40-(I40*J40) -> 13455.9
A41: 4.5 | B41: COMP-3047 | C41: Próprio | D41: Descarte de solo em aterro legalizado | E41: m³ | F41: 502.05 | G41: 30.72 | H41: 38.29 | I41: 19223.49 | J41: =$I$626 -> 0 | K41: =I41-(I41*J41) -> 19223.49
A42: 5 | D42: INFRAESTRUTURA: FUNDAÇÕES SIMPLES (OU DIRETAS) | F42: 1 | H42: 287021.81 | I42: 287021.81 | K42: =SUM(K43+K56) -> 287021.81
A43: 5.1 | D43: BLOCO DE COROAMENTO E SAPATA | F43: 1 | H43: 268782.03 | I43: 268782.03 | K43: =SUM(K44:K55) -> 268782.03
A44: 5.1.1 | B44: 96523 | C44: SINAPI | D44: ESCAVAÇÃO MANUAL PARA BLOCO DE COROAMENTO OU SAPATA (INCLUINDO ESCAVAÇÃO PARA COLOCAÇÃO DE FÔRMAS). AF_01/2024 | E44: m³ | F44: 283.16 | G44: 126.82 | H44: 158.09 | I44: 44764.76 | J44: =$I$626 -> 0 | K44: =I44-(I44*J44) -> 44764.76
A45: 5.1.2 | B45: 96529 | C45: SINAPI | D45: FABRICAÇÃO, MONTAGEM E DESMONTAGEM DE FÔRMA PARA SAPATA, EM MADEIRA SERRADA, E=25 MM, 1 UTILIZAÇÃO. AF_01/2024 | E45: m² | F45: 148.91 | G45: 316.77 | H45: 394.88 | I45: 58801.58 | J45: =$I$626 -> 0 | K45: =I45-(I45*J45) -> 58801.58
A46: 5.1.3 | B46: 96528 | C46: SINAPI | D46: FABRICAÇÃO, MONTAGEM E DESMONTAGEM DE FÔRMA PARA BLOCO DE COROAMENTO, EM MADEIRA SERRADA, E=25 MM, 1 UTILIZAÇÃO. AF_01/2024 | E46: m² | F46: 53.11 | G46: 184.31 | H46: 229.76 | I46: 12202.55 | J46: =$I$626 -> 0 | K46: =I46-(I46*J46) -> 12202.55
A47: 5.1.4 | B47: 96543 | C47: SINAPI | D47: ARMAÇÃO DE BLOCO UTILIZANDO AÇO CA-60 DE 5 MM - MONTAGEM. AF_01/2024 | E47: KG | F47: 10 | G47: 23.72 | H47: 29.56 | I47: 295.6 | J47: =$I$626 -> 0 | K47: =I47-(I47*J47) -> 295.6
A48: 5.1.5 | B48: 96546 | C48: SINAPI | D48: ARMAÇÃO DE BLOCO UTILIZANDO AÇO CA-50 DE 10 MM - MONTAGEM. AF_01/2024 | E48: KG | F48: 41 | G48: 15.92 | H48: 19.84 | I48: 813.44 | J48: =$I$626 -> 0 | K48: =I48-(I48*J48) -> 813.44
A49: 5.1.6 | B49: 104916 | C49: SINAPI | D49: ARMAÇÃO DE SAPATA ISOLADA, VIGA BALDRAME E SAPATA CORRIDA UTILIZANDO AÇO CA-60 DE 5 MM - MONTAGEM. AF_01/2024 | E49: KG | F49: 27 | G49: 19.57 | H49: 24.39 | I49: 658.53 | J49: =$I$626 -> 0 | K49: =I49-(I49*J49) -> 658.53
A50: 5.1.7 | B50: 104918 | C50: SINAPI | D50: ARMAÇÃO DE SAPATA ISOLADA, VIGA BALDRAME E SAPATA CORRIDA UTILIZANDO AÇO CA-50 DE 8 MM - MONTAGEM. AF_01/2024 | E50: KG | F50: 2 | G50: 16.14 | H50: 20.12 | I50: 40.24 | J50: =$I$626 -> 0 | K50: =I50-(I50*J50) -> 40.24
A51: 5.1.8 | B51: 104919 | C51: SINAPI | D51: ARMAÇÃO DE SAPATA ISOLADA, VIGA BALDRAME E SAPATA CORRIDA UTILIZANDO AÇO CA-50 DE 10 MM - MONTAGEM. AF_01/2024 | E51: KG | F51: 1584 | G51: 14.25 | H51: 17.76 | I51: 28131.84 | J51: =$I$626 -> 0 | K51: =I51-(I51*J51) -> 28131.84
A52: 5.1.9 | B52: 104920 | C52: SINAPI | D52: ARMAÇÃO DE BLOCO, SAPATA ISOLADA, VIGA BALDRAME E SAPATA CORRIDA UTILIZANDO AÇO CA-50 DE 12,5 MM - MONTAGEM. AF_01/2024 | E52: KG | F52: 1437 | G52: 12.01 | H52: 14.97 | I52: 21511.89 | J52: =$I$626 -> 0 | K52: =I52-(I52*J52) -> 21511.89
A53: 5.1.10 | B53: 104921 | C53: SINAPI | D53: ARMAÇÃO DE BLOCO, SAPATA ISOLADA, VIGA BALDRAME E SAPATA CORRIDA UTILIZANDO AÇO CA-50 DE 16 MM - MONTAGEM. AF_01/2024 | E53: KG | F53: 930 | G53: 11.17 | H53: 13.92 | I53: 12945.6 | J53: =$I$626 -> 0 | K53: =I53-(I53*J53) -> 12945.6
A54: 5.1.11 | B54: 96558 | C54: SINAPI | D54: CONCRETAGEM DE SAPATA, FCK 30 MPA, COM USO DE BOMBA - LANÇAMENTO, ADENSAMENTO E ACABAMENTO. AF_01/2024 | E54: m³ | F54: 64.69 | G54: 756.52 | H54: 943.07 | I54: 61007.19 | J54: =$I$626 -> 0 | K54: =I54-(I54*J54) -> 61007.19
A55: 5.1.12 | B55: 96557 | C55: SINAPI | D55: CONCRETAGEM DE BLOCO DE COROAMENTO OU VIGA BALDRAME, FCK 30 MPA, COM USO DE BOMBA - LANÇAMENTO, ADENSAMENTO E ACABAMENTO. AF_01/2024 | E55: m³ | F55: 30.8 | G55: 719.07 | H55: 896.39 | I55: 27608.81 | J55: =$I$626 -> 0 | K55: =I55-(I55*J55) -> 27608.81
A56: 5.2 | D56: VIGA DE EQUILÍBRIO/BALDRAME | F56: 1 | H56: 18239.78 | I56: 18239.78 | K56: =SUM(K57:K62) -> 18239.78
A57: 5.2.1 | B57: 96527 | C57: SINAPI | D57: ESCAVAÇÃO MANUAL PARA VIGA BALDRAME OU SAPATA CORRIDA (INCLUINDO ESCAVAÇÃO PARA COLOCAÇÃO DE FÔRMAS). AF_01/2024 | E57: m³ | F57: 4.932 | G57: 139.56 | H57: 173.97 | I57: 858.02 | J57: =$I$626 -> 0 | K57: =I57-(I57*J57) -> 858.02
A58: 5.2.2 | B58: 96536 | C58: SINAPI | D58: FABRICAÇÃO, MONTAGEM E DESMONTAGEM DE FÔRMA PARA VIGA BALDRAME, EM MADEIRA SERRADA, E=25 MM, 4 UTILIZAÇÕES. AF_01/2024 | E58: m² | F58: 25.99 | G58: 83.04 | H58: 103.51 | I58: 2690.22 | J58: =$I$626 -> 0 | K58: =I58-(I58*J58) -> 2690.22
A59: 5.2.3 | B59: 104919 | C59: SINAPI | D59: ARMAÇÃO DE SAPATA ISOLADA, VIGA BALDRAME E SAPATA CORRIDA UTILIZANDO AÇO CA-50 DE 10 MM - MONTAGEM. AF_01/2024 | E59: KG | F59: 131 | G59: 14.25 | H59: 17.76 | I59: 2326.56 | J59: =$I$626 -> 0 | K59: =I59-(I59*J59) -> 2326.56
A60: 5.2.4 | B60: 104920 | C60: SINAPI | D60: ARMAÇÃO DE BLOCO, SAPATA ISOLADA, VIGA BALDRAME E SAPATA CORRIDA UTILIZANDO AÇO CA-50 DE 12,5 MM - MONTAGEM. AF_01/2024 | E60: KG | F60: 72 | G60: 12.01 | H60: 14.97 | I60: 1077.84 | J60: =$I$626 -> 0 | K60: =I60-(I60*J60) -> 1077.84
A61: 5.2.5 | B61: 104921 | C61: SINAPI | D61: ARMAÇÃO DE BLOCO, SAPATA ISOLADA, VIGA BALDRAME E SAPATA CORRIDA UTILIZANDO AÇO CA-50 DE 16 MM - MONTAGEM. AF_01/2024 | E61: KG | F61: 476 | G61: 11.17 | H61: 13.92 | I61: 6625.92 | J61: =$I$626 -> 0 | K61: =I61-(I61*J61) -> 6625.92
A62: 5.2.6 | B62: 96557 | C62: SINAPI | D62: CONCRETAGEM DE BLOCO DE COROAMENTO OU VIGA BALDRAME, FCK 30 MPA, COM USO DE BOMBA - LANÇAMENTO, ADENSAMENTO E ACABAMENTO. AF_01/2024 | E62: m³ | F62: 5.2 | G62: 719.07 | H62: 896.39 | I62: 4661.22 | J62: =$I$626 -> 0 | K62: =I62-(I62*J62) -> 4661.22
A63: 6 | D63: INFRAESTRUTURA: FUNDAÇÕES ESPECIAIS (OU INDIRETAS) | F63: 1 | H63: 105691.68 | I63: 105691.68 | K63: =SUM(K64:K66) -> 105691.68
A64: 6.1 | B64: 10.003.0080-A | C64: EMOP | D64: ESTACA DE CONCRETO ARMADO,MOLDADA NO TERRENO,TIPO HELICE CON TINUA,DIAMETRO DE 400MM,CAPACIDADE DE CARGA DE 60T A 80T,INC LUSIVE FORNECIMENTO DOS MATERIAIS CONSIDERANDO O TRECHO CRAV ADO E CONCRETADO GOS SOCIAIS DESONERADOS GOS SOCIAIS DESONERADOS | E64: M | F64: 180 | G64: 439.05 | H64: 547.31 | I64: 98515.8 | J64: =$I$626 -> 0 | K64: =I64-(I64*J64) -> 98515.8
A65: 6.2 | B65: 95602 | C65: SINAPI | D65: ARRASAMENTO MECANICO DE ESTACA DE CONCRETO ARMADO, DIAMETROS DE 41 CM A 60 CM. AF_05/2021 | E65: UN | F65: 12 | G65: 39.7 | H65: 49.49 | I65: 593.88 | J65: =$I$626 -> 0 | K65: =I65-(I65*J65) -> 593.88
A66: 6.3 | B66: COMP-3042 | C66: Próprio | D66: ENSAIO DE INTEGRIDADE DAS ESTACAS PIT | E66: un | F66: 12 | G66: 440 | H66: 548.5 | I66: 6582 | J66: =$I$626 -> 0 | K66: =I66-(I66*J66) -> 6582
A67: 7 | D67: SUPERESTRUTURA | F67: 1 | H67: 1104984.1 | I67: 1104984.1 | K67: =K68+K77+K86+K97+K107 -> 1104984.1
A68: 7.1 | D68: PILAR | F68: 1 | H68: 157306.34 | I68: 157306.34 | K68: =SUM(K69:K76) -> 157306.34
A69: 7.1.1 | B69: 92413 | C69: SINAPI | D69: MONTAGEM E DESMONTAGEM DE FÔRMA DE PILARES RETANGULARES E ESTRUTURAS SIMILARES, PÉ-DIREITO SIMPLES, EM MADEIRA SERRADA, 4 UTILIZAÇÕES. AF_09/2020 | E69: m² | F69: 381.56 | G69: 129.51 | H69: 161.44 | I69: 61599.04 | J69: =$I$626 -> 0 | K69: =I69-(I69*J69) -> 61599.04
A70: 7.1.2 | B70: 92759 | C70: SINAPI | D70: ARMAÇÃO DE PILAR OU VIGA DE ESTRUTURA CONVENCIONAL DE CONCRETO ARMADO UTILIZANDO AÇO CA-60 DE 5,0 MM - MONTAGEM. AF_06/2022 | E70: KG | F70: 583 | G70: 16.13 | H70: 20.1 | I70: 11718.3 | J70: =$I$626 -> 0 | K70: =I70-(I70*J70) -> 11718.3
A71: 7.1.3 | B71: 92760 | C71: SINAPI | D71: ARMAÇÃO DE PILAR OU VIGA DE ESTRUTURA CONVENCIONAL DE CONCRETO ARMADO UTILIZANDO AÇO CA-50 DE 6,3 MM - MONTAGEM. AF_06/2022 | E71: KG | F71: 321 | G71: 14.82 | H71: 18.47 | I71: 5928.87 | J71: =$I$626 -> 0 | K71: =I71-(I71*J71) -> 5928.87
A72: 7.1.4 | B72: 92761 | C72: SINAPI | D72: ARMAÇÃO DE PILAR OU VIGA DE ESTRUTURA CONVENCIONAL DE CONCRETO ARMADO UTILIZANDO AÇO CA-50 DE 8,0 MM - MONTAGEM. AF_06/2022 | E72: KG | F72: 39 | G72: 13.64 | H72: 17 | I72: 663 | J72: =$I$626 -> 0 | K72: =I72-(I72*J72) -> 663
A73: 7.1.5 | B73: 92762 | C73: SINAPI | D73: ARMAÇÃO DE PILAR OU VIGA DE ESTRUTURA CONVENCIONAL DE CONCRETO ARMADO UTILIZANDO AÇO CA-50 DE 10,0 MM - MONTAGEM. AF_06/2022 | E73: KG | F73: 747 | G73: 12.03 | H73: 14.99 | I73: 11197.53 | J73: =$I$626 -> 0 | K73: =I73-(I73*J73) -> 11197.53
A74: 7.1.6 | B74: 92763 | C74: SINAPI | D74: ARMAÇÃO DE PILAR OU VIGA DE ESTRUTURA CONVENCIONAL DE CONCRETO ARMADO UTILIZANDO AÇO CA-50 DE 12,5 MM - MONTAGEM. AF_06/2022 | E74: KG | F74: 1979.9 | G74: 10.02 | H74: 12.49 | I74: 24728.95 | J74: =$I$626 -> 0 | K74: =I74-(I74*J74) -> 24728.95
A75: 7.1.7 | B75: 92764 | C75: SINAPI | D75: ARMAÇÃO DE PILAR OU VIGA DE ESTRUTURA CONVENCIONAL DE CONCRETO ARMADO UTILIZANDO AÇO CA-50 DE 16,0 MM - MONTAGEM. AF_06/2022 | E75: KG | F75: 1730 | G75: 9.61 | H75: 11.97 | I75: 20708.1 | J75: =$I$626 -> 0 | K75: =I75-(I75*J75) -> 20708.1
A76: 7.1.8 | B76: 103672 | C76: SINAPI | D76: CONCRETAGEM DE PILARES, FCK = 25 MPA, COM USO DE BOMBA - LANÇAMENTO, ADENSAMENTO E ACABAMENTO. AF_02/2022_PS | E76: m³ | F76: 25.31 | G76: 658.06 | H76: 820.33 | I76: 20762.55 | J76: =$I$626 -> 0 | K76: =I76-(I76*J76) -> 20762.55
A77: 7.2 | D77: VIGA | F77: 1 | H77: 255494.29 | I77: 255494.29 | K77: =SUM(K78:K85) -> 255494.29
A78: 7.2.1 | B78: 92455 | C78: SINAPI | D78: MONTAGEM E DESMONTAGEM DE FÔRMA DE VIGA, ESCORAMENTO COM GARFO DE MADEIRA, PÉ-DIREITO SIMPLES, EM CHAPA DE MADEIRA RESINADA, 4 UTILIZAÇÕES. AF_09/2020 | E78: m² | F78: 444.1 | G78: 175.44 | H78: 218.7 | I78: 97124.67 | J78: =$I$626 -> 0 | K78: =I78-(I78*J78) -> 97124.67
A79: 7.2.2 | B79: 92759 | C79: SINAPI | D79: ARMAÇÃO DE PILAR OU VIGA DE ESTRUTURA CONVENCIONAL DE CONCRETO ARMADO UTILIZANDO AÇO CA-60 DE 5,0 MM - MONTAGEM. AF_06/2022 | E79: KG | F79: 857.2 | G79: 16.13 | H79: 20.1 | I79: 17229.72 | J79: =$I$626 -> 0 | K79: =I79-(I79*J79) -> 17229.72
A80: 7.2.3 | B80: 92760 | C80: SINAPI | D80: ARMAÇÃO DE PILAR OU VIGA DE ESTRUTURA CONVENCIONAL DE CONCRETO ARMADO UTILIZANDO AÇO CA-50 DE 6,3 MM - MONTAGEM. AF_06/2022 | E80: KG | F80: 2007.1 | G80: 14.82 | H80: 18.47 | I80: 37071.13 | J80: =$I$626 -> 0 | K80: =I80-(I80*J80) -> 37071.13
A81: 7.2.4 | B81: 92761 | C81: SINAPI | D81: ARMAÇÃO DE PILAR OU VIGA DE ESTRUTURA CONVENCIONAL DE CONCRETO ARMADO UTILIZANDO AÇO CA-50 DE 8,0 MM - MONTAGEM. AF_06/2022 | E81: KG | F81: 141 | G81: 13.64 | H81: 17 | I81: 2397 | J81: =$I$626 -> 0 | K81: =I81-(I81*J81) -> 2397
A82: 7.2.5 | B82: 92762 | C82: SINAPI | D82: ARMAÇÃO DE PILAR OU VIGA DE ESTRUTURA CONVENCIONAL DE CONCRETO ARMADO UTILIZANDO AÇO CA-50 DE 10,0 MM - MONTAGEM. AF_06/2022 | E82: KG | F82: 1970 | G82: 12.03 | H82: 14.99 | I82: 29530.3 | J82: =$I$626 -> 0 | K82: =I82-(I82*J82) -> 29530.3
A83: 7.2.6 | B83: 92763 | C83: SINAPI | D83: ARMAÇÃO DE PILAR OU VIGA DE ESTRUTURA CONVENCIONAL DE CONCRETO ARMADO UTILIZANDO AÇO CA-50 DE 12,5 MM - MONTAGEM. AF_06/2022 | E83: KG | F83: 1134.3 | G83: 10.02 | H83: 12.49 | I83: 14167.4 | J83: =$I$626 -> 0 | K83: =I83-(I83*J83) -> 14167.4
A84: 7.2.7 | B84: 92764 | C84: SINAPI | D84: ARMAÇÃO DE PILAR OU VIGA DE ESTRUTURA CONVENCIONAL DE CONCRETO ARMADO UTILIZANDO AÇO CA-50 DE 16,0 MM - MONTAGEM. AF_06/2022 | E84: KG | F84: 3670.8 | G84: 9.61 | H84: 11.97 | I84: 43939.47 | J84: =$I$626 -> 0 | K84: =I84-(I84*J84) -> 43939.47
A85: 7.2.8 | B85: 92765 | C85: SINAPI | D85: ARMAÇÃO DE PILAR OU VIGA DE ESTRUTURA CONVENCIONAL DE CONCRETO ARMADO UTILIZANDO AÇO CA-50 DE 20,0 MM - MONTAGEM. AF_06/2022 | E85: KG | F85: 1035 | G85: 10.88 | H85: 13.56 | I85: 14034.6 | J85: =$I$626 -> 0 | K85: =I85-(I85*J85) -> 14034.6
A86: 7.3 | D86: LAJE | F86: 1 | H86: 408923.91 | I86: 408923.91 | K86: =SUM(K87:K96) -> 408923.91
A87: 7.3.1 | B87: 92510 | C87: SINAPI | D87: MONTAGEM E DESMONTAGEM DE FÔRMA DE LAJE MACIÇA, PÉ-DIREITO SIMPLES, EM CHAPA DE MADEIRA COMPENSADA RESINADA, 2 UTILIZAÇÕES. AF_09/2020 | E87: m² | F87: 157.24 | G87: 73.76 | H87: 91.94 | I87: 14456.64 | J87: =$I$626 -> 0 | K87: =I87-(I87*J87) -> 14456.64
A88: 7.3.2 | B88: 92768 | C88: SINAPI | D88: ARMAÇÃO DE LAJE DE ESTRUTURA CONVENCIONAL DE CONCRETO ARMADO UTILIZANDO AÇO CA-60 DE 5,0 MM - MONTAGEM. AF_06/2022 | E88: KG | F88: 847.5 | G88: 15.37 | H88: 19.16 | I88: 16238.1 | J88: =$I$626 -> 0 | K88: =I88-(I88*J88) -> 16238.1
A89: 7.3.3 | B89: 92769 | C89: SINAPI | D89: ARMAÇÃO DE LAJE DE ESTRUTURA CONVENCIONAL DE CONCRETO ARMADO UTILIZANDO AÇO CA-50 DE 6,3 MM - MONTAGEM. AF_06/2022 | E89: KG | F89: 508 | G89: 14.11 | H89: 17.58 | I89: 8930.64 | J89: =$I$626 -> 0 | K89: =I89-(I89*J89) -> 8930.64
A90: 7.3.4 | B90: 92770 | C90: SINAPI | D90: ARMAÇÃO DE LAJE DE ESTRUTURA CONVENCIONAL DE CONCRETO ARMADO UTILIZANDO AÇO CA-50 DE 8,0 MM - MONTAGEM. AF_06/2022 | E90: KG | F90: 129 | G90: 12.99 | H90: 16.19 | I90: 2088.51 | J90: =$I$626 -> 0 | K90: =I90-(I90*J90) -> 2088.51
A91: 7.3.5 | B91: 92771 | C91: SINAPI | D91: ARMAÇÃO DE LAJE DE ESTRUTURA CONVENCIONAL DE CONCRETO ARMADO UTILIZANDO AÇO CA-50 DE 10,0 MM - MONTAGEM. AF_06/2022 | E91: KG | F91: 2048 | G91: 11.45 | H91: 14.27 | I91: 29224.96 | J91: =$I$626 -> 0 | K91: =I91-(I91*J91) -> 29224.96
A92: 7.3.6 | B92: 92772 | C92: SINAPI | D92: ARMAÇÃO DE LAJE DE ESTRUTURA CONVENCIONAL DE CONCRETO ARMADO UTILIZANDO AÇO CA-50 DE 12,5 MM - MONTAGEM. AF_06/2022 | E92: KG | F92: 4619 | G92: 9.5 | H92: 11.84 | I92: 54688.96 | J92: =$I$626 -> 0 | K92: =I92-(I92*J92) -> 54688.96
A93: 7.3.7 | B93: 92773 | C93: SINAPI | D93: ARMAÇÃO DE LAJE DE ESTRUTURA CONVENCIONAL DE CONCRETO ARMADO UTILIZANDO AÇO CA-50 DE 16,0 MM - MONTAGEM. AF_06/2022 | E93: KG | F93: 43 | G93: 9.28 | H93: 11.56 | I93: 497.08 | J93: =$I$626 -> 0 | K93: =I93-(I93*J93) -> 497.08
A94: 7.3.8 | B94: 101963 | C94: SINAPI | D94: LAJE PRÉ-MOLDADA UNIDIRECIONAL, BIAPOIADA, PARA PISO, ENCHIMENTO EM CERÂMICA, VIGOTA CONVENCIONAL, ALTURA TOTAL DA LAJE "LT" = 12 CM (ENCHIMENTO+CAPA) = (8+4). AF_08/2025 | E94: m² | F94: 53.41 | G94: 213.63 | H94: 266.31 | I94: 14223.61 | J94: =$I$626 -> 0 | K94: =I94-(I94*J94) -> 14223.61
A95: 7.3.9 | B95: 92490 | C95: SINAPI | D95: MONTAGEM E DESMONTAGEM DE FÔRMA DE LAJE NERVURADA COM CUBETA E ASSOALHO, PÉ-DIREITO SIMPLES, EM CHAPA DE MADEIRA COMPENSADA RESINADA, 8 UTILIZAÇÕES. AF_09/2020 | E95: m² | F95: 652.15 | G95: 86.86 | H95: 108.27 | I95: 70608.28 | J95: =$I$626 -> 0 | K95: =I95-(I95*J95) -> 70608.28
A96: 7.3.10 | B96: 103675 | C96: SINAPI | D96: CONCRETAGEM DE VIGAS E LAJES, FCK=25 MPA, PARA LAJES MACIÇAS OU NERVURADAS COM USO DE BOMBA - LANÇAMENTO, ADENSAMENTO E ACABAMENTO. AF_02/2022_PS | E96: m³ | F96: 241.05 | G96: 658.81 | H96: 821.27 | I96: 197967.13 | J96: =$I$626 -> 0 | K96: =I96-(I96*J96) -> 197967.13
A97: 7.4 | D97: ESCADA | F97: 1 | H97: 20941.9 | I97: 20941.9 | K97: =SUM(K98:K106) -> 20941.9
A98: 7.4.1 | B98: 102040 | C98: SINAPI | D98: MONTAGEM E DESMONTAGEM DE FÔRMA PARA ESCADAS, COM 1 LANCE E LAJE PLANA, EM MADEIRA SERRADA, 2 UTILIZAÇÕES. AF_11/2020 | E98: m² | F98: 1.55 | G98: 511.61 | H98: 637.77 | I98: 988.54 | J98: =$I$626 -> 0 | K98: =I98-(I98*J98) -> 988.54
A99: 7.4.2 | B99: 95943 | C99: SINAPI | D99: ARMAÇÃO DE ESCADA, DE UMA ESTRUTURA CONVENCIONAL DE CONCRETO ARMADO UTILIZANDO AÇO CA-60 DE 5,0 MM - MONTAGEM. AF_11/2020 | E99: KG | F99: 12 | G99: 26.62 | H99: 33.18 | I99: 398.16 | J99: =$I$626 -> 0 | K99: =I99-(I99*J99) -> 398.16
A100: 7.4.3 | B100: 95944 | C100: SINAPI | D100: ARMAÇÃO DE ESCADA, DE UMA ESTRUTURA CONVENCIONAL DE CONCRETO ARMADO UTILIZANDO AÇO CA-50 DE 6,3 MM - MONTAGEM. AF_11/2020 | E100: KG | F100: 10 | G100: 23.65 | H100: 29.48 | I100: 294.8 | J100: =$I$626 -> 0 | K100: =I100-(I100*J100) -> 294.8
A101: 7.4.4 | B101: 95945 | C101: SINAPI | D101: ARMAÇÃO DE ESCADA, DE UMA ESTRUTURA CONVENCIONAL DE CONCRETO ARMADO UTILIZANDO AÇO CA-50 DE 8,0 MM - MONTAGEM. AF_11/2020 | E101: KG | F101: 105 | G101: 18.46 | H101: 23.01 | I101: 2416.05 | J101: =$I$626 -> 0 | K101: =I101-(I101*J101) -> 2416.05
A102: 7.4.5 | B102: 95946 | C102: SINAPI | D102: ARMAÇÃO DE ESCADA, DE UMA ESTRUTURA CONVENCIONAL DE CONCRETO ARMADO UTILIZANDO AÇO CA-50 DE 10,0 MM - MONTAGEM. AF_11/2020 | E102: KG | F102: 321 | G102: 14.24 | H102: 17.75 | I102: 5697.75 | J102: =$I$626 -> 0 | K102: =I102-(I102*J102) -> 5697.75
A103: 7.4.6 | B103: 95947 | C103: SINAPI | D103: ARMAÇÃO DE ESCADA, DE UMA ESTRUTURA CONVENCIONAL DE CONCRETO ARMADO UTILIZANDO AÇO CA-50 DE 12,5 MM - MONTAGEM. AF_11/2020 | E103: KG | F103: 414 | G103: 10.67 | H103: 13.3 | I103: 5506.2 | J103: =$I$626 -> 0 | K103: =I103-(I103*J103) -> 5506.2
A104: 7.4.7 | B104: 103686 | C104: SINAPI | D104: CONCRETAGEM DE ESCADAS, FCK=25 MPA, COM USO DE BOMBA - LANÇAMENTO, ADENSAMENTO E ACABAMENTO. AF_02/2022_PS | E104: m³ | F104: 0.25 | G104: 746.33 | H104: 930.37 | I104: 232.59 | J104: =$I$626 -> 0 | K104: =I104-(I104*J104) -> 232.59
A105: 7.4.8 | B105: 92510 | C105: SINAPI | D105: MONTAGEM E DESMONTAGEM DE FÔRMA DE LAJE MACIÇA, PÉ-DIREITO SIMPLES, EM CHAPA DE MADEIRA COMPENSADA RESINADA, 2 UTILIZAÇÕES. AF_09/2020 | E105: m² | F105: 28.18 | G105: 73.76 | H105: 91.94 | I105: 2590.86 | J105: =$I$626 -> 0 | K105: =I105-(I105*J105) -> 2590.86
A106: 7.4.9 | B106: 103675 | C106: SINAPI | D106: CONCRETAGEM DE VIGAS E LAJES, FCK=25 MPA, PARA LAJES MACIÇAS OU NERVURADAS COM USO DE BOMBA - LANÇAMENTO, ADENSAMENTO E ACABAMENTO. AF_02/2022_PS | E106: m³ | F106: 3.43 | G106: 658.81 | H106: 821.27 | I106: 2816.95 | J106: =$I$626 -> 0 | K106: =I106-(I106*J106) -> 2816.95
A107: 7.5 | D107: ALVENARIA ESTRUTURAL | F107: 1 | H107: 262317.69 | I107: 262317.69 | K107: =SUM(K108:K112) -> 262317.69
A108: 7.5.1 | B108: 89996 | C108: SINAPI | D108: ARMAÇÃO VERTICAL DE ALVENARIA ESTRUTURAL; DIÂMETRO DE 10,0 MM. AF_09/2021 | E108: KG | F108: 91 | G108: 11.94 | H108: 14.88 | I108: 1354.08 | J108: =$I$626 -> 0 | K108: =I108-(I108*J108) -> 1354.08
A109: 7.5.2 | B109: 102920 | C109: SINAPI | D109: ARMAÇÃO DE CINTA DE ALVENARIA ESTRUTURAL; DIÂMETRO DE 12,5 MM. AF_09/2021 | E109: KG | F109: 54 | G109: 9.1 | H109: 11.34 | I109: 612.36 | J109: =$I$626 -> 0 | K109: =I109-(I109*J109) -> 612.36
A110: 7.5.3 | B110: 89453 | C110: SINAPI | D110: ALVENARIA DE BLOCOS DE CONCRETO ESTRUTURAL 14X19X39 CM (ESPESSURA 14 CM), FBK = 4,5 MPA, UTILIZANDO PALHETA. AF_10/2022 | E110: m² | F110: 56.62 | G110: 86.45 | H110: 107.76 | I110: 6101.37 | J110: =$I$626 -> 0 | K110: =I110-(I110*J110) -> 6101.37
...

Sheet FisicoFinanceiro
A11: PLANILHA DE CRONOGRAMA FÍSICO-FINANCEIRO
A12: =Planilha!A12 -> UFF- CAMPUS NITERÓI | E12: =Planilha!E12 -> AUTOR: | H12: =Planilha!H12 -> FUNÇÃO:
A13: =Planilha!A13 -> LOCAL: RUA VERA CRISPINO DE FREITAS, 190-2 - BOA VIAGEM, NITERÓI-RJ | E13: =Planilha!E13 -> PROCESSO: | H13: =Planilha!H13 -> ART/RRT:
A14: =Planilha!A14 -> NOME DA OBRA: AGÊNCIA DE INOVAÇÃO DA UFF | E14: =Planilha!E14 -> BDI | F14: =Planilha!F14 -> BDI EQUIP. | G14: =Planilha!G14 -> SIAPE | H14: =Planilha!H14 -> DATA | I14: =Planilha!I14 -> REVISÃO
A15: =Planilha!A15 -> BASE DE DADOS: SINAPI/2025.7 - EMOP/2025.7 - SCO/2025.7 - SBC/2025.7 | E15: =Planilha!E15 -> 0.24657 | F15: =Planilha!F15 -> 0 | G15: =Planilha!G15 -> 0000000 | H15: =Planilha!H15 -> 45957 | I15: =Planilha!I15 -> R03
A16: CRONOGRAMA FÍSICO-FINANCEIRO
A17: ITEM | B17: DESCRIÇÃO | C17: VALOR (R$) | D17: MÊS 1 | E17: MÊS 2 | F17: MÊS 3 | G17: MÊS 4 | H17: MÊS 5 | J17: MÊS 6 | K17: MÊS 7 | L17: MÊS 8 | M17: MÊS 9 | N17: MÊS 10 | O17: MÊS 11 | P17: MÊS 12 | Q17: MÊS 13 | R17: Total parcela
A18: 1 | B18: GERENCIAMENTO DE OBRAS / FISCALIZAÇÃO | C18: =Resumo!H18 -> 496956.26 | D18: 0.0079 | E18: 0.0131 | F18: 0.0335 | G18: 0.0915 | H18: 0.0561 | J18: 0.0705 | K18: 0.0911 | L18: 0.0976 | M18: 0.1208 | N18: 0.083 | O18: 0.1268 | P18: 0.0891 | Q18: 0.119 | R18: =SUM(D18:Q18) -> 1
D19: =IF(D18>0,TRUNC(C18*D18,2),"") -> 3925.95 | E19: =IF(E18>0,IF(AND(SUM(D18:E18)=1,R18=1),C18-SUM(D19),TRUNC(C18*E18,2)),"") -> 6510.12 | F19: =IF(F18>0,IF(AND(SUM(D18:F18)=1,R18=1),C18-SUM(D19:E19),TRUNC(C18*F18,2)),"") -> 16648.03 | G19: =IF(G18>0,IF(AND(SUM(D18:G18)=1,R18=1),C18-SUM(D19:F19),TRUNC(C18*G18,2)),"") -> 45471.49 | H19: =IF(H18>0,IF(AND(SUM(D18:H18)=1,R18=1),C18-SUM(D19:G19),TRUNC(C18*H18,2)),"") -> 27879.24 | J19: =IF(J18>0,IF(AND(SUM(D18:J18)=1,R18=1),C18-SUM(D19:I19),TRUNC(C18*J18,2)),"") -> 35035.41 | K19: =IF(K18>0,IF(AND(SUM(D18:K18)=1,R18=1),C18-SUM(D19:J19),TRUNC(C18*K18,2)),"") -> 45272.71 | L19: =IF(L18>0,IF(AND(SUM(D18:L18)=1,R18=1),C18-SUM(D19:K19),TRUNC(C18*L18,2)),"") -> 48502.93 | M19: =IF(M18>0,IF(AND(SUM(D18:M18)=1,R18=1),C18-SUM(D19:L19),TRUNC(C18*M18,2)),"") -> 60032.31 | N19: =IF(N18>0,IF(AND(SUM(D18:N18)=1,R18=1),C18-SUM(D19:M19),TRUNC(C18*N18,2)),"") -> 41247.36 | O19: =IF(O18>0,IF(AND(SUM(D18:O18)=1,R18=1),C18-SUM(D19:N19),TRUNC(C18*O18,2)),"") -> 63014.05 | P19: =IF(P18>0,IF(AND(SUM(D18:P18)=1,R18=1),C18-SUM(D19:O19),TRUNC(C18*P18,2)),"") -> 44278.8 | Q19: =IF(Q18>0,IF(AND(SUM(D18:Q18)=1,R18=1),C18-SUM(D19:P19),TRUNC(C18*Q18,2)),"") -> 59137.86 | R19: =SUM(D19:Q19) -> 496956.26
A20: 2 | B20: SERVIÇOS PRELIMINARES | C20: =Resumo!H19 -> 34553.01 | D20: 1 | R20: =SUM(D20:Q20) -> 1
D21: =IF(D20>0,TRUNC(C20*D20,2),"") -> 34553.01 | E21: =IF(E20>0,IF(AND(SUM(D20:E20)=1,R20=1),C20-SUM(D21),TRUNC(C20*E20,2)),"") | F21: =IF(F20>0,IF(AND(SUM(D20:F20)=1,R20=1),C20-SUM(D21:E21),TRUNC(C20*F20,2)),"") | G21: =IF(G20>0,IF(AND(SUM(D20:G20)=1,R20=1),C20-SUM(D21:F21),TRUNC(C20*G20,2)),"") | H21: =IF(H20>0,IF(AND(SUM(D20:H20)=1,R20=1),C20-SUM(D21:G21),TRUNC(C20*H20,2)),"") | I21: =IF(I20>0,IF(AND(SUM(D20:I20)=1,R20=1),C20-SUM(D21:H21),TRUNC(C20*I20,2)),"") | J21: =IF(J20>0,IF(AND(SUM(D20:J20)=1,R20=1),C20-SUM(D21:I21),TRUNC(C20*J20,2)),"") | K21: =IF(K20>0,IF(AND(SUM(D20:K20)=1,R20=1),C20-SUM(D21:J21),TRUNC(C20*K20,2)),"") | L21: =IF(L20>0,IF(AND(SUM(D20:L20)=1,R20=1),C20-SUM(D21:K21),TRUNC(C20*L20,2)),"") | M21: =IF(M20>0,IF(AND(SUM(D20:M20)=1,R20=1),C20-SUM(D21:L21),TRUNC(C20*M20,2)),"") | N21: =IF(N20>0,IF(AND(SUM(D20:N20)=1,R20=1),C20-SUM(D21:M21),TRUNC(C20*N20,2)),"") | O21: =IF(O20>0,IF(AND(SUM(D20:O20)=1,R20=1),C20-SUM(D21:N21),TRUNC(C20*O20,2)),"") | P21: =IF(P20>0,IF(AND(SUM(D20:P20)=1,R20=1),C20-SUM(D21:O21),TRUNC(C20*P20,2)),"") | Q21: =IF(Q20>0,IF(AND(SUM(D20:Q20)=1,R20=1),C20-SUM(D21:P21),TRUNC(C20*Q20,2)),"") | R21: =SUM(D21:Q21) -> 34553.01
A22: 3 | B22: CANTEIRO DE OBRAS | C22: =Resumo!H20 -> 339265.3 | D22: 0.0769 | E22: 0.0769 | F22: 0.0769 | G22: 0.077 | H22: 0.077 | J22: 0.077 | K22: 0.0769 | L22: 0.0769 | M22: 0.0769 | N22: 0.0769 | O22: 0.0769 | P22: 0.0769 | Q22: 0.0769 | R22: =SUM(D22:Q22) -> 1
D23: =IF(D22>0,TRUNC(C22*D22,2),"") -> 26089.5 | E23: =IF(E22>0,IF(AND(SUM(D22:E22)=1,R22=1),C22-SUM(D23),TRUNC(C22*E22,2)),"") -> 26089.5 | F23: =IF(F22>0,IF(AND(SUM(D22:F22)=1,R22=1),C22-SUM(D23:E23),TRUNC(C22*F22,2)),"") -> 26089.5 | G23: =IF(G22>0,IF(AND(SUM(D22:G22)=1,R22=1),C22-SUM(D23:F23),TRUNC(C22*G22,2)),"") -> 26123.42 | H23: =IF(H22>0,IF(AND(SUM(D22:H22)=1,R22=1),C22-SUM(D23:G23),TRUNC(C22*H22,2)),"") -> 26123.42 | J23: =IF(J22>0,IF(AND(SUM(D22:J22)=1,R22=1),C22-SUM(D23:I23),TRUNC(C22*J22,2)),"") -> 26123.42 | K23: =IF(K22>0,IF(AND(SUM(D22:K22)=1,R22=1),C22-SUM(D23:J23),TRUNC(C22*K22,2)),"") -> 26089.5 | L23: =IF(L22>0,IF(AND(SUM(D22:L22)=1,R22=1),C22-SUM(D23:K23),TRUNC(C22*L22,2)),"") -> 26089.5 | M23: =IF(M22>0,IF(AND(SUM(D22:M22)=1,R22=1),C22-SUM(D23:L23),TRUNC(C22*M22,2)),"") -> 26089.5 | N23: =IF(N22>0,IF(AND(SUM(D22:N22)=1,R22=1),C22-SUM(D23:M23),TRUNC(C22*N22,2)),"") -> 26089.5 | O23: =IF(O22>0,IF(AND(SUM(D22:O22)=1,R22=1),C22-SUM(D23:N23),TRUNC(C22*O22,2)),"") -> 26089.5 | P23: =IF(P22>0,IF(AND(SUM(D22:P22)=1,R22=1),C22-SUM(D23:O23),TRUNC(C22*P22,2)),"") -> 26089.5 | Q23: =IF(Q22>0,IF(AND(SUM(D22:Q22)=1,R22=1),C22-SUM(D23:P23),TRUNC(C22*Q22,2)),"") -> 26089.54 | R23: =SUM(D23:Q23) -> 339265.3
A24: 4 | B24: MOVIMENTO DE TERRA | C24: =Resumo!H21 -> 47272.53 | E24: 1 | R24: =SUM(D24:Q24) -> 1
D25: =IF(D24>0,TRUNC(C24*D24,2),"") | E25: =IF(E24>0,IF(AND(SUM(D24:E24)=1,R24=1),C24-SUM(D25),TRUNC(C24*E24,2)),"") -> 47272.53 | F25: =IF(F24>0,IF(AND(SUM(D24:F24)=1,R24=1),C24-SUM(D25:E25),TRUNC(C24*F24,2)),"") | G25: =IF(G24>0,IF(AND(SUM(D24:G24)=1,R24=1),C24-SUM(D25:F25),TRUNC(C24*G24,2)),"") | H25: =IF(H24>0,IF(AND(SUM(D24:H24)=1,R24=1),C24-SUM(D25:G25),TRUNC(C24*H24,2)),"") | I25: =IF(I24>0,IF(AND(SUM(D24:I24)=1,R24=1),C24-SUM(D25:H25),TRUNC(C24*I24,2)),"") | J25: =IF(J24>0,IF(AND(SUM(D24:J24)=1,R24=1),C24-SUM(D25:I25),TRUNC(C24*J24,2)),"") | K25: =IF(K24>0,IF(AND(SUM(D24:K24)=1,R24=1),C24-SUM(D25:J25),TRUNC(C24*K24,2)),"") | L25: =IF(L24>0,IF(AND(SUM(D24:L24)=1,R24=1),C24-SUM(D25:K25),TRUNC(C24*L24,2)),"") | M25: =IF(M24>0,IF(AND(SUM(D24:M24)=1,R24=1),C24-SUM(D25:L25),TRUNC(C24*M24,2)),"") | N25: =IF(N24>0,IF(AND(SUM(D24:N24)=1,R24=1),C24-SUM(D25:M25),TRUNC(C24*N24,2)),"") | O25: =IF(O24>0,IF(AND(SUM(D24:O24)=1,R24=1),C24-SUM(D25:N25),TRUNC(C24*O24,2)),"") | P25: =IF(P24>0,IF(AND(SUM(D24:P24)=1,R24=1),C24-SUM(D25:O25),TRUNC(C24*P24,2)),"") | Q25: =IF(Q24>0,IF(AND(SUM(D24:Q24)=1,R24=1),C24-SUM(D25:P25),TRUNC(C24*Q24,2)),"") | R25: =SUM(D25:Q25) -> 47272.53
A26: 5 | B26: INFRAESTRUTURA: FUNDAÇÕES SIMPLES (OU DIRETAS) | C26: =Resumo!H22 -> 287021.81 | F26: 0.5 | G26: 0.5 | R26: =SUM(D26:Q26) -> 1
D27: =IF(D26>0,TRUNC(C26*D26,2),"") | E27: =IF(E26>0,IF(AND(SUM(D26:E26)=1,R26=1),C26-SUM(D27),TRUNC(C26*E26,2)),"") | F27: =IF(F26>0,IF(AND(SUM(D26:F26)=1,R26=1),C26-SUM(D27:E27),TRUNC(C26*F26,2)),"") -> 143510.9 | G27: =IF(G26>0,IF(AND(SUM(D26:G26)=1,R26=1),C26-SUM(D27:F27),TRUNC(C26*G26,2)),"") -> 143510.91 | H27: =IF(H26>0,IF(AND(SUM(D26:H26)=1,R26=1),C26-SUM(D27:G27),TRUNC(C26*H26,2)),"") | I27: =IF(I26>0,IF(AND(SUM(D26:I26)=1,R26=1),C26-SUM(D27:H27),TRUNC(C26*I26,2)),"") | J27: =IF(J26>0,IF(AND(SUM(D26:J26)=1,R26=1),C26-SUM(D27:I27),TRUNC(C26*J26,2)),"") | K27: =IF(K26>0,IF(AND(SUM(D26:K26)=1,R26=1),C26-SUM(D27:J27),TRUNC(C26*K26,2)),"") | L27: =IF(L26>0,IF(AND(SUM(D26:L26)=1,R26=1),C26-SUM(D27:K27),TRUNC(C26*L26,2)),"") | M27: =IF(M26>0,IF(AND(SUM(D26:M26)=1,R26=1),C26-SUM(D27:L27),TRUNC(C26*M26,2)),"") | N27: =IF(N26>0,IF(AND(SUM(D26:N26)=1,R26=1),C26-SUM(D27:M27),TRUNC(C26*N26,2)),"") | O27: =IF(O26>0,IF(AND(SUM(D26:O26)=1,R26=1),C26-SUM(D27:N27),TRUNC(C26*O26,2)),"") | P27: =IF(P26>0,IF(AND(SUM(D26:P26)=1,R26=1),C26-SUM(D27:O27),TRUNC(C26*P26,2)),"") | Q27: =IF(Q26>0,IF(AND(SUM(D26:Q26)=1,R26=1),C26-SUM(D27:P27),TRUNC(C26*Q26,2)),"") | R27: =SUM(D27:Q27) -> 287021.81
A28: 6 | B28: INFRAESTRUTURA: FUNDAÇÕES ESPECIAIS (OU INDIRETAS) | C28: =Resumo!H23 -> 105691.68 | E28: 0.5 | F28: 0.5 | R28: =SUM(D28:Q28) -> 1
D29: =IF(D28>0,TRUNC(C28*D28,2),"") | E29: =IF(E28>0,IF(AND(SUM(D28:E28)=1,R28=1),C28-SUM(D29),TRUNC(C28*E28,2)),"") -> 52845.84 | F29: =IF(F28>0,IF(AND(SUM(D28:F28)=1,R28=1),C28-SUM(D29:E29),TRUNC(C28*F28,2)),"") -> 52845.84 | G29: =IF(G28>0,IF(AND(SUM(D28:G28)=1,R28=1),C28-SUM(D29:F29),TRUNC(C28*G28,2)),"") | H29: =IF(H28>0,IF(AND(SUM(D28:H28)=1,R28=1),C28-SUM(D29:G29),TRUNC(C28*H28,2)),"") | I29: =IF(I28>0,IF(AND(SUM(D28:I28)=1,R28=1),C28-SUM(D29:H29),TRUNC(C28*I28,2)),"") | J29: =IF(J28>0,IF(AND(SUM(D28:J28)=1,R28=1),C28-SUM(D29:I29),TRUNC(C28*J28,2)),"") | K29: =IF(K28>0,IF(AND(SUM(D28:K28)=1,R28=1),C28-SUM(D29:J29),TRUNC(C28*K28,2)),"") | L29: =IF(L28>0,IF(AND(SUM(D28:L28)=1,R28=1),C28-SUM(D29:K29),TRUNC(C28*L28,2)),"") | M29: =IF(M28>0,IF(AND(SUM(D28:M28)=1,R28=1),C28-SUM(D29:L29),TRUNC(C28*M28,2)),"") | N29: =IF(N28>0,IF(AND(SUM(D28:N28)=1,R28=1),C28-SUM(D29:M29),TRUNC(C28*N28,2)),"") | O29: =IF(O28>0,IF(AND(SUM(D28:O28)=1,R28=1),C28-SUM(D29:N29),TRUNC(C28*O28,2)),"") | P29: =IF(P28>0,IF(AND(SUM(D28:P28)=1,R28=1),C28-SUM(D29:O29),TRUNC(C28*P28,2)),"") | Q29: =IF(Q28>0,IF(AND(SUM(D28:Q28)=1,R28=1),C28-SUM(D29:P29),TRUNC(C28*Q28,2)),"") | R29: =SUM(D29:Q29) -> 105691.68
A30: 7 | B30: SUPERESTRUTURA | C30: =Resumo!H24 -> 1104984.1 | G30: 0.5 | H30: 0.5 | R30: =SUM(D30:Q30) -> 1
D31: =IF(D30>0,TRUNC(C30*D30,2),"") | E31: =IF(E30>0,IF(AND(SUM(D30:E30)=1,R30=1),C30-SUM(D31),TRUNC(C30*E30,2)),"") | F31: =IF(F30>0,IF(AND(SUM(D30:F30)=1,R30=1),C30-SUM(D31:E31),TRUNC(C30*F30,2)),"") | G31: =IF(G30>0,IF(AND(SUM(D30:G30)=1,R30=1),C30-SUM(D31:F31),TRUNC(C30*G30,2)),"") -> 552492.06 | H31: =IF(H30>0,IF(AND(SUM(D30:H30)=1,R30=1),C30-SUM(D31:G31),TRUNC(C30*H30,2)),"") -> 552492.07 | J31: =IF(J30>0,IF(AND(SUM(D30:J30)=1,R30=1),C30-SUM(D31:I31),TRUNC(C30*J30,2)),"") | K31: =IF(K30>0,IF(AND(SUM(D30:K30)=1,R30=1),C30-SUM(D31:J31),TRUNC(C30*K30,2)),"") | L31: =IF(L30>0,IF(AND(SUM(D30:L30)=1,R30=1),C30-SUM(D31:K31),TRUNC(C30*L30,2)),"") | M31: =IF(M30>0,IF(AND(SUM(D30:M30)=1,R30=1),C30-SUM(D31:L31),TRUNC(C30*M30,2)),"") | N31: =IF(N30>0,IF(AND(SUM(D30:N30)=1,R30=1),C30-SUM(D31:M31),TRUNC(C30*N30,2)),"") | O31: =IF(O30>0,IF(AND(SUM(D30:O30)=1,R30=1),C30-SUM(D31:N31),TRUNC(C30*O30,2)),"") | P31: =IF(P30>0,IF(AND(SUM(D30:P30)=1,R30=1),C30-SUM(D31:O31),TRUNC(C30*P30,2)),"") | Q31: =IF(Q30>0,IF(AND(SUM(D30:Q30)=1,R30=1),C30-SUM(D31:P31),TRUNC(C30*Q30,2)),"") | R31: =SUM(D31:Q31) -> 1104984.1
A32: 8 | B32: ALVENARIA / VEDAÇÃO / DIVISÓRIA | C32: =Resumo!H25 -> 718574.07 | J32: 0.4 | K32: 0.4 | L32: 0.2 | R32: =SUM(D32:Q32) -> 1
D33: =IF(D32>0,TRUNC(C32*D32,2),"") | E33: =IF(E32>0,IF(AND(SUM(D32:E32)=1,R32=1),C32-SUM(D33),TRUNC(C32*E32,2)),"") | F33: =IF(F32>0,IF(AND(SUM(D32:F32)=1,R32=1),C32-SUM(D33:E33),TRUNC(C32*F32,2)),"") | G33: =IF(G32>0,IF(AND(SUM(D32:G32)=1,R32=1),C32-SUM(D33:F33),TRUNC(C32*G32,2)),"") | H33: =IF(H32>0,IF(AND(SUM(D32:H32)=1,R32=1),C32-SUM(D33:G33),TRUNC(C32*H32,2)),"") | I33: =IF(I32>0,IF(AND(SUM(D32:I32)=1,R32=1),C32-SUM(D33:H33),TRUNC(C32*I32,2)),"") | J33: =IF(J32>0,IF(AND(SUM(D32:J32)=1,R32=1),C32-SUM(D33:I33),TRUNC(C32*J32,2)),"") -> 287429.62 | K33: =IF(K32>0,IF(AND(SUM(D32:K32)=1,R32=1),C32-SUM(D33:J33),TRUNC(C32*K32,2)),"") -> 287429.62 | L33: =IF(L32>0,IF(AND(SUM(D32:L32)=1,R32=1),C32-SUM(D33:K33),TRUNC(C32*L32,2)),"") -> 143714.83 | M33: =IF(M32>0,IF(AND(SUM(D32:M32)=1,R32=1),C32-SUM(D33:L33),TRUNC(C32*M32,2)),"") | N33: =IF(N32>0,IF(AND(SUM(D32:N32)=1,R32=1),C32-SUM(D33:M33),TRUNC(C32*N32,2)),"") | O33: =IF(O32>0,IF(AND(SUM(D32:O32)=1,R32=1),C32-SUM(D33:N33),TRUNC(C32*O32,2)),"") | P33: =IF(P32>0,IF(AND(SUM(D32:P32)=1,R32=1),C32-SUM(D33:O33),TRUNC(C32*P32,2)),"") | Q33: =IF(Q32>0,IF(AND(SUM(D32:Q32)=1,R32=1),C32-SUM(D33:P33),TRUNC(C32*Q32,2)),"") | R33: =SUM(D33:Q33) -> 718574.07
A34: 9 | B34: ESQUADRIAS | C34: =Resumo!H26 -> 428331.73 | L34: 0.5 | M34: 0.5 | R34: =SUM(D34:Q34) -> 1
D35: =IF(D34>0,TRUNC(C34*D34,2),"") | E35: =IF(E34>0,IF(AND(SUM(D34:E34)=1,R34=1),C34-SUM(D35),TRUNC(C34*E34,2)),"") | F35: =IF(F34>0,IF(AND(SUM(D34:F34)=1,R34=1),C34-SUM(D35:E35),TRUNC(C34*F34,2)),"") | G35: =IF(G34>0,IF(AND(SUM(D34:G34)=1,R34=1),C34-SUM(D35:F35),TRUNC(C34*G34,2)),"") | H35: =IF(H34>0,IF(AND(SUM(D34:H34)=1,R34=1),C34-SUM(D35:G35),TRUNC(C34*H34,2)),"") | I35: =IF(I34>0,IF(AND(SUM(D34:I34)=1,R34=1),C34-SUM(D35:H35),TRUNC(C34*I34,2)),"") | J35: =IF(J34>0,IF(AND(SUM(D34:J34)=1,R34=1),C34-SUM(D35:I35),TRUNC(C34*J34,2)),"") | K35: =IF(K34>0,IF(AND(SUM(D34:K34)=1,R34=1),C34-SUM(D35:J35),TRUNC(C34*K34,2)),"") | L35: =IF(L34>0,IF(AND(SUM(D34:L34)=1,R34=1),C34-SUM(D35:K35),TRUNC(C34*L34,2)),"") -> 214165.86 | M35: =IF(M34>0,IF(AND(SUM(D34:M34)=1,R34=1),C34-SUM(D35:L35),TRUNC(C34*M34,2)),"") -> 214165.87 | N35: =IF(N34>0,IF(AND(SUM(D34:N34)=1,R34=1),C34-SUM(D35:M35),TRUNC(C34*N34,2)),"") | O35: =IF(O34>0,IF(AND(SUM(D34:O34)=1,R34=1),C34-SUM(D35:N35),TRUNC(C34*O34,2)),"") | P35: =IF(P34>0,IF(AND(SUM(D34:P34)=1,R34=1),C34-SUM(D35:O35),TRUNC(C34*P34,2)),"") | Q35: =IF(Q34>0,IF(AND(SUM(D34:Q34)=1,R34=1),C34-SUM(D35:P35),TRUNC(C34*Q34,2)),"") | R35: =SUM(D35:Q35) -> 428331.73
A36: 10 | B36: INSTALAÇÕES HIDRÁULICAS E SANITÁRIAS | C36: =Resumo!H27 -> 113067.58 | F36: 0.3 | J36: 0.3 | K36: 0.4 | R36: =SUM(D36:Q36) -> 1
D37: =IF(D36>0,TRUNC(C36*D36,2),"") | E37: =IF(E36>0,IF(AND(SUM(D36:E36)=1,R36=1),C36-SUM(D37),TRUNC(C36*E36,2)),"") | F37: =IF(F36>0,IF(AND(SUM(D36:F36)=1,R36=1),C36-SUM(D37:E37),TRUNC(C36*F36,2)),"") -> 33920.27 | G37: =IF(G36>0,IF(AND(SUM(D36:G36)=1,R36=1),C36-SUM(D37:F37),TRUNC(C36*G36,2)),"") | H37: =IF(H36>0,IF(AND(SUM(D36:H36)=1,R36=1),C36-SUM(D37:G37),TRUNC(C36*H36,2)),"") | I37: =IF(I36>0,IF(AND(SUM(D36:I36)=1,R36=1),C36-SUM(D37:H37),TRUNC(C36*I36,2)),"") | J37: =IF(J36>0,IF(AND(SUM(D36:J36)=1,R36=1),C36-SUM(D37:I37),TRUNC(C36*J36,2)),"") -> 33920.27 | K37: =IF(K36>0,IF(AND(SUM(D36:K36)=1,R36=1),C36-SUM(D37:J37),TRUNC(C36*K36,2)),"") -> 45227.04 | L37: =IF(L36>0,IF(AND(SUM(D36:L36)=1,R36=1),C36-SUM(D37:K37),TRUNC(C36*L36,2)),"") | M37: =IF(M36>0,IF(AND(SUM(D36:M36)=1,R36=1),C36-SUM(D37:L37),TRUNC(C36*M36,2)),"") | N37: =IF(N36>0,IF(AND(SUM(D36:N36)=1,R36=1),C36-SUM(D37:M37),TRUNC(C36*N36,2)),"") | O37: =IF(O36>0,IF(AND(SUM(D36:O36)=1,R36=1),C36-SUM(D37:N37),TRUNC(C36*O36,2)),"") | P37: =IF(P36>0,IF(AND(SUM(D36:P36)=1,R36=1),C36-SUM(D37:O37),TRUNC(C36*P36,2)),"") | Q37: =IF(Q36>0,IF(AND(SUM(D36:Q36)=1,R36=1),C36-SUM(D37:P37),TRUNC(C36*Q36,2)),"") | R37: =SUM(D37:Q37) -> 113067.58
A38: 11 | B38: INSTALAÇÕES PLUVIAIS | C38: =Resumo!H28 -> 112249.78 | F38: 0.2 | J38: 0.4 | K38: 0.4 | R38: =SUM(D38:Q38) -> 1
D39: =IF(D38>0,TRUNC(C38*D38,2),"") | E39: =IF(E38>0,IF(AND(SUM(D38:E38)=1,R38=1),C38-SUM(D39),TRUNC(C38*E38,2)),"") | F39: =IF(F38>0,IF(AND(SUM(D38:F38)=1,R38=1),C38-SUM(D39:E39),TRUNC(C38*F38,2)),"") -> 22449.95 | G39: =IF(G38>0,IF(AND(SUM(D38:G38)=1,R38=1),C38-SUM(D39:F39),TRUNC(C38*G38,2)),"") | H39: =IF(H38>0,IF(AND(SUM(D38:H38)=1,R38=1),C38-SUM(D39:G39),TRUNC(C38*H38,2)),"") | I39: =IF(I38>0,IF(AND(SUM(D38:I38)=1,R38=1),C38-SUM(D39:H39),TRUNC(C38*I38,2)),"") | J39: =IF(J38>0,IF(AND(SUM(D38:J38)=1,R38=1),C38-SUM(D39:I39),TRUNC(C38*J38,2)),"") -> 44899.91 | K39: =IF(K38>0,IF(AND(SUM(D38:K38)=1,R38=1),C38-SUM(D39:J39),TRUNC(C38*K38,2)),"") -> 44899.92 | L39: =IF(L38>0,IF(AND(SUM(D38:L38)=1,R38=1),C38-SUM(D39:K39),TRUNC(C38*L38,2)),"") | M39: =IF(M38>0,IF(AND(SUM(D38:M38)=1,R38=1),C38-SUM(D39:L39),TRUNC(C38*M38,2)),"") | N39: =IF(N38>0,IF(AND(SUM(D38:N38)=1,R38=1),C38-SUM(D39:M39),TRUNC(C38*N38,2)),"") | O39: =IF(O38>0,IF(AND(SUM(D38:O38)=1,R38=1),C38-SUM(D39:N39),TRUNC(C38*O38,2)),"") | P39: =IF(P38>0,IF(AND(SUM(D38:P38)=1,R38=1),C38-SUM(D39:O39),TRUNC(C38*P38,2)),"") | Q39: =IF(Q38>0,IF(AND(SUM(D38:Q38)=1,R38=1),C38-SUM(D39:P39),TRUNC(C38*Q38,2)),"") | R39: =SUM(D39:Q39) -> 112249.78
A40: 12 | B40: INSTALAÇÕES ELÉTRICAS | C40: =Resumo!H29 -> 540535.09 | G40: 0.2 | J40: 0.2 | K40: 0.2 | L40: 0.2 | M40: 0.2 | R40: =SUM(D40:Q40) -> 1
D41: =IF(D40>0,TRUNC(C40*D40,2),"") | E41: =IF(E40>0,IF(AND(SUM(D40:E40)=1,R40=1),C40-SUM(D41),TRUNC(C40*E40,2)),"") | F41: =IF(F40>0,IF(AND(SUM(D40:F40)=1,R40=1),C40-SUM(D41:E41),TRUNC(C40*F40,2)),"") | G41: =IF(G40>0,IF(AND(SUM(D40:G40)=1,R40=1),C40-SUM(D41:F41),TRUNC(C40*G40,2)),"") -> 108107.01 | H41: =IF(H40>0,IF(AND(SUM(D40:H40)=1,R40=1),C40-SUM(D41:G41),TRUNC(C40*H40,2)),"") | I41: =IF(I40>0,IF(AND(SUM(D40:I40)=1,R40=1),C40-SUM(D41:H41),TRUNC(C40*I40,2)),"") | J41: =IF(J40>0,IF(AND(SUM(D40:J40)=1,R40=1),C40-SUM(D41:I41),TRUNC(C40*J40,2)),"") -> 108107.01 | K41: =IF(K40>0,IF(AND(SUM(D40:K40)=1,R40=1),C40-SUM(D41:J41),TRUNC(C40*K40,2)),"") -> 108107.01 | L41: =IF(L40>0,IF(AND(SUM(D40:L40)=1,R40=1),C40-SUM(D41:K41),TRUNC(C40*L40,2)),"") -> 108107.01 | M41: =IF(M40>0,IF(AND(SUM(D40:M40)=1,R40=1),C40-SUM(D41:L41),TRUNC(C40*M40,2)),"") -> 108107.05 | N41: =IF(N40>0,IF(AND(SUM(D40:N40)=1,R40=1),C40-SUM(D41:M41),TRUNC(C40*N40,2)),"") | O41: =IF(O40>0,IF(AND(SUM(D40:O40)=1,R40=1),C40-SUM(D41:N41),TRUNC(C40*O40,2)),"") | P41: =IF(P40>0,IF(AND(SUM(D40:P40)=1,R40=1),C40-SUM(D41:O41),TRUNC(C40*P40,2)),"") | Q41: =IF(Q40>0,IF(AND(SUM(D40:Q40)=1,R40=1),C40-SUM(D41:P41),TRUNC(C40*Q40,2)),"") | R41: =SUM(D41:Q41) -> 540535.09
A42: 13 | B42: SISTEMA DE PROTEÇÃO CONTRA DESCARGAS ATMOSFÉRICAS | C42: =Resumo!H30 -> 52484.08 | J42: 0.5 | K42: 0.5 | R42: =SUM(D42:Q42) -> 1
D43: =IF(D42>0,TRUNC(C42*D42,2),"") | E43: =IF(E42>0,IF(AND(SUM(D42:E42)=1,R42=1),C42-SUM(D43),TRUNC(C42*E42,2)),"") | F43: =IF(F42>0,IF(AND(SUM(D42:F42)=1,R42=1),C42-SUM(D43:E43),TRUNC(C42*F42,2)),"") | G43: =IF(G42>0,IF(AND(SUM(D42:G42)=1,R42=1),C42-SUM(D43:F43),TRUNC(C42*G42,2)),"") | H43: =IF(H42>0,IF(AND(SUM(D42:H42)=1,R42=1),C42-SUM(D43:G43),TRUNC(C42*H42,2)),"") | I43: =IF(I42>0,IF(AND(SUM(D42:I42)=1,R42=1),C42-SUM(D43:H43),TRUNC(C42*I42,2)),"") | J43: =IF(J42>0,IF(AND(SUM(D42:J42)=1,R42=1),C42-SUM(D43:I43),TRUNC(C42*J42,2)),"") -> 26242.04 | K43: =IF(K42>0,IF(AND(SUM(D42:K42)=1,R42=1),C42-SUM(D43:J43),TRUNC(C42*K42,2)),"") -> 26242.04 | L43: =IF(L42>0,IF(AND(SUM(D42:L42)=1,R42=1),C42-SUM(D43:K43),TRUNC(C42*L42,2)),"") | M43: =IF(M42>0,IF(AND(SUM(D42:M42)=1,R42=1),C42-SUM(D43:L43),TRUNC(C42*M42,2)),"") | N43: =IF(N42>0,IF(AND(SUM(D42:N42)=1,R42=1),C42-SUM(D43:M43),TRUNC(C42*N42,2)),"") | O43: =IF(O42>0,IF(AND(SUM(D42:O42)=1,R42=1),C42-SUM(D43:N43),TRUNC(C42*O42,2)),"") | P43: =IF(P42>0,IF(AND(SUM(D42:P42)=1,R42=1),C42-SUM(D43:O43),TRUNC(C42*P42,2)),"") | Q43: =IF(Q42>0,IF(AND(SUM(D42:Q42)=1,R42=1),C42-SUM(D43:P43),TRUNC(C42*Q42,2)),"") | R43: =SUM(D43:Q43) -> 52484.08
A44: 14 | B44: INSTALAÇÕES LÓGICA / TELEFONIA | C44: =Resumo!H31 -> 164933.41 | M44: 0.3 | N44: 0.3 | O44: 0.4 | R44: =SUM(D44:Q44) -> 1
D45: =IF(D44>0,TRUNC(C44*D44,2),"") | E45: =IF(E44>0,IF(AND(SUM(D44:E44)=1,R44=1),C44-SUM(D45),TRUNC(C44*E44,2)),"") | F45: =IF(F44>0,IF(AND(SUM(D44:F44)=1,R44=1),C44-SUM(D45:E45),TRUNC(C44*F44,2)),"") | G45: =IF(G44>0,IF(AND(SUM(D44:G44)=1,R44=1),C44-SUM(D45:F45),TRUNC(C44*G44,2)),"") | H45: =IF(H44>0,IF(AND(SUM(D44:H44)=1,R44=1),C44-SUM(D45:G45),TRUNC(C44*H44,2)),"") | I45: =IF(I44>0,IF(AND(SUM(D44:I44)=1,R44=1),C44-SUM(D45:H45),TRUNC(C44*I44,2)),"") | J45: =IF(J44>0,IF(AND(SUM(D44:J44)=1,R44=1),C44-SUM(D45:I45),TRUNC(C44*J44,2)),"") | K45: =IF(K44>0,IF(AND(SUM(D44:K44)=1,R44=1),C44-SUM(D45:J45),TRUNC(C44*K44,2)),"") | L45: =IF(L44>0,IF(AND(SUM(D44:L44)=1,R44=1),C44-SUM(D45:K45),TRUNC(C44*L44,2)),"") | M45: =IF(M44>0,IF(AND(SUM(D44:M44)=1,R44=1),C44-SUM(D45:L45),TRUNC(C44*M44,2)),"") -> 49480.02 | N45: =IF(N44>0,IF(AND(SUM(D44:N44)=1,R44=1),C44-SUM(D45:M45),TRUNC(C44*N44,2)),"") -> 49480.02 | O45: =IF(O44>0,IF(AND(SUM(D44:O44)=1,R44=1),C44-SUM(D45:N45),TRUNC(C44*O44,2)),"") -> 65973.37 | P45: =IF(P44>0,IF(AND(SUM(D44:P44)=1,R44=1),C44-SUM(D45:O45),TRUNC(C44*P44,2)),"") | Q45: =IF(Q44>0,IF(AND(SUM(D44:Q44)=1,R44=1),C44-SUM(D45:P45),TRUNC(C44*Q44,2)),"") | R45: =SUM(D45:Q45) -> 164933.41
A46: 15 | B46: INSTALAÇÕES DE COMBATE A INCÊNDIO | C46: =Resumo!H32 -> 13854.74 | P46: 1 | R46: =SUM(D46:Q46) -> 1
D47: =IF(D46>0,TRUNC(C46*D46,2),"") | E47: =IF(E46>0,IF(AND(SUM(D46:E46)=1,R46=1),C46-SUM(D47),TRUNC(C46*E46,2)),"") | F47: =IF(F46>0,IF(AND(SUM(D46:F46)=1,R46=1),C46-SUM(D47:E47),TRUNC(C46*F46,2)),"") | G47: =IF(G46>0,IF(AND(SUM(D46:G46)=1,R46=1),C46-SUM(D47:F47),TRUNC(C46*G46,2)),"") | H47: =IF(H46>0,IF(AND(SUM(D46:H46)=1,R46=1),C46-SUM(D47:G47),TRUNC(C46*H46,2)),"") | I47: =IF(I46>0,IF(AND(SUM(D46:I46)=1,R46=1),C46-SUM(D47:H47),TRUNC(C46*I46,2)),"") | J47: =IF(J46>0,IF(AND(SUM(D46:J46)=1,R46=1),C46-SUM(D47:I47),TRUNC(C46*J46,2)),"") | K47: =IF(K46>0,IF(AND(SUM(D46:K46)=1,R46=1),C46-SUM(D47:J47),TRUNC(C46*K46,2)),"") | L47: =IF(L46>0,IF(AND(SUM(D46:L46)=1,R46=1),C46-SUM(D47:K47),TRUNC(C46*L46,2)),"") | M47: =IF(M46>0,IF(AND(SUM(D46:M46)=1,R46=1),C46-SUM(D47:L47),TRUNC(C46*M46,2)),"") | N47: =IF(N46>0,IF(AND(SUM(D46:N46)=1,R46=1),C46-SUM(D47:M47),TRUNC(C46*N46,2)),"") | O47: =IF(O46>0,IF(AND(SUM(D46:O46)=1,R46=1),C46-SUM(D47:N47),TRUNC(C46*O46,2)),"") | P47: =IF(P46>0,IF(AND(SUM(D46:P46)=1,R46=1),C46-SUM(D47:O47),TRUNC(C46*P46,2)),"") -> 13854.74 | Q47: =IF(Q46>0,IF(AND(SUM(D46:Q46)=1,R46=1),C46-SUM(D47:P47),TRUNC(C46*Q46,2)),"") | R47: =SUM(D47:Q47) -> 13854.74
A48: 16 | B48: INSTALAÇÕES DE CFTV | C48: =Resumo!H33 -> 52263.88 | M48: 0.5 | N48: 0.5 | R48: =SUM(D48:Q48) -> 1
D49: =IF(D48>0,TRUNC(C48*D48,2),"") | E49: =IF(E48>0,IF(AND(SUM(D48:E48)=1,R48=1),C48-SUM(D49),TRUNC(C48*E48,2)),"") | F49: =IF(F48>0,IF(AND(SUM(D48:F48)=1,R48=1),C48-SUM(D49:E49),TRUNC(C48*F48,2)),"") | G49: =IF(G48>0,IF(AND(SUM(D48:G48)=1,R48=1),C48-SUM(D49:F49),TRUNC(C48*G48,2)),"") | H49: =IF(H48>0,IF(AND(SUM(D48:H48)=1,R48=1),C48-SUM(D49:G49),TRUNC(C48*H48,2)),"") | I49: =IF(I48>0,IF(AND(SUM(D48:I48)=1,R48=1),C48-SUM(D49:H49),TRUNC(C48*I48,2)),"") | J49: =IF(J48>0,IF(AND(SUM(D48:J48)=1,R48=1),C48-SUM(D49:I49),TRUNC(C48*J48,2)),"") | K49: =IF(K48>0,IF(AND(SUM(D48:K48)=1,R48=1),C48-SUM(D49:J49),TRUNC(C48*K48,2)),"") | L49: =IF(L48>0,IF(AND(SUM(D48:L48)=1,R48=1),C48-SUM(D49:K49),TRUNC(C48*L48,2)),"") | M49: =IF(M48>0,IF(AND(SUM(D48:M48)=1,R48=1),C48-SUM(D49:L49),TRUNC(C48*M48,2)),"") -> 26131.94 | N49: =IF(N48>0,IF(AND(SUM(D48:N48)=1,R48=1),C48-SUM(D49:M49),TRUNC(C48*N48,2)),"") -> 26131.94 | O49: =IF(O48>0,IF(AND(SUM(D48:O48)=1,R48=1),C48-SUM(D49:N49),TRUNC(C48*O48,2)),"") | P49: =IF(P48>0,IF(AND(SUM(D48:P48)=1,R48=1),C48-SUM(D49:O49),TRUNC(C48*P48,2)),"") | Q49: =IF(Q48>0,IF(AND(SUM(D48:Q48)=1,R48=1),C48-SUM(D49:P49),TRUNC(C48*Q48,2)),"") | R49: =SUM(D49:Q49) -> 52263.88
A50: 17 | B50: AR CONDICIONADO/CLIMATIZAÇÃO | C50: =Resumo!H34 -> 460513.61 | L50: 0.2 | M50: 0.3 | N50: 0.3 | O50: 0.2 | R50: =SUM(D50:Q50) -> 1
D51: =IF(D50>0,TRUNC(C50*D50,2),"") | E51: =IF(E50>0,IF(AND(SUM(D50:E50)=1,R50=1),C50-SUM(D51),TRUNC(C50*E50,2)),"") | F51: =IF(F50>0,IF(AND(SUM(D50:F50)=1,R50=1),C50-SUM(D51:E51),TRUNC(C50*F50,2)),"") | G51: =IF(G50>0,IF(AND(SUM(D50:G50)=1,R50=1),C50-SUM(D51:F51),TRUNC(C50*G50,2)),"") | H51: =IF(H50>0,IF(AND(SUM(D50:H50)=1,R50=1),C50-SUM(D51:G51),TRUNC(C50*H50,2)),"") | I51: =IF(I50>0,IF(AND(SUM(D50:I50)=1,R50=1),C50-SUM(D51:H51),TRUNC(C50*I50,2)),"") | J51: =IF(J50>0,IF(AND(SUM(D50:J50)=1,R50=1),C50-SUM(D51:I51),TRUNC(C50*J50,2)),"") | K51: =IF(K50>0,IF(AND(SUM(D50:K50)=1,R50=1),C50-SUM(D51:J51),TRUNC(C50*K50,2)),"") | L51: =IF(L50>0,IF(AND(SUM(D50:L50)=1,R50=1),C50-SUM(D51:K51),TRUNC(C50*L50,2)),"") -> 92102.72 | M51: =IF(M50>0,IF(AND(SUM(D50:M50)=1,R50=1),C50-SUM(D51:L51),TRUNC(C50*M50,2)),"") -> 138154.08 | N51: =IF(N50>0,IF(AND(SUM(D50:N50)=1,R50=1),C50-SUM(D51:M51),TRUNC(C50*N50,2)),"") -> 138154.08 | O51: =IF(O50>0,IF(AND(SUM(D50:O50)=1,R50=1),C50-SUM(D51:N51),TRUNC(C50*O50,2)),"") -> 92102.73 | P51: =IF(P50>0,IF(AND(SUM(D50:P50)=1,R50=1),C50-SUM(D51:O51),TRUNC(C50*P50,2)),"") | Q51: =IF(Q50>0,IF(AND(SUM(D50:Q50)=1,R50=1),C50-SUM(D51:P51),TRUNC(C50*Q50,2)),"") | R51: =SUM(D51:Q51) -> 460513.61
A52: 18 | B52: INSTALAÇÕES MECÂNICAS | C52: =Resumo!H35 -> 47648.79 | M52: 1 | R52: =SUM(D52:Q52) -> 1
D53: =IF(D52>0,TRUNC(C52*D52,2),"") | E53: =IF(E52>0,IF(AND(SUM(D52:E52)=1,R52=1),C52-SUM(D53),TRUNC(C52*E52,2)),"") | F53: =IF(F52>0,IF(AND(SUM(D52:F52)=1,R52=1),C52-SUM(D53:E53),TRUNC(C52*F52,2)),"") | G53: =IF(G52>0,IF(AND(SUM(D52:G52)=1,R52=1),C52-SUM(D53:F53),TRUNC(C52*G52,2)),"") | H53: =IF(H52>0,IF(AND(SUM(D52:H52)=1,R52=1),C52-SUM(D53:G53),TRUNC(C52*H52,2)),"") | I53: =IF(I52>0,IF(AND(SUM(D52:I52)=1,R52=1),C52-SUM(D53:H53),TRUNC(C52*I52,2)),"") | J53: =IF(J52>0,IF(AND(SUM(D52:J52)=1,R52=1),C52-SUM(D53:I53),TRUNC(C52*J52,2)),"") | K53: =IF(K52>0,IF(AND(SUM(D52:K52)=1,R52=1),C52-SUM(D53:J53),TRUNC(C52*K52,2)),"") | L53: =IF(L52>0,IF(AND(SUM(D52:L52)=1,R52=1),C52-SUM(D53:K53),TRUNC(C52*L52,2)),"") | M53: =IF(M52>0,IF(AND(SUM(D52:M52)=1,R52=1),C52-SUM(D53:L53),TRUNC(C52*M52,2)),"") -> 47648.79 | N53: =IF(N52>0,IF(AND(SUM(D52:N52)=1,R52=1),C52-SUM(D53:M53),TRUNC(C52*N52,2)),"") | O53: =IF(O52>0,IF(AND(SUM(D52:O52)=1,R52=1),C52-SUM(D53:N53),TRUNC(C52*O52,2)),"") | P53: =IF(P52>0,IF(AND(SUM(D52:P52)=1,R52=1),C52-SUM(D53:O53),TRUNC(C52*P52,2)),"") | Q53: =IF(Q52>0,IF(AND(SUM(D52:Q52)=1,R52=1),C52-SUM(D53:P53),TRUNC(C52*Q52,2)),"") | R53: =SUM(D53:Q53) -> 47648.79
A54: 19 | B54: REVESTIMENTO | C54: =Resumo!H36 -> 110181.61 | O54: 0.5 | P54: 0.5 | R54: =SUM(D54:Q54) -> 1
D55: =IF(D54>0,TRUNC(C54*D54,2),"") | E55: =IF(E54>0,IF(AND(SUM(D54:E54)=1,R54=1),C54-SUM(D55),TRUNC(C54*E54,2)),"") | F55: =IF(F54>0,IF(AND(SUM(D54:F54)=1,R54=1),C54-SUM(D55:E55),TRUNC(C54*F54,2)),"") | G55: =IF(G54>0,IF(AND(SUM(D54:G54)=1,R54=1),C54-SUM(D55:F55),TRUNC(C54*G54,2)),"") | H55: =IF(H54>0,IF(AND(SUM(D54:H54)=1,R54=1),C54-SUM(D55:G55),TRUNC(C54*H54,2)),"") | I55: =IF(I54>0,IF(AND(SUM(D54:I54)=1,R54=1),C54-SUM(D55:H55),TRUNC(C54*I54,2)),"") | J55: =IF(J54>0,IF(AND(SUM(D54:J54)=1,R54=1),C54-SUM(D55:I55),TRUNC(C54*J54,2)),"") | K55: =IF(K54>0,IF(AND(SUM(D54:K54)=1,R54=1),C54-SUM(D55:J55),TRUNC(C54*K54,2)),"") | L55: =IF(L54>0,IF(AND(SUM(D54:L54)=1,R54=1),C54-SUM(D55:K55),TRUNC(C54*L54,2)),"") | M55: =IF(M54>0,IF(AND(SUM(D54:M54)=1,R54=1),C54-SUM(D55:L55),TRUNC(C54*M54,2)),"") | N55: =IF(N54>0,IF(AND(SUM(D54:N54)=1,R54=1),C54-SUM(D55:M55),TRUNC(C54*N54,2)),"") | O55: =IF(O54>0,IF(AND(SUM(D54:O54)=1,R54=1),C54-SUM(D55:N55),TRUNC(C54*O54,2)),"") -> 55090.8 | P55: =IF(P54>0,IF(AND(SUM(D54:P54)=1,R54=1),C54-SUM(D55:O55),TRUNC(C54*P54,2)),"") -> 55090.81 | Q55: =IF(Q54>0,IF(AND(SUM(D54:Q54)=1,R54=1),C54-SUM(D55:P55),TRUNC(C54*Q54,2)),"") | R55: =SUM(D55:Q55) -> 110181.61
A56: 20 | B56: IMPERMEABILIZAÇÃO, ISOLAMENTO TÉRMICO E ACÚSTICO | C56: =Resumo!H37 -> 301019.98 | K56: 0.5 | N56: 0.5 | R56: =SUM(D56:Q56) -> 1
D57: =IF(D56>0,TRUNC(C56*D56,2),"") | E57: =IF(E56>0,IF(AND(SUM(D56:E56)=1,R56=1),C56-SUM(D57),TRUNC(C56*E56,2)),"") | F57: =IF(F56>0,IF(AND(SUM(D56:F56)=1,R56=1),C56-SUM(D57:E57),TRUNC(C56*F56,2)),"") | G57: =IF(G56>0,IF(AND(SUM(D56:G56)=1,R56=1),C56-SUM(D57:F57),TRUNC(C56*G56,2)),"") | H57: =IF(H56>0,IF(AND(SUM(D56:H56)=1,R56=1),C56-SUM(D57:G57),TRUNC(C56*H56,2)),"") | I57: =IF(I56>0,IF(AND(SUM(D56:I56)=1,R56=1),C56-SUM(D57:H57),TRUNC(C56*I56,2)),"") | J57: =IF(J56>0,IF(AND(SUM(D56:J56)=1,R56=1),C56-SUM(D57:I57),TRUNC(C56*J56,2)),"") | K57: =IF(K56>0,IF(AND(SUM(D56:K56)=1,R56=1),C56-SUM(D57:J57),TRUNC(C56*K56,2)),"") -> 150509.99 | L57: =IF(L56>0,IF(AND(SUM(D56:L56)=1,R56=1),C56-SUM(D57:K57),TRUNC(C56*L56,2)),"") | M57: =IF(M56>0,IF(AND(SUM(D56:M56)=1,R56=1),C56-SUM(D57:L57),TRUNC(C56*M56,2)),"") | N57: =IF(N56>0,IF(AND(SUM(D56:N56)=1,R56=1),C56-SUM(D57:M57),TRUNC(C56*N56,2)),"") -> 150509.99 | O57: =IF(O56>0,IF(AND(SUM(D56:O56)=1,R56=1),C56-SUM(D57:N57),TRUNC(C56*O56,2)),"") | P57: =IF(P56>0,IF(AND(SUM(D56:P56)=1,R56=1),C56-SUM(D57:O57),TRUNC(C56*P56,2)),"") | Q57: =IF(Q56>0,IF(AND(SUM(D56:Q56)=1,R56=1),C56-SUM(D57:P57),TRUNC(C56*Q56,2)),"") | R57: =SUM(D57:Q57) -> 301019.98
A58: 21 | B58: PISO | C58: =Resumo!H38 -> 403233.6 | M58: 0.2 | N58: 0.3 | O58: 0.3 | P58: 0.2 | R58: =SUM(D58:Q58) -> 1
D59: =IF(D58>0,TRUNC(C58*D58,2),"") | E59: =IF(E58>0,IF(AND(SUM(D58:E58)=1,R58=1),C58-SUM(D59),TRUNC(C58*E58,2)),"") | F59: =IF(F58>0,IF(AND(SUM(D58:F58)=1,R58=1),C58-SUM(D59:E59),TRUNC(C58*F58,2)),"") | G59: =IF(G58>0,IF(AND(SUM(D58:G58)=1,R58=1),C58-SUM(D59:F59),TRUNC(C58*G58,2)),"") | H59: =IF(H58>0,IF(AND(SUM(D58:H58)=1,R58=1),C58-SUM(D59:G59),TRUNC(C58*H58,2)),"") | I59: =IF(I58>0,IF(AND(SUM(D58:I58)=1,R58=1),C58-SUM(D59:H59),TRUNC(C58*I58,2)),"") | J59: =IF(J58>0,IF(AND(SUM(D58:J58)=1,R58=1),C58-SUM(D59:I59),TRUNC(C58*J58,2)),"") | K59: =IF(K58>0,IF(AND(SUM(D58:K58)=1,R58=1),C58-SUM(D59:J59),TRUNC(C58*K58,2)),"") | L59: =IF(L58>0,IF(AND(SUM(D58:L58)=1,R58=1),C58-SUM(D59:K59),TRUNC(C58*L58,2)),"") | M59: =IF(M58>0,IF(AND(SUM(D58:M58)=1,R58=1),C58-SUM(D59:L59),TRUNC(C58*M58,2)),"") -> 80646.72 | N59: =IF(N58>0,IF(AND(SUM(D58:N58)=1,R58=1),C58-SUM(D59:M59),TRUNC(C58*N58,2)),"") -> 120970.08 | O59: =IF(O58>0,IF(AND(SUM(D58:O58)=1,R58=1),C58-SUM(D59:N59),TRUNC(C58*O58,2)),"") -> 120970.08 | P59: =IF(P58>0,IF(AND(SUM(D58:P58)=1,R58=1),C58-SUM(D59:O59),TRUNC(C58*P58,2)),"") -> 80646.72 | Q59: =IF(Q58>0,IF(AND(SUM(D58:Q58)=1,R58=1),C58-SUM(D59:P59),TRUNC(C58*Q58,2)),"") | R59: =SUM(D59:Q59) -> 403233.6
A60: 22 | B60: FORRO | C60: =Resumo!H39 -> 82712.58 | O60: 0.5 | P60: 0.5 | R60: =SUM(D60:Q60) -> 1
D61: =IF(D60>0,TRUNC(C60*D60,2),"") | E61: =IF(E60>0,IF(AND(SUM(D60:E60)=1,R60=1),C60-SUM(D61),TRUNC(C60*E60,2)),"") | F61: =IF(F60>0,IF(AND(SUM(D60:F60)=1,R60=1),C60-SUM(D61:E61),TRUNC(C60*F60,2)),"") | G61: =IF(G60>0,IF(AND(SUM(D60:G60)=1,R60=1),C60-SUM(D61:F61),TRUNC(C60*G60,2)),"") | H61: =IF(H60>0,IF(AND(SUM(D60:H60)=1,R60=1),C60-SUM(D61:G61),TRUNC(C60*H60,2)),"") | I61: =IF(I60>0,IF(AND(SUM(D60:I60)=1,R60=1),C60-SUM(D61:H61),TRUNC(C60*I60,2)),"") | J61: =IF(J60>0,IF(AND(SUM(D60:J60)=1,R60=1),C60-SUM(D61:I61),TRUNC(C60*J60,2)),"") | K61: =IF(K60>0,IF(AND(SUM(D60:K60)=1,R60=1),C60-SUM(D61:J61),TRUNC(C60*K60,2)),"") | L61: =IF(L60>0,IF(AND(SUM(D60:L60)=1,R60=1),C60-SUM(D61:K61),TRUNC(C60*L60,2)),"") | M61: =IF(M60>0,IF(AND(SUM(D60:M60)=1,R60=1),C60-SUM(D61:L61),TRUNC(C60*M60,2)),"") | N61: =IF(N60>0,IF(AND(SUM(D60:N60)=1,R60=1),C60-SUM(D61:M61),TRUNC(C60*N60,2)),"") | O61: =IF(O60>0,IF(AND(SUM(D60:O60)=1,R60=1),C60-SUM(D61:N61),TRUNC(C60*O60,2)),"") -> 41356.29 | P61: =IF(P60>0,IF(AND(SUM(D60:P60)=1,R60=1),C60-SUM(D61:O61),TRUNC(C60*P60,2)),"") -> 41356.29 | Q61: =IF(Q60>0,IF(AND(SUM(D60:Q60)=1,R60=1),C60-SUM(D61:P61),TRUNC(C60*Q60,2)),"") | R61: =SUM(D61:Q61) -> 82712.58
A62: 23 | B62: PAISAGISMO / URBANIZAÇÃO / ACESSIBILIDADE | C62: =Resumo!H40 -> 784405.43 | O62: 0.3 | P62: 0.3 | Q62: 0.4 | R62: =SUM(D62:Q62) -> 1
D63: =IF(D62>0,TRUNC(C62*D62,2),"") | E63: =IF(E62>0,IF(AND(SUM(D62:E62)=1,R62=1),C62-SUM(D63),TRUNC(C62*E62,2)),"") | F63: =IF(F62>0,IF(AND(SUM(D62:F62)=1,R62=1),C62-SUM(D63:E63),TRUNC(C62*F62,2)),"") | G63: =IF(G62>0,IF(AND(SUM(D62:G62)=1,R62=1),C62-SUM(D63:F63),TRUNC(C62*G62,2)),"") | H63: =IF(H62>0,IF(AND(SUM(D62:H62)=1,R62=1),C62-SUM(D63:G63),TRUNC(C62*H62,2)),"") | I63: =IF(I62>0,IF(AND(SUM(D62:I62)=1,R62=1),C62-SUM(D63:H63),TRUNC(C62*I62,2)),"") | J63: =IF(J62>0,IF(AND(SUM(D62:J62)=1,R62=1),C62-SUM(D63:I63),TRUNC(C62*J62,2)),"") | K63: =IF(K62>0,IF(AND(SUM(D62:K62)=1,R62=1),C62-SUM(D63:J63),TRUNC(C62*K62,2)),"") | L63: =IF(L62>0,IF(AND(SUM(D62:L62)=1,R62=1),C62-SUM(D63:K63),TRUNC(C62*L62,2)),"") | M63: =IF(M62>0,IF(AND(SUM(D62:M62)=1,R62=1),C62-SUM(D63:L63),TRUNC(C62*M62,2)),"") | N63: =IF(N62>0,IF(AND(SUM(D62:N62)=1,R62=1),C62-SUM(D63:M63),TRUNC(C62*N62,2)),"") | O63: =IF(O62>0,IF(AND(SUM(D62:O62)=1,R62=1),C62-SUM(D63:N63),TRUNC(C62*O62,2)),"") -> 235321.62 | P63: =IF(P62>0,IF(AND(SUM(D62:P62)=1,R62=1),C62-SUM(D63:O63),TRUNC(C62*P62,2)),"") -> 235321.62 | Q63: =IF(Q62>0,IF(AND(SUM(D62:Q62)=1,R62=1),C62-SUM(D63:P63),TRUNC(C62*Q62,2)),"") -> 313762.19 | R63: =SUM(D63:Q63) -> 784405.43
A64: 24 | B64: EQUIPAMENTOS | C64: =Resumo!H41 -> 193118 | Q64: 1 | R64: =SUM(D64:Q64) -> 1
D65: =IF(D64>0,TRUNC(C64*D64,2),"") | E65: =IF(E64>0,IF(AND(SUM(D64:E64)=1,R64=1),C64-SUM(D65),TRUNC(C64*E64,2)),"") | F65: =IF(F64>0,IF(AND(SUM(D64:F64)=1,R64=1),C64-SUM(D65:E65),TRUNC(C64*F64,2)),"") | G65: =IF(G64>0,IF(AND(SUM(D64:G64)=1,R64=1),C64-SUM(D65:F65),TRUNC(C64*G64,2)),"") | H65: =IF(H64>0,IF(AND(SUM(D64:H64)=1,R64=1),C64-SUM(D65:G65),TRUNC(C64*H64,2)),"") | I65: =IF(I64>0,IF(AND(SUM(D64:I64)=1,R64=1),C64-SUM(D65:H65),TRUNC(C64*I64,2)),"") | J65: =IF(J64>0,IF(AND(SUM(D64:J64)=1,R64=1),C64-SUM(D65:I65),TRUNC(C64*J64,2)),"") | K65: =IF(K64>0,IF(AND(SUM(D64:K64)=1,R64=1),C64-SUM(D65:J65),TRUNC(C64*K64,2)),"") | L65: =IF(L64>0,IF(AND(SUM(D64:L64)=1,R64=1),C64-SUM(D65:K65),TRUNC(C64*L64,2)),"") | M65: =IF(M64>0,IF(AND(SUM(D64:M64)=1,R64=1),C64-SUM(D65:L65),TRUNC(C64*M64,2)),"") | N65: =IF(N64>0,IF(AND(SUM(D64:N64)=1,R64=1),C64-SUM(D65:M65),TRUNC(C64*N64,2)),"") | O65: =IF(O64>0,IF(AND(SUM(D64:O64)=1,R64=1),C64-SUM(D65:N65),TRUNC(C64*O64,2)),"") | P65: =IF(P64>0,IF(AND(SUM(D64:P64)=1,R64=1),C64-SUM(D65:O65),TRUNC(C64*P64,2)),"") | Q65: =IF(Q64>0,IF(AND(SUM(D64:Q64)=1,R64=1),C64-SUM(D65:P65),TRUNC(C64*Q64,2)),"") -> 193118 | R65: =SUM(D65:Q65) -> 193118
A66: 25 | B66: COMUNICAÇÃO VISUAL | C66: =Resumo!H42 -> 19177.99 | Q66: 1 | R66: =SUM(D66:Q66) -> 1
D67: =IF(D66>0,TRUNC(C66*D66,2),"") | E67: =IF(E66>0,IF(AND(SUM(D66:E66)=1,R66=1),C66-SUM(D67),TRUNC(C66*E66,2)),"") | F67: =IF(F66>0,IF(AND(SUM(D66:F66)=1,R66=1),C66-SUM(D67:E67),TRUNC(C66*F66,2)),"") | G67: =IF(G66>0,IF(AND(SUM(D66:G66)=1,R66=1),C66-SUM(D67:F67),TRUNC(C66*G66,2)),"") | H67: =IF(H66>0,IF(AND(SUM(D66:H66)=1,R66=1),C66-SUM(D67:G67),TRUNC(C66*H66,2)),"") | I67: =IF(I66>0,IF(AND(SUM(D66:I66)=1,R66=1),C66-SUM(D67:H67),TRUNC(C66*I66,2)),"") | J67: =IF(J66>0,IF(AND(SUM(D66:J66)=1,R66=1),C66-SUM(D67:I67),TRUNC(C66*J66,2)),"") | K67: =IF(K66>0,IF(AND(SUM(D66:K66)=1,R66=1),C66-SUM(D67:J67),TRUNC(C66*K66,2)),"") | L67: =IF(L66>0,IF(AND(SUM(D66:L66)=1,R66=1),C66-SUM(D67:K67),TRUNC(C66*L66,2)),"") | M67: =IF(M66>0,IF(AND(SUM(D66:M66)=1,R66=1),C66-SUM(D67:L67),TRUNC(C66*M66,2)),"") | N67: =IF(N66>0,IF(AND(SUM(D66:N66)=1,R66=1),C66-SUM(D67:M67),TRUNC(C66*N66,2)),"") | O67: =IF(O66>0,IF(AND(SUM(D66:O66)=1,R66=1),C66-SUM(D67:N67),TRUNC(C66*O66,2)),"") | P67: =IF(P66>0,IF(AND(SUM(D66:P66)=1,R66=1),C66-SUM(D67:O67),TRUNC(C66*P66,2)),"") | Q67: =IF(Q66>0,IF(AND(SUM(D66:Q66)=1,R66=1),C66-SUM(D67:P67),TRUNC(C66*Q66,2)),"") -> 19177.99 | R67: =SUM(D67:Q67) -> 19177.99
A68: 26 | B68: SUBESTAÇÃO | C68: =Resumo!H43 -> 291787 | F68: 0.2 | G68: 0.2 | H68: 0.3 | J68: 0.3 | R68: =SUM(D68:Q68) -> 1
D69: =IF(D68>0,TRUNC(C68*D68,2),"") | E69: =IF(E68>0,IF(AND(SUM(D68:E68)=1,R68=1),C68-SUM(D69),TRUNC(C68*E68,2)),"") | F69: =IF(F68>0,IF(AND(SUM(D68:F68)=1,R68=1),C68-SUM(D69:E69),TRUNC(C68*F68,2)),"") -> 58357.4 | G69: =IF(G68>0,IF(AND(SUM(D68:G68)=1,R68=1),C68-SUM(D69:F69),TRUNC(C68*G68,2)),"") -> 58357.4 | H69: =IF(H68>0,IF(AND(SUM(D68:H68)=1,R68=1),C68-SUM(D69:G69),TRUNC(C68*H68,2)),"") -> 87536.1 | J69: =IF(J68>0,IF(AND(SUM(D68:J68)=1,R68=1),C68-SUM(D69:I69),TRUNC(C68*J68,2)),"") -> 87536.1 | K69: =IF(K68>0,IF(AND(SUM(D68:K68)=1,R68=1),C68-SUM(D69:J69),TRUNC(C68*K68,2)),"") | L69: =IF(L68>0,IF(AND(SUM(D68:L68)=1,R68=1),C68-SUM(D69:K69),TRUNC(C68*L68,2)),"") | M69: =IF(M68>0,IF(AND(SUM(D68:M68)=1,R68=1),C68-SUM(D69:L69),TRUNC(C68*M68,2)),"") | N69: =IF(N68>0,IF(AND(SUM(D68:N68)=1,R68=1),C68-SUM(D69:M69),TRUNC(C68*N68,2)),"") | O69: =IF(O68>0,IF(AND(SUM(D68:O68)=1,R68=1),C68-SUM(D69:N69),TRUNC(C68*O68,2)),"") | P69: =IF(P68>0,IF(AND(SUM(D68:P68)=1,R68=1),C68-SUM(D69:O69),TRUNC(C68*P68,2)),"") | Q69: =IF(Q68>0,IF(AND(SUM(D68:Q68)=1,R68=1),C68-SUM(D69:P69),TRUNC(C68*Q68,2)),"") | R69: =SUM(D69:Q69) -> 291787
A70: 27 | B70: =Resumo!B44 -> GUARITA | C70: =Resumo!H44 -> 21393.63 | F70: 0.2 | G70: 0.2 | H70: 0.3 | J70: 0.3 | R70: =SUM(D70:Q70) -> 1
D71: =IF(D70>0,TRUNC(C70*D70,2),"") | E71: =IF(E70>0,IF(AND(SUM(D70:E70)=1,R70=1),C70-SUM(D71),TRUNC(C70*E70,2)),"") | F71: =IF(F70>0,IF(AND(SUM(D70:F70)=1,R70=1),C70-SUM(D71:E71),TRUNC(C70*F70,2)),"") -> 4278.72 | G71: =IF(G70>0,IF(AND(SUM(D70:G70)=1,R70=1),C70-SUM(D71:F71),TRUNC(C70*G70,2)),"") -> 4278.72 | H71: =IF(H70>0,IF(AND(SUM(D70:H70)=1,R70=1),C70-SUM(D71:G71),TRUNC(C70*H70,2)),"") -> 6418.08 | J71: =IF(J70>0,IF(AND(SUM(D70:J70)=1,R70=1),C70-SUM(D71:I71),TRUNC(C70*J70,2)),"") -> 6418.11 | K71: =IF(K70>0,IF(AND(SUM(D70:K70)=1,R70=1),C70-SUM(D71:J71),TRUNC(C70*K70,2)),"") | L71: =IF(L70>0,IF(AND(SUM(D70:L70)=1,R70=1),C70-SUM(D71:K71),TRUNC(C70*L70,2)),"") | M71: =IF(M70>0,IF(AND(SUM(D70:M70)=1,R70=1),C70-SUM(D71:L71),TRUNC(C70*M70,2)),"") | N71: =IF(N70>0,IF(AND(SUM(D70:N70)=1,R70=1),C70-SUM(D71:M71),TRUNC(C70*N70,2)),"") | O71: =IF(O70>0,IF(AND(SUM(D70:O70)=1,R70=1),C70-SUM(D71:N71),TRUNC(C70*O70,2)),"") | P71: =IF(P70>0,IF(AND(SUM(D70:P70)=1,R70=1),C70-SUM(D71:O71),TRUNC(C70*P70,2)),"") | Q71: =IF(Q70>0,IF(AND(SUM(D70:Q70)=1,R70=1),C70-SUM(D71:P71),TRUNC(C70*Q70,2)),"") | R71: =SUM(D71:Q71) -> 21393.63
A72: 28 | B72: =Resumo!B45 -> PORTICO | C72: =Resumo!H45 -> 112892.63 | F72: 0.2 | G72: 0.2 | H72: 0.3 | J72: 0.3 | R72: =SUM(D72:Q72) -> 1
D73: =IF(D72>0,TRUNC(C72*D72,2),"") | E73: =IF(E72>0,IF(AND(SUM(D72:E72)=1,R72=1),C72-SUM(D73),TRUNC(C72*E72,2)),"") | F73: =IF(F72>0,IF(AND(SUM(D72:F72)=1,R72=1),C72-SUM(D73:E73),TRUNC(C72*F72,2)),"") -> 22578.52 | G73: =IF(G72>0,IF(AND(SUM(D72:G72)=1,R72=1),C72-SUM(D73:F73),TRUNC(C72*G72,2)),"") -> 22578.52 | H73: =IF(H72>0,IF(AND(SUM(D72:H72)=1,R72=1),C72-SUM(D73:G73),TRUNC(C72*H72,2)),"") -> 33867.78 | J73: =IF(J72>0,IF(AND(SUM(D72:J72)=1,R72=1),C72-SUM(D73:I73),TRUNC(C72*J72,2)),"") -> 33867.81 | K73: =IF(K72>0,IF(AND(SUM(D72:K72)=1,R72=1),C72-SUM(D73:J73),TRUNC(C72*K72,2)),"") | L73: =IF(L72>0,IF(AND(SUM(D72:L72)=1,R72=1),C72-SUM(D73:K73),TRUNC(C72*L72,2)),"") | M73: =IF(M72>0,IF(AND(SUM(D72:M72)=1,R72=1),C72-SUM(D73:L73),TRUNC(C72*M72,2)),"") | N73: =IF(N72>0,IF(AND(SUM(D72:N72)=1,R72=1),C72-SUM(D73:M73),TRUNC(C72*N72,2)),"") | O73: =IF(O72>0,IF(AND(SUM(D72:O72)=1,R72=1),C72-SUM(D73:N73),TRUNC(C72*O72,2)),"") | P73: =IF(P72>0,IF(AND(SUM(D72:P72)=1,R72=1),C72-SUM(D73:O73),TRUNC(C72*P72,2)),"") | Q73: =IF(Q72>0,IF(AND(SUM(D72:Q72)=1,R72=1),C72-SUM(D73:P73),TRUNC(C72*Q72,2)),"") | R73: =SUM(D73:Q73) -> 112892.63
A74: 29 | B74: SERVIÇOS COMPLEMENTARES | C74: =Resumo!H46 -> 64442.98 | Q74: 1 | R74: =SUM(D74:Q74) -> 1
D75: =IF(D74>0,TRUNC(C74*D74,2),"") | E75: =IF(E74>0,IF(AND(SUM(D74:E74)=1,R74=1),C74-SUM(D75),TRUNC(C74*E74,2)),"") | F75: =IF(F74>0,IF(AND(SUM(D74:F74)=1,R74=1),C74-SUM(D75:E75),TRUNC(C74*F74,2)),"") | G75: =IF(G74>0,IF(AND(SUM(D74:G74)=1,R74=1),C74-SUM(D75:F75),TRUNC(C74*G74,2)),"") | H75: =IF(H74>0,IF(AND(SUM(D74:H74)=1,R74=1),C74-SUM(D75:G75),TRUNC(C74*H74,2)),"") | I75: =IF(I74>0,IF(AND(SUM(D74:I74)=1,R74=1),C74-SUM(D75:H75),TRUNC(C74*I74,2)),"") | J75: =IF(J74>0,IF(AND(SUM(D74:J74)=1,R74=1),C74-SUM(D75:I75),TRUNC(C74*J74,2)),"") | K75: =IF(K74>0,IF(AND(SUM(D74:K74)=1,R74=1),C74-SUM(D75:J75),TRUNC(C74*K74,2)),"") | L75: =IF(L74>0,IF(AND(SUM(D74:L74)=1,R74=1),C74-SUM(D75:K75),TRUNC(C74*L74,2)),"") | M75: =IF(M74>0,IF(AND(SUM(D74:M74)=1,R74=1),C74-SUM(D75:L75),TRUNC(C74*M74,2)),"") | N75: =IF(N74>0,IF(AND(SUM(D74:N74)=1,R74=1),C74-SUM(D75:M75),TRUNC(C74*N74,2)),"") | O75: =IF(O74>0,IF(AND(SUM(D74:O74)=1,R74=1),C74-SUM(D75:N75),TRUNC(C74*O74,2)),"") | P75: =IF(P74>0,IF(AND(SUM(D74:P74)=1,R74=1),C74-SUM(D75:O75),TRUNC(C74*P74,2)),"") | Q75: =IF(Q74>0,IF(AND(SUM(D74:Q74)=1,R74=1),C74-SUM(D75:P75),TRUNC(C74*Q74,2)),"") -> 64442.98 | R75: =SUM(D75:Q75) -> 64442.98
C76: =SUM(C18,C20,C22,C24,C26,C28,C30,C32,C34,C36,C38,C40,C42,C44,C46,C48,C50,C52,C54,C56,C58,C60,C62,C64,C66,C68,C74,C70,C72) -> 7504566.9 | D76: =SUM(D19,D21,D23,D25,D27,D29,D31,D33,D35,D37,D39,D41,D43,D45,D47,D49,D51,D53,D55,D57,D59,D61,D63,D65,D67,D69,D75,D71,D73) -> 64568.46 | E76: =SUM(E19,E21,E23,E25,E27,E29,E31,E33,E35,E37,E39,E41,E43,E45,E47,E49,E51,E53,E55,E57,E59,E61,E63,E65,E67,E69,E75,E71,E73) -> 132717.99 | F76: =SUM(F19,F21,F23,F25,F27,F29,F31,F33,F35,F37,F39,F41,F43,F45,F47,F49,F51,F53,F55,F57,F59,F61,F63,F65,F67,F69,F75,F71,F73) -> 380679.13 | G76: =SUM(G19,G21,G23,G25,G27,G29,G31,G33,G35,G37,G39,G41,G43,G45,G47,G49,G51,G53,G55,G57,G59,G61,G63,G65,G67,G69,G75,G71,G73) -> 960919.53 | H76: =SUM(H19,H21,H23,H25,H27,H29,H31,H33,H35,H37,H39,H41,H43,H45,H47,H49,H51,H53,H55,H57,H59,H61,H63,H65,H67,H69,H75,H71,H73) -> 734316.69 | J76: =SUM(J19,J21,J23,J25,J27,J29,J31,J33,J35,J37,J39,J41,J43,J45,J47,J49,J51,J53,J55,J57,J59,J61,J63,J65,J67,J69,J75,J71,J73) -> 689579.7 | K76: =SUM(K19,K21,K23,K25,K27,K29,K31,K33,K35,K37,K39,K41,K43,K45,K47,K49,K51,K53,K55,K57,K59,K61,K63,K65,K67,K69,K75,K71,K73) -> 733777.83 | L76: =SUM(L19,L21,L23,L25,L27,L29,L31,L33,L35,L37,L39,L41,L43,L45,L47,L49,L51,L53,L55,L57,L59,L61,L63,L65,L67,L69,L75,L71,L73) -> 632682.85 | M76: =SUM(M19,M21,M23,M25,M27,M29,M31,M33,M35,M37,M39,M41,M43,M45,M47,M49,M51,M53,M55,M57,M59,M61,M63,M65,M67,M69,M75,M71,M73) -> 750456.28 | N76: =SUM(N19,N21,N23,N25,N27,N29,N31,N33,N35,N37,N39,N41,N43,N45,N47,N49,N51,N53,N55,N57,N59,N61,N63,N65,N67,N69,N75,N71,N73) -> 552582.97 | O76: =SUM(O19,O21,O23,O25,O27,O29,O31,O33,O35,O37,O39,O41,O43,O45,O47,O49,O51,O53,O55,O57,O59,O61,O63,O65,O67,O69,O75,O71,O73) -> 699918.44 | P76: =SUM(P19,P21,P23,P25,P27,P29,P31,P33,P35,P37,P39,P41,P43,P45,P47,P49,P51,P53,P55,P57,P59,P61,P63,P65,P67,P69,P75,P71,P73) -> 496638.48 | Q76: =SUM(Q19,Q21,Q23,Q25,Q27,Q29,Q31,Q33,Q35,Q37,Q39,Q41,Q43,Q45,Q47,Q49,Q51,Q53,Q55,Q57,Q59,Q61,Q63,Q65,Q67,Q69,Q75,Q71,Q73) -> 675728.56 | R76: =Q77 -> 7504566.9
D77: =D76+C77 -> 64568.46 | E77: =E76+D77 -> 197286.45 | F77: =F76+E77 -> 577965.58 | G77: =G76+F77 -> 1538885.1 | H77: =H76+G77 -> 2273201.8 | J77: =H77+J76 -> 2962781.5 | K77: =K76+J77 -> 3696559.3 | L77: =L76+K77 -> 4329242.2 | M77: =M76+L77 -> 5079698.5 | N77: =N76+M77 -> 5632281.4 | O77: =O76+N77 -> 6332199.9 | P77: =P76+O77 -> 6828838.3 | Q77: =Q76+P77 -> 7504566.9

Sheet CURVA ABC
A12: =Planilha!A12 -> UFF- CAMPUS NITERÓI | H12: =Planilha!E12 -> AUTOR: | J12: =Planilha!H12 -> FUNÇÃO:
A13: =Planilha!A13 -> LOCAL: RUA VERA CRISPINO DE FREITAS, 190-2 - BOA VIAGEM, NITERÓI-RJ | H13: =Planilha!E13 -> PROCESSO: | J13: =Planilha!H13 -> ART/RRT:
A14: =Planilha!A14 -> NOME DA OBRA: AGÊNCIA DE INOVAÇÃO DA UFF | H14: =Planilha!E14 -> BDI | I14: =Planilha!F14 -> BDI EQUIP. | J14: =Planilha!H14 -> DATA | K14: =Planilha!I14 -> REVISÃO
A15: =Planilha!A15 -> BASE DE DADOS: SINAPI/2025.7 - EMOP/2025.7 - SCO/2025.7 - SBC/2025.7 | H15: =Planilha!E15 -> 0.24657 | I15: =Planilha!F15 -> 0 | J15: =Planilha!H15 -> 45957 | K15: =Planilha!I15 -> R03
A16: CÓDIGO | B16: BANCO | C16: DESCRIÇÃO | D16: TIPO | E16: UNIDADE | F16: QUANTIDADE | G16: PREÇO UNITÁRIO | H16: PREÇO TOTAL | I16: % | J16: ACUMUL. % | K16: CL
A17: COMP-1014 | B17: Próprio | C17: PISO DE MADEIRA PLÁSTICA LINHA ECOWOOD OU EQUIVALENTE TÉCNICO, APLICADO SOBRE CONTRAPISO. FORNECIMENTO E INSTALAÇÃO. | E17: un | F17: 877.85 | G17: 598.75 | H17: 525612.68 | I17: =H17/$I$445 -> 0.070039041 | J17: =I17 -> 0.070039041 | K17: =IF(J17<=50%,"A",IF(J17<=80%,"B","C")) -> A
A18: COMP-1001 | B18: Próprio | C18: EQUIPE ADMINISTRATIVA DA OBRA | E18: un | F18: 1 | G18: 496956.26 | H18: 496956.26 | I18: =H18/$I$445 -> 0.06622051 | J18: =I18+J17 -> 0.13625955 | K18: =IF(J18<=50%,"A",IF(J18<=80%,"B","C")) -> A
A19: COMP-25269 | B19: Próprio | C19: PLACA PRÉ-MOLDADA CONCRETO FCK 40 MPA P/ FACHADA 1,50X0,30X0,08 M. FORNECIMENTO E INSTALAÇÃO | E19: un | F19: 678 | G19: 374.11 | H19: 253646.58 | I19: =H19/$I$445 -> 0.033798962 | J19: =I19+J18 -> 0.17005851 | K19: =IF(J19<=50%,"A",IF(J19<=80%,"B","C")) -> A
A20: 101161 | B20: SINAPI | C20: ALVENARIA DE VEDAÇÃO COM ELEMENTO VAZADO DE CONCRETO (COBOGÓ) DE 7X50X50CM E ARGAMASSA DE ASSENTAMENTO COM PREPARO EM BETONEIRA. AF_05/2020 | D20: Alvenarias Diversas | E20: m² | F20: 713.69 | G20: 288.65 | H20: 206006.61 | I20: =H20/$I$445 -> 0.027450832 | J20: =I20+J19 -> 0.19750935 | K20: =IF(J20<=50%,"A",IF(J20<=80%,"B","C")) -> A
A21: 103675 | B21: SINAPI | C21: CONCRETAGEM DE VIGAS E LAJES, FCK=25 MPA, PARA LAJES MACIÇAS OU NERVURADAS COM USO DE BOMBA - LANÇAMENTO, ADENSAMENTO E ACABAMENTO. AF_02/2022_PS | D21: Concretagem para Estruturas de Concreto Armado | E21: m³ | F21: 244.48 | G21: 821.27 | H21: 200784.08 | I21: =H21/$I$445 -> 0.026754918 | J21: =I21+J20 -> 0.22426426 | K21: =IF(J21<=50%,"A",IF(J21<=80%,"B","C")) -> A
A22: 98575 | B22: SINAPI | C22: TRATAMENTO DE JUNTA DE DILATAÇÃO, COM TARUGO DE POLIETILENO E SELANTE PU, INCLUSO PREENCHIMENTO COM ESPUMA EXPANSIVA PU. AF_09/2023 | D22: Impermeabilização, Proteção Mecânica e Tratamento de Junta | E22: M | F22: 1835.88 | G22: 108.75 | H22: 199651.95 | I22: =H22/$I$445 -> 0.02660406 | J22: =I22+J21 -> 0.25086832 | K22: =IF(J22<=50%,"A",IF(J22<=80%,"B","C")) -> A
A23: COMP-1016 | B23: Próprio | C23: PISO FULGET ESPESSURA 12MM, FORMANDO QUADROS COM JUNTA PLÁSTICA. DIMENSSÕES: 1,20X1,20CM | E23: un | F23: 797.46 | G23: 221.5 | H23: 176637.39 | I23: =H23/$I$445 -> 0.023537319 | J23: =I23+J22 -> 0.27440564 | K23: =IF(J23<=50%,"A",IF(J23<=80%,"B","C")) -> A
A24: COMP-3029 | B24: Próprio | C24: POLTRONA ACOLCHOADA PARA AUDITÓRIO. FORNECIMENTO E INSTALAÇÃO | E24: un | F24: 48 | G24: 3442.22 | H24: 165226.56 | I24: =H24/$I$445 -> 0.022016801 | J24: =I24+J23 -> 0.29642244 | K24: =IF(J24<=50%,"A",IF(J24<=80%,"B","C")) -> A
A25: 94569 | B25: SINAPI | C25: JANELA DE ALUMÍNIO TIPO MAXIM-AR, BATENTE/ REQUADRO 3 A 14 CM, VIDRO INCLUSO, FIXAÇÃO COM PARAFUSO, SEM GUARNIÇÃO/ ALIZAR, DIMENSÕES 60X80 (A X L) CM, SEM ACABAMENTO, VEDAÇÃO COM SILICONE, EXCLUSIVE CONTRAMARCO - FORNECIMENTO E INSTALAÇÃO. AF_11/2024 | D25: Esquadrias - Janelas | E25: m² | F25: 112.72 | G25: 1409.38 | H25: 158865.31 | I25: =H25/$I$445 -> 0.021169151 | J25: =I25+J24 -> 0.31759159 | K25: =IF(J25<=50%,"A",IF(J25<=80%,"B","C")) -> A
A26: 92398 | B26: SINAPI | C26: EXECUÇÃO DE PAVIMENTO EM PISO INTERTRAVADO, COM BLOCO RETANGULAR COR NATURAL DE 20 X 10 CM, ESPESSURA 8 CM. AF_10/2022 | D26: Pavimento Intertravado | E26: m² | F26: 1113.82 | G26: 142.13 | H26: 158307.23 | I26: =H26/$I$445 -> 0.021094785 | J26: =I26+J25 -> 0.33868638 | K26: =IF(J26<=50%,"A",IF(J26<=80%,"B","C")) -> A
A27: 98546 | B27: SINAPI | C27: IMPERMEABILIZAÇÃO DE SUPERFÍCIE COM MANTA ASFÁLTICA, UMA CAMADA, INCLUSIVE APLICAÇÃO DE PRIMER ASFÁLTICO, E=4MM. AF_09/2023 | D27: Impermeabilização, Proteção Mecânica e Tratamento de Junta | E27: m² | F27: 814.17 | G27: 182.16 | H27: 148309.2 | I27: =H27/$I$445 -> 0.019762526 | J27: =I27+J26 -> 0.3584489 | K27: =IF(J27<=50%,"A",IF(J27<=80%,"B","C")) -> A
A28: 112810 | B28: SBC | C28: BRISE METALICO CHAPA MICROPERFURADAPRE-PINTADA AS288 REFAX | D28: ESQUADRIAS DE ALUMINIO | E28: m² | F28: 118.6 | G28: 1228.51 | H28: 145701.28 | I28: =H28/$I$445 -> 0.019415015 | J28: =I28+J27 -> 0.37786392 | K28: =IF(J28<=50%,"A",IF(J28<=80%,"B","C")) -> A
A29: 92455 | B29: SINAPI | C29: MONTAGEM E DESMONTAGEM DE FÔRMA DE VIGA, ESCORAMENTO COM GARFO DE MADEIRA, PÉ-DIREITO SIMPLES, EM CHAPA DE MADEIRA RESINADA, 4 UTILIZAÇÕES. AF_09/2020 | D29: Fôrmas para Estruturas de Concreto Armado | E29: m² | F29: 655.47 | G29: 218.7 | H29: 143351.28 | I29: =H29/$I$445 -> 0.019101872 | J29: =I29+J28 -> 0.39696579 | K29: =IF(J29<=50%,"A",IF(J29<=80%,"B","C")) -> A
A30: COMP-3041 | B30: Próprio | C30: Cubículo de entrada e medição para uso abrigado, classe 15 kV | D30: 36.01 | E30: CJ | F30: 1 | G30: 139670.98 | H30: 139670.98 | I30: =H30/$I$445 -> 0.018611464 | J30: =I30+J29 -> 0.41557726 | K30: =IF(J30<=50%,"A",IF(J30<=80%,"B","C")) -> A
A31: COMP-1013 | B31: Próprio | C31: PISO VINÍLICO EM MANTA DECODE FIBER 25104088. FORNECIMENTO E INSTALAÇÃO. | E31: un | F31: 461.63 | G31: 274.62 | H31: 126772.83 | I31: =H31/$I$445 -> 0.016892757 | J31: =I31+J30 -> 0.43247001 | K31: =IF(J31<=50%,"A",IF(J31<=80%,"B","C")) -> A
A32: 87748 | B32: SINAPI | C32: CONTRAPISO EM ARGAMASSA PRONTA, PREPARO MECÂNICO COM MISTURADOR 300 KG, APLICADO EM ÁREAS MOLHADAS SOBRE LAJE, ADERIDO, ACABAMENTO NÃO REFORÇADO, ESPESSURA 3CM. AF_07/2021 | D32: Contrapiso | E32: m² | F32: 814.17 | G32: 143.29 | H32: 116662.41 | I32: =H32/$I$445 -> 0.015545522 | J32: =I32+J31 -> 0.44801553 | K32: =IF(J32<=50%,"A",IF(J32<=80%,"B","C")) -> A
A33: 10.003.0080-A | B33: EMOP | C33: ESTACA DE CONCRETO ARMADO,MOLDADA NO TERRENO,TIPO HELICE CON TINUA,DIAMETRO DE 400MM,CAPACIDADE DE CARGA DE 60T A 80T,INC LUSIVE FORNECIMENTO DOS MATERIAIS CONSIDERANDO O TRECHO CRAV ADO E CONCRETADO GOS SOCIAIS DESONERADOS GOS SOCIAIS DESONERADOS | D33: 10 | E33: M | F33: 180 | G33: 547.31 | H33: 98515.8 | I33: =H33/$I$445 -> 0.013127446 | J33: =I33+J32 -> 0.46114298 | K33: =IF(J33<=50%,"A",IF(J33<=80%,"B","C")) -> A
A34: 98459 | B34: SINAPI | C34: TAPUME COM TELHA METÁLICA. AF_03/2024 | D34: Instalações para Canteiros de Obras | E34: m² | F34: 711.38 | G34: 130.99 | H34: 93183.66 | I34: =H34/$I$445 -> 0.012416927 | J34: =I34+J33 -> 0.47355991 | K34: =IF(J34<=50%,"A",IF(J34<=80%,"B","C")) -> A
A35: 43.08.041 | B35: Próprio | C35: EVAPORADOR PARA SISTEMA VRF DE AR CONDICIONADO, TIPO CASSETE, CAPACIDADE DE 2 TR | E35: un | F35: 12 | G35: 7430.85 | H35: 89170.2 | I35: =H35/$I$445 -> 0.011882124 | J35: =I35+J34 -> 0.48544203 | K35: =IF(J35<=50%,"A",IF(J35<=80%,"B","C")) -> A
A36: 90093 | B36: SBC | C36: DIVIS.PAINEL/VIDRO/PAINEL MIOLO SEMI-OCO 35MM REV.LAM.COLOC. | D36: PAREDES E PAINEIS | E36: m² | F36: 196.99 | G36: 446 | H36: 87857.54 | I36: =H36/$I$445 -> 0.01170721 | J36: =I36+J35 -> 0.49714924 | K36: =IF(J36<=50%,"A",IF(J36<=80%,"B","C")) -> A
A37: 98297 | B37: SINAPI | C37: CABO ELETRÔNICO CATEGORIA 6, INSTALADO EM EDIFICAÇÃO INSTITUCIONAL - FORNECIMENTO E INSTALAÇÃO. AF_11/2019 | D37: Redes de Lógica, Telefonia e Imagem | E37: M | F37: 8385 | G37: 10.34 | H37: 86700.9 | I37: =H37/$I$445 -> 0.011553085 | J37: =I37+J36 -> 0.50870233 | K37: =IF(J37<=50%,"A",IF(J37<=80%,"B","C")) -> B
A38: 7881 | B38: EMOP | C38: BOTIJA COM GAS REFRIGERANTE R-22, DE 13, 6 KG, EMBALAGEM DESCARTAVEL | D38: Material | E38: UN | F38: 70 | G38: 1161.24 | H38: 81286.8 | I38: =H38/$I$445 -> 0.010831644 | J38: =I38+J37 -> 0.51953397 | K38: =IF(J38<=50%,"A",IF(J38<=80%,"B","C")) -> B
A39: COMP-1004 | B39: Próprio | C39: PLACA CIMENTÍCIA PRÉ-MOLDADA (STEEL FRAME) 10MM. FORNECIMENTO E INSTALAÇÃO. | E39: un | F39: 374.26 | G39: 213.54 | H39: 79919.48 | I39: =H39/$I$445 -> 0.010649446 | J39: =I39+J38 -> 0.53018342 | K39: =IF(J39<=50%,"A",IF(J39<=80%,"B","C")) -> B
A40: 43.08.003 | B40: Próprio | C40: CONDENSADOR PARA SISTEMA VRF DE AR CONDICIONADO, CAPACIDADE DE 11 TR A 13 TR | E40: un | F40: 1 | G40: 76682.04 | H40: 76682.04 | I40: =H40/$I$445 -> 0.01021805 | J40: =I40+J39 -> 0.54040147 | K40: =IF(J40<=50%,"A",IF(J40<=80%,"B","C")) -> B
A41: 92413 | B41: SINAPI | C41: MONTAGEM E DESMONTAGEM DE FÔRMA DE PILARES RETANGULARES E ESTRUTURAS SIMILARES, PÉ-DIREITO SIMPLES, EM MADEIRA SERRADA, 4 UTILIZAÇÕES. AF_09/2020 | D41: Fôrmas para Estruturas de Concreto Armado | E41: m² | F41: 460.89 | G41: 161.44 | H41: 74406.08 | I41: =H41/$I$445 -> 0.0099147731 | J41: =I41+J40 -> 0.55031624 | K41: =IF(J41<=50%,"A",IF(J41<=80%,"B","C")) -> B
A42: 18.028.0150-A | B42: EMOP | C42: TRANSFORMADOR DE DISTRIBUICAO DE 225KVA,ABRIGADA,CLASSE 15KV ,A SECO,TENSAO PRIMARIA DE 13,8KV,TENSAO SECUNDARIA DE 220/1 27V-60HZ.FORNECIMENTO E COLOCACAO NSAO PRIMARIA DE 13,8KV, TENSAO SECUND.220/127V-60HZ,C/ACESS CARGOS SOCIAIS DESONERADOS GOS SOCIAIS DESONERADOS | D42: 18 | E42: UN | F42: 1 | G42: 71261.47 | H42: 71261.47 | I42: =H42/$I$445 -> 0.009495747 | J42: =I42+J41 -> 0.55981199 | K42: =IF(J42<=50%,"A",IF(J42<=80%,"B","C")) -> B
A43: 92490 | B43: SINAPI | C43: MONTAGEM E DESMONTAGEM DE FÔRMA DE LAJE NERVURADA COM CUBETA E ASSOALHO, PÉ-DIREITO SIMPLES, EM CHAPA DE MADEIRA COMPENSADA RESINADA, 8 UTILIZAÇÕES. AF_09/2020 | D43: Fôrmas para Estruturas de Concreto Armado | E43: m² | F43: 652.15 | G43: 108.27 | H43: 70608.28 | I43: =H43/$I$445 -> 0.009408708 | J43: =I43+J42 -> 0.56922069 | K43: =IF(J43<=50%,"A",IF(J43<=80%,"B","C")) -> B
A44: COMP-1022 | B44: Próprio | C44: POSTE METÁLICO 6,0M COM CAIXA DE PASSAGEM EM ALVENARIA. FORNECIMENTO E INSTALAÇÃO | E44: un | F44: 19 | G44: 3560.62 | H44: 67651.78 | I44: =H44/$I$445 -> 0.0090147479 | J44: =I44+J43 -> 0.57823544 | K44: =IF(J44<=50%,"A",IF(J44<=80%,"B","C")) -> B
A45: 43.08.040 | B45: Próprio | C45: EVAPORADOR PARA SISTEMA VRF DE AR CONDICIONADO, TIPO CASSETE, CAPACIDADE DE 1 TR | E45: un | F45: 10 | G45: 6669.63 | H45: 66696.3 | I45: =H45/$I$445 -> 0.0088874281 | J45: =I45+J44 -> 0.58712287 | K45: =IF(J45<=50%,"A",IF(J45<=80%,"B","C")) -> B
A46: 43.08.002 | B46: Próprio | C46: CONDENSADOR PARA SISTEMA VRF DE AR CONDICIONADO, CAPACIDADE DE 8 TR A 10 TR | E46: un | F46: 1 | G46: 66511.85 | H46: 66511.85 | I46: =H46/$I$445 -> 0.0088628497 | J46: =I46+J45 -> 0.59598572 | K46: =IF(J46<=50%,"A",IF(J46<=80%,"B","C")) -> B
A47: 92764 | B47: SINAPI | C47: ARMAÇÃO DE PILAR OU VIGA DE ESTRUTURA CONVENCIONAL DE CONCRETO ARMADO UTILIZANDO AÇO CA-50 DE 16,0 MM - MONTAGEM. AF_06/2022 | D47: Armação para Estruturas de Concreto Armado | E47: KG | F47: 5519.6 | G47: 11.97 | H47: 66069.61 | I47: =H47/$I$445 -> 0.0088039202 | J47: =I47+J46 -> 0.60478964 | K47: =IF(J47<=50%,"A",IF(J47<=80%,"B","C")) -> B
A48: 11.025.0014-A | B48: EMOP | C48: CONCRETO BOMBEADO,FCK=40MPA,COMPREENDENDO O FORNECIMENTO DE CONCRETO IMPORTADO DE USINA,COLOCACAO NAS FORMAS,ESPALHAMENT O,ADENSAMENTO MECANICO E ACABAMENTO S SOCIAIS DESONERADOS NCARGOS SOCIAIS DESONERADOS DOS GOS SOCIAIS DESONERADOS | D48: 11 | E48: m³ | F48: 63.89 | G48: 1008.06 | H48: 64404.95 | I48: =H48/$I$445 -> 0.0085821006 | J48: =I48+J47 -> 0.61337174 | K48: =IF(J48<=50%,"A",IF(J48<=80%,"B","C")) -> B
A49: 210023 | B49: Próprio | C49: LIMPEZA FINAL DE OBRAS | E49: un | F49: 851.28 | G49: 75.64 | H49: 64390.81 | I49: =H49/$I$445 -> 0.0085802165 | J49: =I49+J48 -> 0.62195196 | K49: =IF(J49<=50%,"A",IF(J49<=80%,"B","C")) -> B
A50: 96368 | B50: SINAPI | C50: PAREDE COM SISTEMA EM CHAPAS DE GESSO PARA DRYWALL, USO INTERNO COM DUAS FACES DUPLAS E ESTRUTURA METÁLICA COM GUIAS DUPLAS, SEM VÃOS. AF_07/2023_PS | D50: Paredes em Drywall | E50: m² | F50: 277.6 | G50: 229.67 | H50: 63756.39 | I50: =H50/$I$445 -> 0.0084956786 | J50: =I50+J49 -> 0.63044764 | K50: =IF(J50<=50%,"A",IF(J50<=80%,"B","C")) -> B
A51: COM-40772 | B51: Próprio | C51: LOCACAO DE ANDAIME METALICO TIPO FACHADEIRO, PECAS COM APROXIMADAMENTE 1,20 M DE LARGURA E 2,0 M DE ALTURA, INCLUINDO DIAGONAIS EM X, BARRAS DE LIGACAO, SAPATAS E DEMAIS ITENS NECESSARIOS A MONTAGEM. INCLUSIVE MONTAGEM E DESMONTAGEM | E51: un | F51: 1680 | G51: 36.71 | H51: 61672.8 | I51: =H51/$I$445 -> 0.0082180357 | J51: =I51+J50 -> 0.63866567 | K51: =IF(J51<=50%,"A",IF(J51<=80%,"B","C")) -> B
A52: 96558 | B52: SINAPI | C52: CONCRETAGEM DE SAPATA, FCK 30 MPA, COM USO DE BOMBA - LANÇAMENTO, ADENSAMENTO E ACABAMENTO. AF_01/2024 | D52: Fundações Rasas (Blocos, Sapatas, Vigas Baldrame) | E52: m³ | F52: 64.69 | G52: 943.07 | H52: 61007.19 | I52: =H52/$I$445 -> 0.0081293417 | J52: =I52+J51 -> 0.64679501 | K52: =IF(J52<=50%,"A",IF(J52<=80%,"B","C")) -> B
A53: 96529 | B53: SINAPI | C53: FABRICAÇÃO, MONTAGEM E DESMONTAGEM DE FÔRMA PARA SAPATA, EM MADEIRA SERRADA, E=25 MM, 1 UTILIZAÇÃO. AF_01/2024 | D53: Fundações Rasas (Blocos, Sapatas, Vigas Baldrame) | E53: m² | F53: 148.91 | G53: 394.88 | H53: 58801.58 | I53: =H53/$I$445 -> 0.0078354393 | J53: =I53+J52 -> 0.65463045 | K53: =IF(J53<=50%,"A",IF(J53<=80%,"B","C")) -> B
A54: 92772 | B54: SINAPI | C54: ARMAÇÃO DE LAJE DE ESTRUTURA CONVENCIONAL DE CONCRETO ARMADO UTILIZANDO AÇO CA-50 DE 12,5 MM - MONTAGEM. AF_06/2022 | D54: Armação para Estruturas de Concreto Armado | E54: KG | F54: 4744.6 | G54: 11.84 | H54: 56176.06 | I54: =H54/$I$445 -> 0.007485583 | J54: =I54+J53 -> 0.66211604 | K54: =IF(J54<=50%,"A",IF(J54<=80%,"B","C")) -> B
A55: 104919 | B55: SINAPI | C55: ARMAÇÃO DE SAPATA ISOLADA, VIGA BALDRAME E SAPATA CORRIDA UTILIZANDO AÇO CA-50 DE 10 MM - MONTAGEM. AF_01/2024 | D55: Fundações Rasas (Blocos, Sapatas, Vigas Baldrame) | E55: KG | F55: 3000.1 | G55: 17.76 | H55: 53281.77 | I55: =H55/$I$445 -> 0.0070999126 | J55: =I55+J54 -> 0.66921595 | K55: =IF(J55<=50%,"A",IF(J55<=80%,"B","C")) -> B
A56: 12095 | B56: SBC | C56: CONTAINER REFEITORIO 12.12x2,44x2.57 C/5 MESAS/BANCOS/PIA | D56: INSTALACOES PROVISORIAS | E56: MES | F56: 13 | G56: 4068.9 | H56: 52895.7 | I56: =H56/$I$445 -> 0.0070484679 | J56: =I56+J55 -> 0.67626442 | K56: =IF(J56<=50%,"A",IF(J56<=80%,"B","C")) -> B
A57: 06.014.0054-A | B57: EMOP | C57: CAIXA DE PASSAGEM EM ALVENARIA DE TIJOLO MACICO(7X10X20CM),E M PAREDES DE UMA VEZ(0,20M),DE 0,60X0,60X0,80M,EXCLUSIVE TAM PA,UTILIZANDO ARGAMASSA DE CIMENTO E AREIA,NO TRACO 1:4 EM V OLUME,COM FUNDO EM CONCRETO SIMPLES PROVIDO DE CALHA INTERNA ,SENDO AS PAREDES REVESTIDAS INETERNAMENTE COM A MESMA ARGAM ASSA NCARGOS SOCIAIS DESONERADOS DOS GOS SOCIAIS DESONERADOS | D57: 6 | E57: UN | F57: 37 | G57: 1426.62 | H57: 52784.94 | I57: =H57/$I$445 -> 0.0070337089 | J57: =I57+J56 -> 0.68329812 | K57: =IF(J57<=50%,"A",IF(J57<=80%,"B","C")) -> B
A58: 91928 | B58: SINAPI | C58: CABO DE COBRE FLEXÍVEL ISOLADO, 4 MM², ANTI-CHAMA 450/750 V, PARA CIRCUITOS TERMINAIS - FORNECIMENTO E INSTALAÇÃO. AF_03/2023 | D58: Instalações Elétricas - Eletrodutos Embutidos, Cabos, Caixas, Tomadas e Interruptores | E58: M | F58: 5500 | G58: 9.49 | H58: 52195 | I58: =H58/$I$445 -> 0.0069550981 | J58: =I58+J57 -> 0.69025322 | K58: =IF(J58<=50%,"A",IF(J58<=80%,"B","C")) -> B
A59: 96523 | B59: SINAPI | C59: ESCAVAÇÃO MANUAL PARA BLOCO DE COROAMENTO OU SAPATA (INCLUINDO ESCAVAÇÃO PARA COLOCAÇÃO DE FÔRMAS). AF_01/2024 | D59: Fundações Rasas (Blocos, Sapatas, Vigas Baldrame) | E59: m³ | F59: 305.07 | G59: 158.09 | H59: 48228.51 | I59: =H59/$I$445 -> 0.0064265546 | J59: =I59+J58 -> 0.69667978 | K59: =IF(J59<=50%,"A",IF(J59<=80%,"B","C")) -> B
A60: 92763 | B60: SINAPI | C60: ARMAÇÃO DE PILAR OU VIGA DE ESTRUTURA CONVENCIONAL DE CONCRETO ARMADO UTILIZANDO AÇO CA-50 DE 12,5 MM - MONTAGEM. AF_06/2022 | D60: Armação para Estruturas de Concreto Armado | E60: KG | F60: 3841.7 | G60: 12.49 | H60: 47982.83 | I60: =H60/$I$445 -> 0.0063938172 | J60: =I60+J59 -> 0.70307359 | K60: =IF(J60<=50%,"A",IF(J60<=80%,"B","C")) -> B
A61: 80615 | B61: Próprio | C61: PLATAFORMA ELEVAT. TRANSPORTE VERTICAL DESNIVEL DE 2 ATE 4M | D61: ASTU - ASSENTAMENTO DE TUBOS E PECAS | E61: mês | F61: 3 | G61: 15882.93 | H61: 47648.79 | I61: =H61/$I$445 -> 0.0063493056 | J61: =I61+J60 -> 0.7094229 | K61: =IF(J61<=50%,"A",IF(J61<=80%,"B","C")) -> B
A62: COMP-1030 | B62: Próprio | C62: REVESTIMENTO EM LÃ DE PET PARA LAJE NERVURADA. FORNECIMENTO E INSTALAÇÃO. | E62: un | F62: 416.52 | G62: 113.6 | H62: 47316.67 | I62: =H62/$I$445 -> 0.0063050499 | J62: =I62+J61 -> 0.71572795 | K62: =IF(J62<=50%,"A",IF(J62<=80%,"B","C")) -> B
A63: COMP-3080 | B63: Próprio | C63: CHUMBAMENTO DE PLACA CIMENTÍCIA COM PARAFUSO TIPO PARABOLT. FORNECIMENTO E INSTALAÇÃO | E63: un | F63: 652 | G63: 71.38 | H63: 46539.76 | I63: =H63/$I$445 -> 0.006201525 | J63: =I63+J62 -> 0.72192947 | K63: =IF(J63<=50%,"A",IF(J63<=80%,"B","C")) -> B
A64: 91926 | B64: SINAPI | C64: CABO DE COBRE FLEXÍVEL ISOLADO, 2,5 MM², ANTI-CHAMA 450/750 V, PARA CIRCUITOS TERMINAIS - FORNECIMENTO E INSTALAÇÃO. AF_03/2023 | D64: Instalações Elétricas - Eletrodutos Embutidos, Cabos, Caixas, Tomadas e Interruptores | E64: M | F64: 7200 | G64: 6.2 | H64: 44640 | I64: =H64/$I$445 -> 0.0059483778 | J64: =I64+J63 -> 0.72787785 | K64: =IF(J64<=50%,"A",IF(J64<=80%,"B","C")) -> B
A65: 92762 | B65: SINAPI | C65: ARMAÇÃO DE PILAR OU VIGA DE ESTRUTURA CONVENCIONAL DE CONCRETO ARMADO UTILIZANDO AÇO CA-50 DE 10,0 MM - MONTAGEM. AF_06/2022 | D65: Armação para Estruturas de Concreto Armado | E65: KG | F65: 2949.2 | G65: 14.99 | H65: 44208.5 | I65: =H65/$I$445 -> 0.0058908795 | J65: =I65+J64 -> 0.73376873 | K65: =IF(J65<=50%,"A",IF(J65<=80%,"B","C")) -> B
A66: 92994 | B66: SINAPI | C66: CABO DE COBRE FLEXÍVEL ISOLADO, 120 MM², ANTI-CHAMA 0,6/1,0 KV, PARA REDE ENTERRADA DE DISTRIBUIÇÃO DE ENERGIA ELÉTRICA - FORNECIMENTO E INSTALAÇÃO. AF_12/2021 | D66: Redes Enterradas de Distribuição Elétrica | E66: M | F66: 250 | G66: 172.72 | H66: 43180 | I66: =H66/$I$445 -> 0.0057538296 | J66: =I66+J65 -> 0.73952256 | K66: =IF(J66<=50%,"A",IF(J66<=80%,"B","C")) -> B
A67: 92760 | B67: SINAPI | C67: ARMAÇÃO DE PILAR OU VIGA DE ESTRUTURA CONVENCIONAL DE CONCRETO ARMADO UTILIZANDO AÇO CA-50 DE 6,3 MM - MONTAGEM. AF_06/2022 | D67: Armação para Estruturas de Concreto Armado | E67: KG | F67: 2328.1 | G67: 18.47 | H67: 43000 | I67: =H67/$I$445 -> 0.0057298442 | J67: =I67+J66 -> 0.74525241 | K67: =IF(J67<=50%,"A",IF(J67<=80%,"B","C")) -> B
A68: 09.001.0020-A | B68: EMOP | C68: PLANTIO DE GRAMA EM PLACAS TIPO ESMERALDA,INCLUSIVE FORNECIM ENTO DA GRAMA E TRANSPORTE,EXCLUSIVE PREPARO DO TERRENO E O MATERIAL PARA ESTE IVE ENCARGOS SOCIAIS DESONERADOS | D68: 9 | E68: m² | F68: 1968.07 | G68: 19.22 | H68: 37826.3 | I68: =H68/$I$445 -> 0.0050404373 | J68: =I68+J67 -> 0.75029284 | K68: =IF(J68<=50%,"A",IF(J68<=80%,"B","C")) -> B
A69: COMP-1007 | B69: Próprio | C69: RE-BAR, 3/8"- 10MM X 3M, GALVANIZADA A FOGO EXCLUSIVA PARA SPDA. FORNECIMENTO E INSTALAÇÃO. | E69: un | F69: 391 | G69: 94.95 | H69: 37125.45 | I69: =H69/$I$445 -> 0.0049470475 | J69: =I69+J68 -> 0.75523989 | K69: =IF(J69<=50%,"A",IF(J69<=80%,"B","C")) -> B
A70: COMP-3072 | B70: Próprio | C70: MURO DE MOURÃO DE CONCRETO, ALTURA 2,60M. FORNECIMENTO E INSTALAÇÃO | D70: ASTU - ASSENTAMENTO DE TUBOS E PECAS | E70: m | F70: 55.53 | G70: 648.74 | H70: 36024.53 | I70: =H70/$I$445 -> 0.0048003475 | J70: =I70+J69 -> 0.76004024 | K70: =IF(J70<=50%,"A",IF(J70<=80%,"B","C")) -> B
A71: 96557 | B71: SINAPI | C71: CONCRETAGEM DE BLOCO DE COROAMENTO OU VIGA BALDRAME, FCK 30 MPA, COM USO DE BOMBA - LANÇAMENTO, ADENSAMENTO E ACABAMENTO. AF_01/2024 | D71: Fundações Rasas (Blocos, Sapatas, Vigas Baldrame) | E71: m³ | F71: 36 | G71: 896.39 | H71: 32270.04 | I71: =H71/$I$445 -> 0.0043000535 | J71: =I71+J70 -> 0.76434029 | K71: =IF(J71<=50%,"A",IF(J71<=80%,"B","C")) -> B
A72: 92759 | B72: SINAPI | C72: ARMAÇÃO DE PILAR OU VIGA DE ESTRUTURA CONVENCIONAL DE CONCRETO ARMADO UTILIZANDO AÇO CA-60 DE 5,0 MM - MONTAGEM. AF_06/2022 | D72: Armação para Estruturas de Concreto Armado | E72: KG | F72: 1585.3 | G72: 20.1 | H72: 31864.53 | I72: =H72/$I$445 -> 0.0042460184 | J72: =I72+J71 -> 0.76858631 | K72: =IF(J72<=50%,"A",IF(J72<=80%,"B","C")) -> B
A73: 103001 | B73: SINAPI | C73: GRELHA DE FERRO FUNDIDO SIMPLES COM REQUADRO, 150 X 1000 MM, ASSENTADA COM ARGAMASSA 1 : 3 CIMENTO: AREIA - FORNECIMENTO E INSTALAÇÃO. AF_05/2025 | D73: Canaletas, Grelhas e Caixas com Grelha para Drenagem | E73: UN | F73: 122 | G73: 261.02 | H73: 31844.44 | I73: =H73/$I$445 -> 0.0042433414 | J73: =I73+J72 -> 0.77282965 | K73: =IF(J73<=50%,"A",IF(J73<=80%,"B","C")) -> B
A74: 92771 | B74: SINAPI | C74: ARMAÇÃO DE LAJE DE ESTRUTURA CONVENCIONAL DE CONCRETO ARMADO UTILIZANDO AÇO CA-50 DE 10,0 MM - MONTAGEM. AF_06/2022 | D74: Armação para Estruturas de Concreto Armado | E74: KG | F74: 2190.5 | G74: 14.27 | H74: 31258.43 | I74: =H74/$I$445 -> 0.0041652543 | J74: =I74+J73 -> 0.77699491 | K74: =IF(J74<=50%,"A",IF(J74<=80%,"B","C")) -> B
A75: 01.018.0002-A | B75: EMOP | C75: LOCACAO DE OBRA COM APARELHO TOPOGRAFICO SOBRE CERCA DE MARC ACAO,INCLUSIVE CONSTRUCAO DESTA E SUA PRE-LOCACAO E O FORNEC IMENTO DO MATERIAL E TENDO POR MEDICAO O PERIMETRO A CONSTRU IR QUIVALENTES, Nº12X12 A 18X30 CIAIS DESONERADOS NCARGOS SOCIAIS DESONERADOS GOS SOCIAIS DESONERADOS ARGOS SOCIAIS DESONERADOS DE 500M SEM PRISMA,EALCANCE MINIMO DE 3000M COM UM PRISMA | D75: 1 | E75: M | F75: 941.81 | G75: 32.33 | H75: 30448.71 | I75: =H75/$I$445 -> 0.0040573573 | J75: =I75+J74 -> 0.78105226 | K75: =IF(J75<=50%,"A",IF(J75<=80%,"B","C")) -> B
A76: 02.006.0030-A | B76: EMOP | C76: ALUGUEL CONTAINER(MODULO METALICO ICAVEL),SANITARIO-VESTIARI O,MED.APROX.2,30M LARG.6,00M COMPR.2,50M ALT.CHAPAS ACO NERV URAS TRAPEZOIDAIS,ISOLAMENTO TERMO-ACUSTICO FORRO,CHASSIS RE FORCADO PISO COMPENSADO NAVAL,INCL.INST.ELETR.HIDROSSANITARI AS,SUPRIDO ACESS.7 BACIAS SANITARIAS,2 LAVATORIOS E 2 MICTOR IOS,EXCL.TRANSP.(04.005.0300),CARGA E DESCARGA(04.013.0015) 6,00 E A=2,50M,ISOL.FORRO TERMO-ACUSTICO,PISO COMP.NAVAL,INC L.INST.ELET/HIDRO.,7 V.SAN./2 LAV./2 MIC | D76: 2 | E76: UNXMES | F76: 13 | G76: 2306.21 | H76: 29980.73 | I76: =H76/$I$445 -> 0.0039949979 | J76: =I76+J75 -> 0.78504726 | K76: =IF(J76<=50%,"A",IF(J76<=80%,"B","C")) -> B
A77: 70202 | B77: SBC | C77: DUTO AR COND.CHAPA 24+MANTA LAN/VIDRO-PAP.ALUM.PREPARO 40x20cm | D77: INSTALACOES MECANICAS - AR CONDICIONADO | E77: M | F77: 116.89 | G77: 253.48 | H77: 29629.27 | I77: =H77/$I$445 -> 0.0039481651 | J77: =I77+J76 -> 0.78899543 | K77: =IF(J77<=50%,"A",IF(J77<=80%,"B","C")) -> B
A78: 97063 | B78: SINAPI | C78: MONTAGEM E DESMONTAGEM DE ANDAIME MODULAR FACHADEIRO, COM PISO METÁLICO, PARA EDIFÍCIOS COM MULTIPLOS PAVIMENTOS (EXCLUSIVE ANDAIME E LIMPEZA). AF_03/2024 | D78: Equipamentos de Proteção Coletiva | E78: m² | F78: 840 | G78: 34.69 | H78: 29139.6 | I78: =H78/$I$445 -> 0.0038829155 | J78: =I78+J77 -> 0.79287834 | K78: =IF(J78<=50%,"A",IF(J78<=80%,"B","C")) -> B
A79: COMP-3074 | B79: Próprio | C79: PORTA EM VIDRO TEMPERADO INCOLOR COM 6MM DE ESPESSURA, DUAS FOLHAS DE ABRIRCOM MAÇANETA TIPO PUXADOR VERTICAL (FOLHA MENOR FIXADA COM CREMONE E/OU FECHONO PISO E NA VERGA), CAIXILHOS EM ALUMÍNIO NATURAL ESCOVADO. FORNECIMENTO E INSTALAÇÃO. | E79: un | F79: 30 | G79: 942.01 | H79: 28260.3 | I79: =H79/$I$445 -> 0.0037657469 | J79: =I79+J78 -> 0.79664409 | K79: =IF(J79<=50%,"A",IF(J79<=80%,"B","C")) -> B
A80: 150210 | B80: SBC | C80: PORTA DUPLA EM VIDRO LAMINADO INCOLOR 8mm COM FERRAGENS | D80: VIDROS | E80: m² | F80: 14.34 | G80: 1925.19 | H80: 27607.22 | I80: =H80/$I$445 -> 0.0036787225 | J80: =I80+J79 -> 0.80032281 | K80: =IF(J80<=50%,"A",IF(J80<=80%,"B","C")) -> C
A81: COMP-1015 | B81: Próprio | C81: CARPETE NYLON MANTA TRÂNSITO COMERCIAL PESADO 9 MM. FORNECIMENTO E INSTALAÇÃO | E81: un | F81: 88.51 | G81: 309.74 | H81: 27415.08 | I81: =H81/$I$445 -> 0.0036531195 | J81: =I81+J80 -> 0.80397593 | K81: =IF(J81<=50%,"A",IF(J81<=80%,"B","C")) -> C
A82: 06.014.0060-A | B82: EMOP | C82: CAIXA DE PASSAGEM EM ALVENARIA DE TIJOLO MACICO(7X10X20CM),E M PAREDES DE UMA VEZ (0,20M),DE 0,40X0,40X0,60M,UTILIZANDO A RGAMASSA DE CIMENTO E AREIA,NO TRACO 1:4 EM VOLUME,COM FUNDO EM CONCRETO SIMPLES PROVIDO DE CALHA INTERNA,SENDO AS PAREDE S REVESTIDAS INTERNAMENTE COM A MESMA ARGAMASSA,INCLUSIVE TA MPA DE CONCRETO ARMADO,15MPA,COM ESPESSURA DE 10CM 3MM QUIVALENTES, Nº12X12 A 18X30 NCARGOS SOCIAIS DESONERADOS DOS GOS SOCIAIS DESONERADOS | D82: 6 | E82: UN | F82: 28 | G82: 963.04 | H82: 26965.12 | I82: =H82/$I$445 -> 0.0035931613 | J82: =I82+J81 -> 0.80756909 | K82: =IF(J82<=50%,"A",IF(J82<=80%,"B","C")) -> C
A83: COMP-3043 | B83: Próprio | C83: ALUGUEL MENSAL ANDAIME TUBULAR TIPO TORRE | D83: 13 | E83: MXMES | F83: 26 | G83: 1005 | H83: 26130 | I83: =H83/$I$445 -> 0.0034818797 | J83: =I83+J82 -> 0.81105097 | K83: =IF(J83<=50%,"A",IF(J83<=80%,"B","C")) -> C
A84: 87775 | B84: SINAPI | C84: EMBOÇO OU MASSA ÚNICA EM ARGAMASSA TRAÇO 1:2:8, PREPARO MECÂNICO COM BETONEIRA 400 L, APLICADA MANUALMENTE EM PANOS DE FACHADA COM PRESENÇA DE VÃOS, ESPESSURA DE 25 MM. AF_08/2022 | D84: Massa Única Externa | E84: m² | F84: 312.21 | G84: 83.6 | H84: 26100.75 | I84: =H84/$I$445 -> 0.0034779821 | J84: =I84+J83 -> 0.81452895 | K84: =IF(J84<=50%,"A",IF(J84<=80%,"B","C")) -> C
A85: 92988 | B85: SINAPI | C85: CABO DE COBRE FLEXÍVEL ISOLADO, 50 MM², ANTI-CHAMA 0,6/1,0 KV, PARA REDE ENTERRADA DE DISTRIBUIÇÃO DE ENERGIA ELÉTRICA - FORNECIMENTO E INSTALAÇÃO. AF_12/2021 | D85: Redes Enterradas de Distribuição Elétrica | E85: M | F85: 345 | G85: 74.62 | H85: 25743.9 | I85: =H85/$I$445 -> 0.0034304311 | J85: =I85+J84 -> 0.81795938 | K85: =IF(J85<=50%,"A",IF(J85<=80%,"B","C")) -> C
A86: 59440 | B86: SBC | C86: Servidor de gerenciamento, banco de dados, sistema de gravação, visualização e armazenamento (com 3 HD de 6TB) - fornecimento, instalação, teste e comissionamento | D86: INSTALACOES DE TELEFONE-LOGICA-CFTV-CATV | E86: UN | F86: 1 | G86: 25275.77 | H86: 25275.77 | I86: =H86/$I$445 -> 0.0033680517 | J86: =I86+J85 -> 0.82132744 | K86: =IF(J86<=50%,"A",IF(J86<=80%,"B","C")) -> C
A87: COMP-3030 | B87: Próprio | C87: BANCADA DE GRANITO, DE FORMAS DIVERSAS, COM ESTRUTURA EM FERRO GALVANIZADO. FORNECIMENTO E INSTALAÇÃO | E87: un | F87: 13.83 | G87: 1806.95 | H87: 24990.11 | I87: =H87/$I$445 -> 0.0033299869 | J87: =I87+J86 -> 0.82465742 | K87: =IF(J87<=50%,"A",IF(J87<=80%,"B","C")) -> C
A88: 104920 | B88: SINAPI | C88: ARMAÇÃO DE BLOCO, SAPATA ISOLADA, VIGA BALDRAME E SAPATA CORRIDA UTILIZANDO AÇO CA-50 DE 12,5 MM - MONTAGEM. AF_01/2024 | D88: Fundações Rasas (Blocos, Sapatas, Vigas Baldrame) | E88: KG | F88: 1627.2 | G88: 14.97 | H88: 24359.18 | I88: =H88/$I$445 -> 0.0032459141 | J88: =I88+J87 -> 0.82790334 | K88: =IF(J88<=50%,"A",IF(J88<=80%,"B","C")) -> C
A89: COMP-1020 | B89: Próprio | C89: PAINEL ACÚSTICO CLASSE II2-IT10 - TEKS 50MM NA COR CINZA OU EQUIVALENTE TÉCNICO. FORNECIMENTO E INSTALAÇÃO. | E89: un | F89: 134.4 | G89: 179.72 | H89: 24154.36 | I89: =H89/$I$445 -> 0.0032186214 | J89: =I89+J88 -> 0.83112196 | K89: =IF(J89<=50%,"A",IF(J89<=80%,"B","C")) -> C
A90: 92510 | B90: SINAPI | C90: MONTAGEM E DESMONTAGEM DE FÔRMA DE LAJE MACIÇA, PÉ-DIREITO SIMPLES, EM CHAPA DE MADEIRA COMPENSADA RESINADA, 2 UTILIZAÇÕES. AF_09/2020 | D90: Fôrmas para Estruturas de Concreto Armado | E90: m² | F90: 246.23 | G90: 91.94 | H90: 22638.38 | I90: =H90/$I$445 -> 0.0030166137 | J90: =I90+J89 -> 0.83413857 | K90: =IF(J90<=50%,"A",IF(J90<=80%,"B","C")) -> C
A91: IP 05.12.0750 | B91: SCO | C91: Poste composto de Poliester reforcado com Fibra de Vidro - PRFV, secao unica, altura total de 11,00 m, altura util de 9,00 m, conicidade normal, tipo pesado, carga nominal de 600 daN, diametro no topo de 180 mm, engastado, especificacao EM-RIOLUZ No101. Fornecimento e assentamento. | D91: IP | E91: un | F91: 3 | G91: 7500.6 | H91: 22501.8 | I91: =H91/$I$445 -> 0.0029984141 | J91: =I91+J90 -> 0.83713699 | K91: =IF(J91<=50%,"A",IF(J91<=80%,"B","C")) -> C
A92: 15.018.0175-A | B92: EMOP | C92: CANALETA PERFURADA ALTA(PERFILADOS),MEDINDO(38X38X6000)MM PR E-GALVANIZADA,INCLUSIVE SUPORTE E CONEXOES.FORNECIMENTO E CO LOCACAO , DE (30X20)MM CARGOS SOCIAIS DESONERADOS GOS SOCIAIS DESONERADOS | D92: 15 | E92: M | F92: 270 | G92: 81.61 | H92: 22034.7 | I92: =H92/$I$445 -> 0.002936172 | J92: =I92+J91 -> 0.84007316 | K92: =IF(J92<=50%,"A",IF(J92<=80%,"B","C")) -> C
A93: 103672 | B93: SINAPI | C93: CONCRETAGEM DE PILARES, FCK = 25 MPA, COM USO DE BOMBA - LANÇAMENTO, ADENSAMENTO E ACABAMENTO. AF_02/2022_PS | D93: Concretagem para Estruturas de Concreto Armado | E93: m³ | F93: 25.31 | G93: 820.33 | H93: 20762.55 | I93: =H93/$I$445 -> 0.0027666553 | J93: =I93+J92 -> 0.84283981 | K93: =IF(J93<=50%,"A",IF(J93<=80%,"B","C")) -> C
A94: 02.006.0015-A | B94: EMOP | C94: ALUGUEL CONTAINER (MODULO METALICO ICAVEL),P/ESCRITORIO C/WC ,MED.APROX.2,30M LARG.6,00M COMPR.E 2,50M ALT.CHAPAS ACO C/N ERVURAS TRAPEZOIDAIS,ISOLAMENTO TERMO-ACUSTICO FORRO,CHASSIS REFORCADO E PISO COMPENSADO NAVAL,INCLUINDO INST.ELETR.HIDR OSSANITARIAS,SUPRIDO ACESSORIOS,1 BACIA SANITARIA E 1 LAVATO RIO,EXCL.TRANSP.(04.005.0300),CARGA E DESCARGA (04.013.0015) M COMP. E 2,50M ALT.,ISOL.FORRO TERMO-ACUSTICO,PISO COMP.NAV AL,INCL.INST.ELET/HIDRO.,1 V.SAN./1 LAV. | D94: 2 | E94: UNXMES | F94: 13 | G94: 1558.25 | H94: 20257.25 | I94: =H94/$I$445 -> 0.0026993229 | J94: =I94+J93 -> 0.84553914 | K94: =IF(J94<=50%,"A",IF(J94<=80%,"B","C")) -> C
A95: 06.014.0068-A | B95: EMOP | C95: CAIXA DE PASSAGEM EM ALVENARIA DE TIJOLO MACICO(7X10X20CM),E M PAREDES DE UMA VEZ(0,20M),DE 1,00X1,00X1,00M,UTILIZANDO AR GAMASSA DE CIMENTO E AREIA,NO TRACO 1:4 EM VOLUME,COM FUNDO EM CONCRETO SIMPLES PROVIDO DE CALHA INTERNA,SENDO AS PAREDE S REVESTIDAS INTERNAMENTE COM A MESMA ARGAMASSA,INCLUSIVE TA MPA DE CONCRETO ARMADO,15MPA,COM ESPESSURA DE 10CM 3MM QUIVALENTES, Nº12X12 A 18X30 NCARGOS SOCIAIS DESONERADOS DOS GOS SOCIAIS DESONERADOS | D95: 6 | E95: UN | F95: 6 | G95: 3362.64 | H95: 20175.84 | I95: =H95/$I$445 -> 0.0026884749 | J95: =I95+J94 -> 0.84822761 | K95: =IF(J95<=50%,"A",IF(J95<=80%,"B","C")) -> C
A96: 87535 | B96: SINAPI | C96: EMBOÇO, EM ARGAMASSA TRAÇO 1:2:8, PREPARO MECÂNICO, APLICADO MANUALMENTE EM PAREDES INTERNAS DE AMBIENTES COM ÁREA MAIOR QUE 10M², E = 17,5MM, COM TALISCAS. AF_03/2024 | D96: Massa Única Interna | E96: m² | F96: 413.11 | G96: 48.25 | H96: 19932.55 | I96: =H96/$I$445 -> 0.0026560559 | J96: =I96+J95 -> 0.85088367 | K96: =IF(J96<=50%,"A",IF(J96<=80%,"B","C")) -> C
A97: 104921 | B97: SINAPI | C97: ARMAÇÃO DE BLOCO, SAPATA ISOLADA, VIGA BALDRAME E SAPATA CORRIDA UTILIZANDO AÇO CA-50 DE 16 MM - MONTAGEM. AF_01/2024 | D97: Fundações Rasas (Blocos, Sapatas, Vigas Baldrame) | E97: KG | F97: 1406 | G97: 13.92 | H97: 19571.52 | I97: =H97/$I$445 -> 0.0026079479 | J97: =I97+J96 -> 0.85349162 | K97: =IF(J97<=50%,"A",IF(J97<=80%,"B","C")) -> C
A98: 14.002.0215-A | B98: EMOP | C98: CORRIMAO DUPLO EM TUBO DE ACO GALVANIZADO COM DIAMETRO DE 1. 1/4",BARRA SUPERIOR COM ALTURA DE 92CM E BARRA INFERIOR COM ALTURA DE 70CM,FIXADO NA PAREDE POR CHUMBADORES,CONFORME ABN T NBR 9050 PARA ACESSIBILIDADE.FORNECIMENTO E COLOCACAO .1/4" DOS CARGOS SOCIAIS DESONERADOS GOS SOCIAIS DESONERADOS | D98: 14 | E98: M | F98: 61.92 | G98: 315.06 | H98: 19508.51 | I98: =H98/$I$445 -> 0.0025995517 | J98: =I98+J97 -> 0.85609117 | K98: =IF(J98<=50%,"A",IF(J98<=80%,"B","C")) -> C
A99: COMP-3047 | B99: Próprio | C99: Descarte de solo em aterro legalizado | D99: MOVT - MOVIMENTO DE TERRA | E99: m³ | F99: 502.05 | G99: 38.29 | H99: 19223.49 | I99: =H99/$I$445 -> 0.0025615721 | J99: =I99+J98 -> 0.85865274 | K99: =IF(J99<=50%,"A",IF(J99<=80%,"B","C")) -> C
A100: 34.20.384 | B100: Próprio | C100: BICICLETÁRIO MODELO U INVERTIDO EM TUBO CIRCULAR DE AÇO Ø 2", COM ACABAMENTO EM PINTURA ELETROSTÁTICA, PARA FIXAÇÃO CHUMBADO/PARAFUSADO | E100: un | F100: 26 | G100: 735.78 | H100: 19130.28 | I100: =H100/$I$445 -> 0.0025491517 | J100: =I100+J99 -> 0.86120189 | K100: =IF(J100<=50%,"A",IF(J100<=80%,"B","C")) -> C
A101: IT 25.14.0053 | B101: SCO | C101: Eletroduto de ferro galvanizado, diametro de 19mm (3/4"), inclusive conexoes e emendas, exclusive abertura de rasgo. Fornecimento e instalacao. | D101: IT | E101: m | F101: 750 | G101: 25.41 | H101: 19057.5 | I101: =H101/$I$445 -> 0.0025394536 | J101: =I101+J100 -> 0.86374134 | K101: =IF(J101<=50%,"A",IF(J101<=80%,"B","C")) -> C
A102: 89714 | B102: SINAPI | C102: TUBO PVC, SERIE NORMAL, ESGOTO PREDIAL, DN 100 MM, FORNECIDO E INSTALADO EM RAMAL DE DESCARGA OU RAMAL DE ESGOTO SANITÁRIO. AF_08/2022 | D102: Instalações Prediais de Esgoto - Tubos e Conexões | E102: M | F102: 329 | G102: 57.33 | H102: 18861.57 | I102: =H102/$I$445 -> 0.0025133455 | J102: =I102+J101 -> 0.86625469 | K102: =IF(J102<=50%,"A",IF(J102<=80%,"B","C")) -> C
A103: 89849 | B103: SINAPI | C103: TUBO PVC, SERIE NORMAL, ESGOTO PREDIAL, DN 150 MM, FORNECIDO E INSTALADO EM SUBCOLETOR AÉREO DE ESGOTO SANITÁRIO. AF_08/2022 | D103: Instalações Prediais de Esgoto - Tubos e Conexões | E103: M | F103: 225 | G103: 80.79 | H103: 18177.75 | I103: =H103/$I$445 -> 0.002422225 | J103: =I103+J102 -> 0.86867692 | K103: =IF(J103<=50%,"A",IF(J103<=80%,"B","C")) -> C
A104: 04.014.0095-0 | B104: EMOP | C104: RETIRADA DE ENTULHO DE OBRA COM CACAMBA DE ACO TIPO CONTAINE R COM 5M3 DE CAPACIDADE,INCLUSIVE CARREGAMENTO,TRANSPORTE E DESCARREGAMENTO.CUSTO POR UNIDADE DE CACAMBA E INCLUI A TAX A PARA DESCARGA EM LOCAIS AUTORIZADOS GOS SOCIAIS ENTULHO OBRA,INCL.CARREGA.,TRANSP.E DESCAR.LOCAIS AUTORIZ. | D104: 4 | E104: UN | F104: 40 | G104: 452.71 | H104: 18108.4 | I104: =H104/$I$445 -> 0.002412984 | J104: =I104+J103 -> 0.8710899 | K104: =IF(J104<=50%,"A",IF(J104<=80%,"B","C")) -> C
A105: 92998 | B105: SINAPI | C105: CABO DE COBRE FLEXÍVEL ISOLADO, 185 MM², ANTI-CHAMA 0,6/1,0 KV, PARA REDE ENTERRADA DE DISTRIBUIÇÃO DE ENERGIA ELÉTRICA - FORNECIMENTO E INSTALAÇÃO. AF_12/2021 | D105: Redes Enterradas de Distribuição Elétrica | E105: M | F105: 70 | G105: 255.88 | H105: 17911.6 | I105: =H105/$I$445 -> 0.0023867599 | J105: =I105+J104 -> 0.87347666 | K105: =IF(J105<=50%,"A",IF(J105<=80%,"B","C")) -> C
A106: COMP-3044 | B106: Próprio | C106: PÓRTICO EM CHAPA PERFURADA COM LOGO DA , CONFORME ESPECIFICAÇÕES DE PROJETO. FORNECIMENTO E INSTALAÇÃO | D106: SEDI - SERVIÇOS DIVERSOS | E106: un | F106: 1 | G106: 17558.36 | H106: 17558.36 | I106: =H106/$I$445 -> 0.0023396899 | J106: =I106+J105 -> 0.87581635 | K106: =IF(J106<=50%,"A",IF(J106<=80%,"B","C")) -> C
A107: 104611 | B107: SINAPI | C107: REVESTIMENTO CERÂMICO PARA PAREDES INTERNAS COM PLACAS TIPO ESMALTADA DE DIMENSÕES 60X60 CM APLICADAS NA ALTURA INTEIRA DAS PAREDES. AF_02/2023_PE | D107: Revestimentos Cerâmicos Internos | E107: m² | F107: 135.32 | G107: 126.2 | H107: 17077.38 | I107: =H107/$I$445 -> 0.0022755983 | J107: =I107+J106 -> 0.87809195 | K107: =IF(J107<=50%,"A",IF(J107<=80%,"B","C")) -> C
A108: 97249 | B108: SINAPI | C108: EMENDA PARA ELETROCALHA, LISA OU PERFURADA EM AÇO GALVANIZADO, LARGURA 50MM E ALTURA 50MM - FORNECIMENTO E INSTALAÇÃO. AF_04/2023 | D108: Eletrocalhas | E108: UN | F108: 166 | G108: 102.64 | H108: 17038.24 | I108: =H108/$I$445 -> 0.0022703828 | J108: =I108+J107 -> 0.88036233 | K108: =IF(J108<=50%,"A",IF(J108<=80%,"B","C")) -> C
A109: 92768 | B109: SINAPI | C109: ARMAÇÃO DE LAJE DE ESTRUTURA CONVENCIONAL DE CONCRETO ARMADO UTILIZANDO AÇO CA-60 DE 5,0 MM - MONTAGEM. AF_06/2022 | D109: Armação para Estruturas de Concreto Armado | E109: KG | F109: 882.6 | G109: 19.16 | H109: 16910.61 | I109: =H109/$I$445 -> 0.0022533758 | J109: =I109+J108 -> 0.88261571 | K109: =IF(J109<=50%,"A",IF(J109<=80%,"B","C")) -> C
A110: COMP-3028 | B110: Próprio | C110: CHAPA GALVANIZADA PERFURADA COM FUROS QUADRADOS DE 5 MM, COM PINTURA ALQUÍDICA. FORNECIMENTO E INSTALAÇÃO. | E110: un | F110: 30.43 | G110: 547.18 | H110: 16650.68 | I110: =H110/$I$445 -> 0.0022187396 | J110: =I110+J109 -> 0.88483445 | K110: =IF(J110<=50%,"A",IF(J110<=80%,"B","C")) -> C
A111: COMP-3027 | B111: Próprio | C111: PORTÃO GRADIL DE ABIR EM DUAS FOLHAS. FORNECIMENTO E INSTALAÇÃO | E111: un | F111: 17.37 | G111: 926.69 | H111: 16096.6 | I111: =H111/$I$445 -> 0.0021449072 | J111: =I111+J110 -> 0.88697935 | K111: =IF(J111<=50%,"A",IF(J111<=80%,"B","C")) -> C
...

Sheet Composição
A11: PLANILHA DE COMPOSIÇÕES
A12: =Planilha!A12 -> UFF- CAMPUS NITERÓI | H12: =Planilha!E12 -> AUTOR: | J12: =Planilha!H12 -> FUNÇÃO:
A13: =Planilha!A13 -> LOCAL: RUA VERA CRISPINO DE FREITAS, 190-2 - BOA VIAGEM, NITERÓI-RJ | H13: =Planilha!E13 -> PROCESSO: | J13: =Planilha!H13 -> ART/RRT:
A14: =Planilha!A14 -> NOME DA OBRA: AGÊNCIA DE INOVAÇÃO DA UFF | H14: =Planilha!E14 -> BDI | I14: =Planilha!F14 -> BDI EQUIP. | J14: =Planilha!H14 -> DATA | K14: =Planilha!I14 -> REVISÃO
A15: =Planilha!A15 -> BASE DE DADOS: SINAPI/2025.7 - EMOP/2025.7 - SCO/2025.7 - SBC/2025.7 | H15: =Planilha!E15 -> 0.24657 | I15: =Planilha!F15 -> 0 | J15: =Planilha!H15 -> 45957 | K15: =Planilha!I15 -> R03
A16: 1 | D16: GERENCIAMENTO DE OBRAS / FISCALIZAÇÃO | K16: 496956.26
A17: 1.1 | B17: Código | C17: Banco | D17: Descrição | E17: Tipo | G17: Und | H17: Quant. | I17: Porcent. | J17: Valor Unit | K17: Total
A18: Composição | B18: COMP-1001 | C18: Próprio | D18: EQUIPE ADMINISTRATIVA DA OBRA | G18: un | H18: 1 | J18: 398649.34 | K18: 398649.34
A19: Composição Auxiliar | B19: 05.105.0100-A | C19: EMOP | D19: MAO-DE-OBRA DE VIGIA,INCLUSIVE ENCARGOS SOCIAIS | E19: 5 | G19: MES | H19: 13 | I19: 0 | J19: 3555.2 | K19: 46217.6
A20: Composição Auxiliar | B20: 93572 | C20: SINAPI | D20: ENCARREGADO GERAL DE OBRAS COM ENCARGOS COMPLEMENTARES | E20: Livro SINAPI: Cálculos e Parâmetros | G20: MES | H20: 13 | I20: 0 | J20: 8154.68 | K20: 106010.84
A21: Composição Auxiliar | B21: 93565 | C21: SINAPI | D21: ENGENHEIRO CIVIL DE OBRA JUNIOR COM ENCARGOS COMPLEMENTARES | E21: Livro SINAPI: Cálculos e Parâmetros | G21: MES | H21: 7 | I21: 0 | J21: 22233.45 | K21: 155634.15
A22: Composição Auxiliar | B22: 100321 | C22: SINAPI | D22: TÉCNICO EM SEGURANÇA DO TRABALHO COM ENCARGOS COMPLEMENTARES | E22: Livro SINAPI: Cálculos e Parâmetros | G22: MES | H22: 2 | I22: 0 | J22: 7782.88 | K22: 15565.76
A23: Composição Auxiliar | B23: 93563 | C23: SINAPI | D23: ALMOXARIFE COM ENCARGOS COMPLEMENTARES | E23: Livro SINAPI: Cálculos e Parâmetros | G23: MES | H23: 13 | I23: 0 | J23: 5786.23 | K23: 75220.99
F24: MO sem LS => | G24: 244364.42 | H24: LS => | I24: 137420.47 | J24: MO com LS => | K24: 381784.89
F25: Valor do BDI => | G25: 98306.92 | I25: Valor com BDI => | K25: 496956.26
H26: Quant. => | I26: 1,00 | J26: Preço Total => | K26: 496956.26
A28: 2 | D28: SERVIÇOS PRELIMINARES | K28: 34553.01
A29: 2.1 | B29: Código | C29: Banco | D29: Descrição | E29: Tipo | G29: Und | H29: Quant. | I29: Porcent. | J29: Valor Unit | K29: Total
A30: Composição | B30: 103689 | C30: SINAPI | D30: FORNECIMENTO E INSTALAÇÃO DE PLACA DE OBRA COM CHAPA GALVANIZADA E ESTRUTURA DE MADEIRA. AF_03/2022_PS | E30: Sinalização Vertical Viária | G30: m² | H30: 1 | J30: 476.28 | K30: 476.28
A31: Composição Auxiliar | B31: 88262 | C31: SINAPI | D31: CARPINTEIRO DE FORMAS COM ENCARGOS COMPLEMENTARES | E31: Livro SINAPI: Cálculos e Parâmetros | G31: H | H31: 0.3729 | I31: 0 | J31: 37.51 | K31: 13.98
A32: Composição Auxiliar | B32: 88316 | C32: SINAPI | D32: SERVENTE COM ENCARGOS COMPLEMENTARES | E32: Livro SINAPI: Cálculos e Parâmetros | G32: H | H32: 1.1186 | I32: 0 | J32: 29.15 | K32: 32.6
A33: Composição Auxiliar | B33: 102234 | C33: SINAPI | D33: PINTURA IMUNIZANTE PARA MADEIRA, 2 DEMÃOS. AF_01/2021 | E33: Pintura em Madeira | G33: m² | H33: 0.5 | I33: 0 | J33: 29.54 | K33: 14.77
A34: Insumo | B34: 00005069 | C34: SINAPI | D34: PREGO DE ACO POLIDO COM CABECA 17 X 27 (2 1/2 X 11) | E34: Material | G34: KG | H34: 0.0132 | I34: 0 | J34: 18.73 | K34: 0.24
A35: Insumo | B35: 00004509 | C35: SINAPI | D35: SARRAFO *2,5 X 10* CM EM PINUS, MISTA OU EQUIVALENTE DA REGIAO - BRUTA | E35: Material | G35: M | H35: 3.2083 | I35: 0 | J35: 4.46 | K35: 14.3
A36: Insumo | B36: 00005065 | C36: SINAPI | D36: PREGO DE ACO POLIDO COM CABECA 10 X 10 (7/8 X 17) | E36: Material | G36: KG | H36: 0.0113 | I36: 0 | J36: 34.96 | K36: 0.39
A37: Insumo | B37: 00004813 | C37: SINAPI | D37: PLACA DE OBRA (PARA CONSTRUCAO CIVIL) EM CHAPA GALVANIZADA *N. 22*, ADESIVADA, DE *2,4 X 1,2* M (SEM POSTES PARA FIXACAO) | E37: Material | G37: m² | H37: 1 | I37: 0 | J37: 400 | K37: 400
F38: MO sem LS => | G38: 19.78 | H38: LS => | I38: 17.97 | J38: MO com LS => | K38: 37.75
F39: Valor do BDI => | G39: 117.45 | I39: Valor com BDI => | K39: 593.73
H40: Quant. => | I40: 6,00 | J40: Preço Total => | K40: 3562.38
A42: 2.2 | B42: Código | C42: Banco | D42: Descrição | E42: Tipo | G42: Und | H42: Quant. | I42: Porcent. | J42: Valor Unit | K42: Total
A43: Composição | B43: 01.018.0002-A | C43: EMOP | D43: LOCACAO DE OBRA COM APARELHO TOPOGRAFICO SOBRE CERCA DE MARC ACAO,INCLUSIVE CONSTRUCAO DESTA E SUA PRE-LOCACAO E O FORNEC IMENTO DO MATERIAL E TENDO POR MEDICAO O PERIMETRO A CONSTRU IR QUIVALENTES, Nº12X12 A 18X30 CIAIS DESONERADOS NCARGOS SOCIAIS DESONERADOS GOS SOCIAIS DESONERADOS ARGOS SOCIAIS DESONERADOS DE 500M SEM PRISMA,EALCANCE MINIMO DE 3000M COM UM PRISMA | E43: 1 | G43: M | H43: 1 | J43: 25.94 | K43: 25.94
A44: Composição Auxiliar | B44: 19.011.0019-C | C44: EMOP | D44: ESTACAO TOTAL,COM PRECISAO ANGULAR DE 1" A 2",ALCANCE MINIMO DE 500M SEM PRISMA,E ALCANCE MINIMO DE 3000M COM UM PRISMA, GATILHO RAPIDO,DISPLAY DUPLO,TECLADO ALFANUMERICO,MEMORIA IN TERNA COM MINIMO DE 17.000 PONTOS,PODENDO SER EXPANDIDO POR CARTAO DE MEMORIA OU PEN DRIVE,TRANSFERENCIA DE DADOS VIA USB,BATERIA RECARREGAVEL,EXCLUSIVE EQUIPE DE TOPOGRAFIA M PRISMA E 3000M COMPRISMA,MEMORIA INT. PARA 17.000 PONTOS | E44: 19 | G44: H | H44: 0.125 | I44: 0 | J44: 1.05 | K44: 0.13
A45: Insumo | B45: 20046 | C45: EMOP | D45: MAO-DE-OBRA DE CARPINTEIRO DE FORMA DE C ONCRETO, INCLUSIVE ENCARGOS SOCIAIS DESO NERADOS | E45: Mão de Obra | G45: H | H45: 0.115 | I45: 3 | J45: 26.52 | K45: 3.14
A46: Insumo | B46: 20150 | C46: EMOP | D46: MAO-DE-OBRA DE TOPOGRAFO B (SERVICOS DE CAMPO),INCLUSIVE ENCARGOS SOCIAIS DESONE RADOS | E46: Mão de Obra | G46: H | H46: 0.125 | I46: 3 | J46: 28.55 | K46: 3.67
A47: Insumo | B47: 20132 | C47: EMOP | D47: MAO-DE-OBRA DE SERVENTE DA CONSTRUCAO CI VIL, INCLUSIVE ENCARGOS SOCIAIS DESONERA DOS | E47: Mão de Obra | G47: H | H47: 0.355 | I47: 3 | J47: 19.16 | K47: 7
A48: Insumo | B48: 00453 | C48: EMOP | D48: PREGO COM OU SEM CABECA, EM CAIXAS DE 50 KG, OU QUANTIDADES EQUIVALENTES, Nº12X12 A 18X30 | E48: Material | G48: KG | H48: 0.015 | I48: 0 | J48: 15.35 | K48: 0.23
A49: Insumo | B49: 20032 | C49: EMOP | D49: MAO-DE-OBRA DE AUXILIAR DE TOPOGRAFIA, I NCLUSIVE ENCARGOS SOCIAIS DESONERADOS | E49: Mão de Obra | G49: H | H49: 0.125 | I49: 3 | J49: 20.2 | K49: 2.6
A50: Insumo | B50: 00349 | C50: EMOP | D50: PINUS, EM PECAS DE 2,50X30,00CM (1"X12") - GRUPOS:I,II,III E IV, DA TABELA CLASS IFICATORIA MUNICIPAL DE ESPECIFICACOES D E PRODUTOS MADEIREIROS DO MUNICIPIO RJ | E50: Material | G50: M | H50: 0.45 | I50: 0 | J50: 12.67 | K50: 5.7
A51: Insumo | B51: 00368 | C51: EMOP | D51: PINUS, EM PECAS DE 7,50X7,50CM (3"X3") - GRUPOS: I,II,III E IV, DA TABELA CLASSI FICATORIA MUNICIPAL DE ESPECIFICACOES DE PRODUTOS MADEIREIROS DO MUNICIPIO DO RJ | E51: Material | G51: M | H51: 0.45 | I51: 0 | J51: 6.95 | K51: 3.12
A52: Insumo | B52: 00004 | C52: EMOP | D52: ARAME RECOZIDO Nº 18 | E52: Material | G52: KG | H52: 0.025 | I52: 0 | J52: 14.32 | K52: 0.35
F53: MO sem LS => | G53: 8.59 | H53: LS => | I53: 7.82 | J53: MO com LS => | K53: 16.41
F54: Valor do BDI => | G54: 6.39 | I54: Valor com BDI => | K54: 32.33
H55: Quant. => | I55: 941,81 | J55: Preço Total => | K55: 30448.71
A57: 2.3 | B57: Código | C57: Banco | D57: Descrição | E57: Tipo | G57: Und | H57: Quant. | I57: Porcent. | J57: Valor Unit | K57: Total
A58: Composição | B58: 90781 | C58: SINAPI | D58: TOPOGRAFO COM ENCARGOS COMPLEMENTARES | E58: Livro SINAPI: Cálculos e Parâmetros | G58: H | H58: 1 | J58: 27.17 | K58: 27.17
A59: Composição Auxiliar | B59: 95406 | C59: SINAPI | D59: CURSO DE CAPACITAÇÃO PARA TOPÓGRAFO (ENCARGOS COMPLEMENTARES) - HORISTA | E59: Livro SINAPI: Cálculos e Parâmetros | G59: H | H59: 1 | I59: 0 | J59: 0.2 | K59: 0.2
A60: Insumo | B60: 00043469 | C60: SINAPI | D60: FERRAMENTAS - FAMILIA TOPOGRAFO - HORISTA (ENCARGOS COMPLEMENTARES - COLETADO CAIXA) | E60: Material | G60: H | H60: 1 | I60: 0 | J60: 0.05 | K60: 0.05
A61: Insumo | B61: 00043493 | C61: SINAPI | D61: EPI - FAMILIA TOPOGRAFO - HORISTA (ENCARGOS COMPLEMENTARES - COLETADO CAIXA) | E61: Material | G61: H | H61: 1 | I61: 0 | J61: 0.74 | K61: 0.74
A62: Insumo | B62: 00037372 | C62: SINAPI | D62: EXAMES - HORISTA (COLETADO CAIXA - ENCARGOS COMPLEMENTARES) | E62: Material | G62: H | H62: 1 | I62: 0 | J62: 1.43 | K62: 1.43
A63: Insumo | B63: 00007592 | C63: SINAPI | D63: TOPOGRAFO (HORISTA) | E63: Mão de Obra | G63: H | H63: 1 | I63: 0 | J63: 24.67 | K63: 24.67
A64: Insumo | B64: 00037373 | C64: SINAPI | D64: SEGURO - HORISTA (COLETADO CAIXA - ENCARGOS COMPLEMENTARES) | E64: Material | G64: H | H64: 1 | I64: 0 | J64: 0.08 | K64: 0.08
F65: MO sem LS => | G65: 13.03 | H65: LS => | I65: 11.84 | J65: MO com LS => | K65: 24.87
F66: Valor do BDI => | G66: 6.7 | I66: Valor com BDI => | K66: 33.87
H67: Quant. => | I67: 16,00 | J67: Preço Total => | K67: 541.92
A69: 3 | D69: CANTEIRO DE OBRAS | K69: 339265.3
A70: 3.1 | B70: Código | C70: Banco | D70: Descrição | E70: Tipo | G70: Und | H70: Quant. | I70: Porcent. | J70: Valor Unit | K70: Total
A71: Composição | B71: COMP-1002 | C71: Próprio | D71: MOBILIZAÇÃO DO CANTEIRO DE OBRAS - INCLUSO TRANSPORTE DE MATERIAIS, MAQUINÁRIO, EQUIPAMENTOS, FERRAMENTAS, UTENSÍLIOS E PESSOAL PARA O CANTEIRO DE OBRA, PARA O INÍCIO DO CONTRATO OU EVENTUAIS INTERRUPÇÕES DO TRABALHO | G71: un | H71: 1 | J71: 41.85 | K71: 41.85
A72: Composição Auxiliar | B72: 88316 | C72: SINAPI | D72: SERVENTE COM ENCARGOS COMPLEMENTARES | E72: Livro SINAPI: Cálculos e Parâmetros | G72: H | H72: 0.2 | I72: 0 | J72: 29.15 | K72: 5.83
A73: Composição Auxiliar | B73: 89876 | C73: SINAPI | D73: CAMINHÃO BASCULANTE 14 M3, COM CAVALO MECÂNICO DE CAPACIDADE MÁXIMA DE TRAÇÃO COMBINADO DE 36000 KG, POTÊNCIA 286 CV, INCLUSIVE SEMIREBOQUE COM CAÇAMBA METÁLICA - CHP DIURNO. AF_12/2014 | E73: Custos Horários Produtivo e Improdutivo dos Equipamentos | G73: CHP | H73: 0.1 | I73: 0 | J73: 360.22 | K73: 36.02
F74: MO sem LS => | G74: 4.24 | H74: LS => | I74: 3.86 | J74: MO com LS => | K74: 8.1
F75: Valor do BDI => | G75: 10.32 | I75: Valor com BDI => | K75: 52.17
H76: Quant. => | I76: 1,00 | J76: Preço Total => | K76: 52.17
A78: 3.2 | B78: Código | C78: Banco | D78: Descrição | E78: Tipo | G78: Und | H78: Quant. | I78: Porcent. | J78: Valor Unit | K78: Total
A79: Composição | B79: 98459 | C79: SINAPI | D79: TAPUME COM TELHA METÁLICA. AF_03/2024 | E79: Instalações para Canteiros de Obras | G79: m² | H79: 1 | J79: 105.08 | K79: 105.08
A80: Composição Auxiliar | B80: 94974 | C80: SINAPI | D80: CONCRETO MAGRO PARA LASTRO, TRAÇO 1:4,5:4,5 (EM MASSA SECA DE CIMENTO/ AREIA MÉDIA/ BRITA 1) - PREPARO MANUAL. AF_05/2021 | E80: Produção de Concreto | G80: m³ | H80: 0.0061 | I80: 0 | J80: 464.77 | K80: 2.83
A81: Composição Auxiliar | B81: 88239 | C81: SINAPI | D81: AJUDANTE DE CARPINTEIRO COM ENCARGOS COMPLEMENTARES | E81: Livro SINAPI: Cálculos e Parâmetros | G81: H | H81: 0.492 | I81: 0 | J81: 29.91 | K81: 14.71
A82: Composição Auxiliar | B82: 91693 | C82: SINAPI | D82: SERRA CIRCULAR DE BANCADA COM MOTOR ELÉTRICO POTÊNCIA DE 5HP, COM COIFA PARA DISCO 10" - CHI DIURNO. AF_08/2015 | E82: Custos Horários Produtivo e Improdutivo dos Equipamentos | G82: CHI | H82: 0.0264 | I82: 0 | J82: 39.98 | K82: 1.05
A83: Composição Auxiliar | B83: 88262 | C83: SINAPI | D83: CARPINTEIRO DE FORMAS COM ENCARGOS COMPLEMENTARES | E83: Livro SINAPI: Cálculos e Parâmetros | G83: H | H83: 0.735 | I83: 0 | J83: 37.51 | K83: 27.56
A84: Composição Auxiliar | B84: 91692 | C84: SINAPI | D84: SERRA CIRCULAR DE BANCADA COM MOTOR ELÉTRICO POTÊNCIA DE 5HP, COM COIFA PARA DISCO 10" - CHP DIURNO. AF_08/2015 | E84: Custos Horários Produtivo e Improdutivo dos Equipamentos | G84: CHP | H84: 0.0066 | I84: 0 | J84: 41.6 | K84: 0.27
A85: Insumo | B85: 00004491 | C85: SINAPI | D85: PONTALETE *7,5 X 7,5* CM EM PINUS, MISTA OU EQUIVALENTE DA REGIAO - BRUTA | E85: Material | G85: M | H85: 1.2273 | I85: 0 | J85: 8.79 | K85: 10.78
A86: Insumo | B86: 00007243 | C86: SINAPI | D86: TELHA TRAPEZOIDAL EM ACO ZINCADO, SEM PINTURA, ALTURA DE APROXIMADAMENTE 40 MM, ESPESSURA DE 0,50 MM E LARGURA UTIL DE 980 MM | E86: Material | G86: m² | H86: 0.5853 | I86: 0 | J86: 58.31 | K86: 34.12
A87: Insumo | B87: 00006194 | C87: SINAPI | D87: TABUA *2,5 X 15 CM EM PINUS, MISTA OU EQUIVALENTE DA REGIAO - BRUTA | E87: Material | G87: M | H87: 2 | I87: 0 | J87: 6.27 | K87: 12.54
A88: Insumo | B88: 00005061 | C88: SINAPI | D88: PREGO DE ACO POLIDO COM CABECA 18 X 27 (2 1/2 X 10) | E88: Material | G88: KG | H88: 0.068 | I88: 0 | J88: 18.07 | K88: 1.22
F89: MO sem LS => | G89: 16.76 | H89: LS => | I89: 15.23 | J89: MO com LS => | K89: 31.99
F90: Valor do BDI => | G90: 25.91 | I90: Valor com BDI => | K90: 130.99
H91: Quant. => | I91: 711,38 | J91: Preço Total => | K91: 93183.66
A93: 3.3 | B93: Código | C93: Banco | D93: Descrição | E93: Tipo | G93: Und | H93: Quant. | I93: Porcent. | J93: Valor Unit | K93: Total
A94: Composição | B94: 02.006.0015-A | C94: EMOP | D94: ALUGUEL CONTAINER (MODULO METALICO ICAVEL),P/ESCRITORIO C/WC ,MED.APROX.2,30M LARG.6,00M COMPR.E 2,50M ALT.CHAPAS ACO C/N ERVURAS TRAPEZOIDAIS,ISOLAMENTO TERMO-ACUSTICO FORRO,CHASSIS REFORCADO E PISO COMPENSADO NAVAL,INCLUINDO INST.ELETR.HIDR OSSANITARIAS,SUPRIDO ACESSORIOS,1 BACIA SANITARIA E 1 LAVATO RIO,EXCL.TRANSP.(04.005.0300),CARGA E DESCARGA (04.013.0015) M COMP. E 2,50M ALT.,ISOL.FORRO TERMO-ACUSTICO,PISO COMP.NAV AL,INCL.INST.ELET/HIDRO.,1 V.SAN./1 LAV. | E94: 2 | G94: UNXMES | H94: 1 | J94: 1250 | K94: 1250
A95: Insumo | B95: 07168 | C95: EMOP | D95: ALUGUEL CONTAINER ESCRITORIO C/WC,MED.AP ROX.:2,30M LARG,6,00M COMP. E 2,50M ALT. ,ISOL.FORRO TERMO-ACUSTICO,PISO COMP.NAV AL,INCL.INST.ELET/HIDRO.,1 V.SAN./1 LAV. | E95: Material | G95: UNxMES | H95: 1 | I95: 0 | J95: 1250 | K95: 1250
F96: MO sem LS => | G96: 0 | H96: LS => | I96: 0 | J96: MO com LS => | K96: 0
F97: Valor do BDI => | G97: 308.25 | I97: Valor com BDI => | K97: 1558.25
H98: Quant. => | I98: 13,00 | J98: Preço Total => | K98: 20257.25
A100: 3.4 | B100: Código | C100: Banco | D100: Descrição | E100: Tipo | G100: Und | H100: Quant. | I100: Porcent. | J100: Valor Unit | K100: Total
A101: Composição | B101: 02.006.0030-A | C101: EMOP | D101: ALUGUEL CONTAINER(MODULO METALICO ICAVEL),SANITARIO-VESTIARI O,MED.APROX.2,30M LARG.6,00M COMPR.2,50M ALT.CHAPAS ACO NERV URAS TRAPEZOIDAIS,ISOLAMENTO TERMO-ACUSTICO FORRO,CHASSIS RE FORCADO PISO COMPENSADO NAVAL,INCL.INST.ELETR.HIDROSSANITARI AS,SUPRIDO ACESS.7 BACIAS SANITARIAS,2 LAVATORIOS E 2 MICTOR IOS,EXCL.TRANSP.(04.005.0300),CARGA E DESCARGA(04.013.0015) 6,00 E A=2,50M,ISOL.FORRO TERMO-ACUSTICO,PISO COMP.NAVAL,INC L.INST.ELET/HIDRO.,7 V.SAN./2 LAV./2 MIC | E101: 2 | G101: UNXMES | H101: 1 | J101: 1850 | K101: 1850
A102: Insumo | B102: 07171 | C102: EMOP | D102: ALUGUEL CONTAINER SANITARIO-VESTIARIO,ME D.APROX.,:L=2,30M,C=6,00 E A=2,50M,ISOL. FORRO TERMO-ACUSTICO,PISO COMP.NAVAL,INC L.INST.ELET/HIDRO.,7 V.SAN./2 LAV./2 MIC | E102: Material | G102: UNxMES | H102: 1 | I102: 0 | J102: 1850 | K102: 1850
F103: MO sem LS => | G103: 0 | H103: LS => | I103: 0 | J103: MO com LS => | K103: 0
F104: Valor do BDI => | G104: 456.21 | I104: Valor com BDI => | K104: 2306.21
H105: Quant. => | I105: 13,00 | J105: Preço Total => | K105: 29980.73
A107: 3.5 | B107: Código | C107: Banco | D107: Descrição | E107: Tipo | G107: Und | H107: Quant. | I107: Porcent. | J107: Valor Unit | K107: Total
A108: Composição | B108: 012095 | C108: SBC | D108: CONTAINER REFEITORIO 12.12x2,44x2.57 C/5 MESAS/BANCOS/PIA | E108: INSTALACOES PROVISORIAS | G108: MES | H108: 1 | J108: 3264 | K108: 3264
A109: Insumo | B109: 036410 | C109: SBC | D109: ALUGUEL MENSAL DE CONTAINER REFEITORIO 12.12x2,44x2.57 C/5 MESAS/BANCOS/PIA | E109: Material | G109: MES | H109: 1 | I109: 0 | J109: 3264 | K109: 3264
F110: MO sem LS => | G110: 0 | H110: LS => | I110: 0 | J110: MO com LS => | K110: 0
F111: Valor do BDI => | G111: 804.9 | I111: Valor com BDI => | K111: 4068.9
H112: Quant. => | I112: 13,00 | J112: Preço Total => | K112: 52895.7
A114: 3.6 | B114: Código | C114: Banco | D114: Descrição | E114: Tipo | G114: Und | H114: Quant. | I114: Porcent. | J114: Valor Unit | K114: Total
A115: Composição | B115: 061042 | C115: SBC | D115: ENTRADA ENERGIA BAIXA TENSAO COM MEDIDOR | E115: INSTALACOES ELETRICAS - ELETRODUTOS | G115: UN | H115: 1 | J115: 3156.75 | K115: 3156.75
A116: Insumo | B116: 099806 | C116: SBC | D116: AJUDANTE DE ELETRICISTA | E116: Mão de Obra | G116: H | H116: 15.944 | I116: 0 | J116: 20.515752 | K116: 327.1
A117: Insumo | B117: 007838 | C117: SBC | D117: CURVA 90 ELETRODUTO GALVANIZADO ELETROLITICO 1" | E117: Material | G117: UN | H117: 1 | I117: 0 | J117: 5.75 | K117: 5.75
A118: Insumo | B118: 000050 | C118: SBC | D118: CIMENTO PORTLAND CP III 32RS NBR 11578 (quilo) | E118: Material | G118: KG | H118: 26 | I118: 0 | J118: 0.68 | K118: 17.68
A119: Insumo | B119: 003420 | C119: SBC | D119: FITA ISOLANTE HIGHLAND ADESIVA 19m x 20mm | E119: Material | G119: M | H119: 0.8 | I119: 0 | J119: 0.73 | K119: 0.58
...

Sheet Cotação
A11: PLANILHA DE COTAÇÕES DE ORÇAMENTOS
A12: =Planilha!A12 -> UFF- CAMPUS NITERÓI | E12: =Planilha!E12 -> AUTOR: | H12: =Planilha!H12 -> FUNÇÃO:
A13: =Planilha!A13 -> LOCAL: RUA VERA CRISPINO DE FREITAS, 190-2 - BOA VIAGEM, NITERÓI-RJ | E13: =Planilha!E13 -> PROCESSO: | H13: =Planilha!H13 -> ART/RRT:
A14: =Planilha!A14 -> NOME DA OBRA: AGÊNCIA DE INOVAÇÃO DA UFF | E14: =Planilha!E14 -> BDI | F14: =Planilha!F14 -> BDI EQUIP. | G14: =Planilha!G14 -> SIAPE | H14: =Planilha!H14 -> DATA | I14: =Planilha!I14 -> REVISÃO
A15: =Planilha!A15 -> BASE DE DADOS: SINAPI/2025.7 - EMOP/2025.7 - SCO/2025.7 - SBC/2025.7 | E15: =Planilha!E15 -> 0.24657 | F15: =Planilha!F15 -> 0 | G15: =Planilha!G15 -> 0000000 | H15: =Planilha!H15 -> 45957 | I15: =Planilha!I15 -> R03
A16: ITEM | B16: CÓDIGO | C16: DESCRIÇÃO | D16: EMPRESA 1 | E16: EMPRESA 2 | F16: EMPRESA 3 | G16: EMPRESA 4 | H16: EMPRESA 5 | I16: VALOR (Mediana)
A17: 1 | B17: COT-01 | C17: Descrição do Item | D17: Nome | E17: Nome | F17: Nome | G17: Nome | H17: Nome | I17: =MEDIAN(D18:H18) -> 0
A18: Cotação | D18: 0 | E18: 0 | F18: 0 | G18: 0 | H18: 0
A19: Link
A21: 2 | B21: COT-02 | C21: TUBO DE COBRE FLEXIVEL 7/8" PANQUECA | D21: RIO FROST | E21: REFRIGERAÇÃO CATAVENTO | F21: LOJA ARTECH | G21: ELETROFRIGOR | H21: Nome | I21: =MEDIAN(D22:H22) -> 53.3
A22: Cotação | D22: 61.43 | E22: 53.3 | F22: 53.11 | G22: 69.95 | H22: 0
A23: Link | D23: https://www.riofrost.com.br/ar-condicionado/tubos-de-cobre/tubo-cano-de-cobre-flexivel-78-panqueca-15-metros | E23: https://www.refrigeracaocatavento.com.br/ferramentas-de-refrigeracao/tubos-de-cobre/tubo-de-cobre-flexivel-78-1-metro?parceiro=6374&gad_source=1&gclid=Cj0KCQjwiOy1BhDCARIsADGvQnDSZeseXTnNHMQEG3-dKYMAOj2dqxuTIVaKNnxJYAb_4nInU-Ge9sQaAo8uEALw_wcB | F23: https://www.lojaartech.com.br/tubo-de-cobre-7-8-panqueca?utm_source=google&utm_medium=Shopping&utm_campaign=tubo-de-cobre-7-8-panqueca&inStock&parceiro=8962&gad_source=1&gclid=Cj0KCQjwiOy1BhDCARIsADGvQnDSsyTYpaXItORVtBhUhmGSVWHUpW-ylfZWqc0DUACdG7usbWZIZzkaAgLvEALw_wcB | G23: https://www.eletrofrigor.com.br/produto/tubo-de-cobre-7-8-x-1-32-panqueca-15-metros-5608?gad_source=1&gclid=Cj0KCQjwiOy1BhDCARIsADGvQnAMklXLUv1AQzDh0fQ7ZzK7dPWYnT3q66F4oLqnKxSyyVc-iNSHBEYaAt_HEALw_wcB
A25: 3 | B25: COT-03 | C25: Pressurizador de Água 120W | D25: MERITO COMERCIAL | E25: CLIMA THERM | F25: BOMBA SHOPPING | G25: Nome | H25: Nome | I25: =AVERAGE(D26:F26) -> 326.53333
A26: Cotação | D26: 319.9 | E26: 324.9 | F26: 334.8 | G26: 0 | H26: 0
A27: Link | D27: https://www.meritocomercial.com.br/pressurizador-de-agua-komeco-tp40-ferro-120-w-monofasico-220v-5001001004434-p1082836?tsid=75&gad_source=1&gclid=Cj0KCQjwiOy1BhDCARIsADGvQnA-3Yt108XtxHTHW4MKn01ZQi8OxjPvbDkqIS4iC3GDbg3OzKW2SZUaAhOKEALw_wcB | E27: https://www.climatherm.com.br/bomba-pressurizadora-de-agua-inova-gp-120-ppa-120w-220-v | F27: https://www.bombashopping.com.br/pressurizador-thebe-tpa-15-9-160-monofasica-120w-127v-0000000006880/p
A29: 4 | B29: COT-04 | C29: Barra chata Alumínio Xadai 7/8 X 1/8 - 6M | D29: ELETROLUZ | E29: ILUMISUL | F29: ELETRO FM | G29: Nome | H29: Nome | I29: =AVERAGE(D30:F30) -> 49.036667
A30: Cotação | D30: 41.55 | E30: 52.1 | F30: 53.46 | G30: 0 | H30: 0
A31: Link | D31: https://www.eletroluz.net/barra-chata-aluminio-78-x-18-x-6m?srsltid=AfmBOopF5axlQ7TywOIP7f3GXuNVXZ3Xe0g8IvrBp63Hbju08uEoz-18 | E31: https://www.ilumisul.com.br/ProdutoId_2752,98/Para-Raio/Barra-Chata-Aluminio-78-X-18-Barra-Com-6-Metros---Alubar.html?srsltid=AfmBOopHGGf_MNOKF9NB3Mex7L-zealfIRYy18KKrXu-xjXcZXsmbAj0 | F31: https://www.eletrofm.com.br/todos-produtos-do-site/barra-chata-aluminio-7-8-x-1-8-x-6-metros/
A33: 5 | B33: COT-05 | C33: RE-BAR 3/8" - 10MM GALVANIZADA A FOGO - 3M | D33: MULTISEG | E33: A3 ELETRO | F33: PLENOBRAS | G33: Nome | H33: Nome | I33: =AVERAGE(D34:F34) -> 50.433333
A34: Cotação | D34: 36.57 | E34: 37.53 | F34: 77.2 | G34: 0 | H34: 0
A35: Link | D35: https://www.multiseg.com.br/3906/re-bar-barra-redonda-de-ao-galvanizado-a-fogo-3-8-x-3-metros-?gad_source=1&gclid=Cj0KCQjwiOy1BhDCARIsADGvQnA3ENUA3jwjjZgnGMHAOKGBrvARgkzT_G1g_Ixwp0XSK-xPPyTkEPkaAsCgEALw_wcB | E35: https://www.a3eletro.com.br/eletrica/sistemas-de-aterramento-e-para-raio/p-raio-vergalhao-liso-re-bar-38-3-4mt-galv-a-fogo?gad_source=1&gclid=Cj0KCQjwiOy1BhDCARIsADGvQnDxNfNJEfayGT7TUGFUgO1M6N0aCWRpcAvccN1chfjPgEu5nUzl8wwaAtyKEALw_wcB | F35: https://www.plenobras.com.br/646a5ae6d496504d21dfd0d8/vergalhao-re-bar-galvanizado-a-fogo-38%22x3m-raycon?gad_source=1&gclid=Cj0KCQjwiOy1BhDCARIsADGvQnB-Kklj2yYVa6vngYBvs3qCxcgBlYaWBWlEtYH-j2Bdq9yLCqyRWlIaAt_QEALw_wcB
A37: 6 | B37: COT-06 | C37: CAIXA DE EQUALIZAÇÃO 20X20X12CM - 9 TERMINAIS | D37: MULTISEG | E37: ELÉTRICA BICHUETTE | F37: CENTRAL ELÉTRICA | G37: Nome | H37: Nome | I37: =AVERAGE(D38:F38) -> 375.84
A38: Cotação | D38: 406.96 | E38: 259.96 | F38: 460.6 | G38: 0 | H38: 0
A39: Link | D39: https://www.multiseg.com.br/718/caixa-de-equalizao-equipotencializao-20-x-20-x-12-sobrepor-9-terminais?srsltid=AfmBOopwk8fjA9ew8Lyb1F6BWt9pf1BQyBer9V9nKEbReyHLg9cs6vFX | E39: https://www.eletricabichuette.com.br/caixa-equalizacao-emb-20x20-cbarr-e-9-term/p?srsltid=AfmBOoo85d-tpf52nJWt2lQrIvSOxYaewNIl4VwZrdWyxSNu1kh96FK4 | F39: https://www.lojacentraleletrica.com.br/produto/caixa-equalizadora-20x20x12cm-para-spda-tel0901-termotecnica?gad_source=1&gclid=Cj0KCQjwiOy1BhDCARIsADGvQnDV6vVLeibGdH3O-Y3AzpQf199KRXCZ6w9-1Anq6soWCF1g1-7TATMaAjM-EALw_wcB
A40: 7 | B40: COT-07 | C40: SAÍDA HORIZONTAL DE ELETROCALHA PARA ELETRODUTO 3/4" | D40: ANDRA | E40: CENTRAL ELÉTRICA | F40: ELETROTRAFO | G40: Nome | H40: Nome | I40: =AVERAGE(D41:F41) -> 2.7533333
A41: Cotação | D41: 2.04 | E41: 3.95 | F41: 2.27 | G41: 0 | H41: 0
A42: Link | D42: https://www.andra.com.br/saida-horizontal-para-eletroduto-3-4-pre-zincado-18-cke553-b-kennedy/p?idsku=13326&gad_source=1&gclid=Cj0KCQjwq_G1BhCSARIsACc7NxoKSYkqzVl-R01oPvMgpx2JF8Q5tlR4fqItT2SZ5x9PakCr9CDUodEaAlU2EALw_wcB | E42: https://www.lojacentraleletrica.com.br/produto/saida-horizontal-de-3-4-para-eletrocalha?gad_source=1&gclid=Cj0KCQjwq_G1BhCSARIsACc7Nxpm_IBs48jb9JEE7TOSjXi3LaaAIM7b1a2aJvS4saSLs5NvODcl_OkaAvU1EALw_wcB | F42: https://www.eletrotrafo.com.br/eletrocalha-galv-38x38-saida-horizontal-p-eletroduto-1-2--bd-2051-1-19820014/p?idsku=17889&gad_source=1&gclid=Cj0KCQjwq_G1BhCSARIsACc7NxqeMqXW04ct2_DpwXu0iGRozhh3P2wQj_vZP2SZ_IrGrpnxQ1UjD2MaAnoBEALw_wcB
A43: 8 | B43: COT-08 | C43: SWITCH 24 PORTAS TECNOLOGIA PoE | D43: FOURSERV | E43: AZTECH | F43: TEK DISTRIBUIDOR | G43: Nome | H43: Nome | I43: =AVERAGE(D44:F44) -> 2160.0667
A44: Cotação | D44: 2099 | E44: 2699 | F44: 1682.2 | G44: 0 | H44: 0
A45: Link | D45: https://www.fourserv.com.br/produto/switch-hpe-1420-24g-24-portas-gigabit-2x-sfp-layer-2-nao-gerenciavel-52-gbps-mpn-jh017a/368136?gad_source=1&gclid=Cj0KCQjwq_G1BhCSARIsACc7NxqKstl-zK5YiuajU96ZmW8y8VsNmbPS8vm1AoZbtOIMqSOu8aN5cvMaAoYdEALw_wcB | E45: https://www.aztech.com.br/switch-24-portas-gigabit-hp-1420-24g-2sfp-jh017a-2p-sfp?utm_source=Site&utm_medium=GoogleMerchant&utm_campaign=GoogleMerchant&gad_source=1&gclid=Cj0KCQjwq_G1BhCSARIsACc7NxqYXc_JIKeKSv2y7jO_0noKPibmb2j-dCys11bFMByclZSUV3EEia8aAtF5EALw_wcB | F45: https://www.tekdistribuidor.com.br/switch-24-portas-hpe-aruba-1420-24g-2sfp-24-portas-gigabit-2-portas-sfp-jh017a?parceiro=4158&gad_source=1&gclid=Cj0KCQjwq_G1BhCSARIsACc7NxoitCJxoKQye6n0qRUkiiBf7dTGXk-KzWvQ--0WRzowdY7L0rkb7foaAjUxEALw_wcB
A46: 9 | B46: COT-09 | C46: RÉGUA COM 6 TOMADAS PARA RACK | D46: TEK DISTRIBUIDOR | E46: UNICASER | F46: SOLUÇÃO CABOS | G46: Nome | H46: Nome | I46: =AVERAGE((D47:F47)) -> 78.21
A47: Cotação | D47: 78.38 | E47: 75.5 | F47: 80.75 | G47: 0 | H47: 0
A48: Link | D48: https://www.tekdistribuidor.com.br/regua-de-tomada-19-6-tomadas-10a-preta-p/rack-wj-moreira?parceiro=4158&gad_source=1&gclid=Cj0KCQjwq_G1BhCSARIsACc7NxoBBD4leDU0tedUiLkT3esaI6Uln-rwzDHkkHDALd-JJc-04ZdE8A0aAk6kEALw_wcB | E48: https://www.unicaserv.com.br/regua-de-tomadas-10-amperes-rack-c-6-saidas-padrao-novo-nbr?parceiro=3738&gad_source=1&gclid=Cj0KCQjwq_G1BhCSARIsACc7NxofnUHwZSFGMxknArg8-jLCljVufivVW93Yxhrv8JCKxWsShXtOr88aAgPbEALw_wcB | F48: https://www.solucaocabos.com.br/regua-padrao-19-com-6-tomadas-10a/p?idsku=11846&gad_source=1&gclid=Cj0KCQjwq_G1BhCSARIsACc7NxrOIX66P-fqXustKGqDVNs_GE1E-E3_4thn_ugTXvXWojZSqsXWDlgaAktzEALw_wcB
A49: 10 | B49: COT-10 | C49: Piso Vinílico em manta Decode Fiber 25104087 | D49: COMPRA CAMPEÃ | E49: AFREL PISOS E CARPETES | F49: PISOTECH REVESTIMENTOS | G49: Nome | H49: Nome | I49: =AVERAGE(D50:F50) -> 203.01333
A50: Cotação | D50: 187.54 | E50: 202.88 | F50: 218.62 | G50: 0 | H50: 0
A51: Link | D51: https://www.compracampea.com.br/produto/piso-vinilico-em-manta-tarkett-decode-fiber-2mm-x-2m-25104087-grey-50-m%C2%B2/ | E51: https://www.afrel.com.br/piso-vinilico-em-manta-decode-fiber-25104087.html?srsltid=AfmBOooptR0KsUmtsXt4woeGS36uwt0E-RYlao4YkQA_pkWQoF6oEEGe | F51: https://www.pisotech.com.br/produto/manta-heterogenea-decode-fiber-grey-ref-25104087-26716
A52: 11 | B52: COT-11 | C52: Piso Vinílico em manta Decode Fiber 25104088 | D52: COMPRA CAMPEÃ | E52: AFREL PISOS E CARPETES | F52: PISOTECH REVESTIMENTOS | G52: Nome | H52: Nome | I52: =AVERAGE(D53:F53) -> 197.97667
A53: Cotação | D53: 187.54 | E53: 187.77 | F53: 218.62 | G53: 0 | H53: 0
A54: Link | D54: https://www.compracampea.com.br/produto/piso-vinilico-em-manta-tarkett-decode-fiber-2mm-x-2m-25104088-grege-50-m%C2%B2/ | E54: https://www.afrel.com.br/piso-vinilico-em-manta-decode-fiber-25104088.html?srsltid=AfmBOooCbwgc_luHXvMpsyVFouHCPJ-G6gBMtdF4ToDz51xVYOCsP90T | F54: https://www.pisotech.com.br/produto/manta-heterogenea-decode-fiber-grege-ref-25104088-26717
A55: 12 | B55: COT-12 | C55: PISO DE MADEIRA PLÁSTICA | D55: ecowood | G55: Nome | H55: Nome | I55: =AVERAGE(D56:F56) -> #DIV/0!
A56: Cotação | D56: 457,52
A57: Cotação
A58: 13 | B58: COT-13 | C58: PAINEL ACÚSTICO CINZA 50MM | D58: PORTAL DA ACÚSTICA | E58: SONAR | F58: ESSENCIA BRASILEIRA | G58: Nome | H58: Nome | I58: =AVERAGE(D59:F59) -> 128.7
A59: Cotação | D59: 161.2 | E59: 117.7 | F59: 107.2 | G59: 0 | H59: 0
A60: Link | D60: https://www.essenciabrasileira.com.br/produto/rw-1-painel-acustico-120x60x05-fundo-mdf-64kgm3/ | E60: https://www.sonaracusticos.com.br/products/painel-acustico-high-mid-120x60x05-cm?variant=46034428002607 | F60: https://www.portaldaacustica.com/produto/painel-acustico-absorvedor-de-ruidos-tratamento-acustico-1200-x-600-mm-70584?gad_source=1&gclid=CjwKCAjw8fu1BhBsEiwAwDrsjPdhXnvyFKpY4uz1hT7NG1PGoD4si3q6ERsinIzN-zK5pi6XvX_yzBoCDXgQAvD_BwE
A61: 14 | B61: COT-14 | C61: LÃ DE PET 50MM DE ESPESSURA | D61: ESPAÇO SMART | E61: VIBRA SHOP | F61: PORTAL DA ACUSTICA | I61: =AVERAGE(D62:F62) -> 49.630062
A62: Cotação | D62: 9.33 | E62: 64.814815 | F62: 74.74537
A63: Link | D63: https://www.espacosmart.com.br/v-la-de-pet-50-x-1200-x-12500-mm-15-m2/p | E63: https://www.vibrashop.com.br/drywall/la-pet-preta-50mm | F63: https://www.portaldaacustica.com/produto/placa-la-de-pet-branco-1200-x-600-x-50-30kg-m3-6-unidades-70502?gad_source=1&gclid=Cj0KCQjw2ou2BhCCARIsANAwM2FcZqdqiTDqZV8VmCyrE0kuAqOBofBaqc2tcoP_b5BSuL3rIHE5eHoaAjXyEALw_wcB
A64: 15 | B64: COT-15 | C64: Porta Papel Higiênico Rolão Inox | D64: SHOPBIOVIS | E64: SOLUCENTER | F64: ELASTOBOR | G64: Nome | H64: Nome | I64: =AVERAGE(D65:F65) -> 200.92667
A65: Cotação | D65: 229.78 | E65: 108.9 | F65: 264.1 | G65: 0 | H65: 0
A66: Link | D66: https://www.shopbiovis.com.br/porta-papel-higienico-rolao-inox-visium-biovis | E66: https://www.solucenter.com.br/dispenser-de-papel-higienico-inox-de-ate-400-metros-tamanho-ideal-115-001?gad_source=1&gclid=Cj0KCQjw2ou2BhCCARIsANAwM2FafC2bD-_YoktrAdTl5UWQZC_vqQUEEZg27sR3D038mLkvlLwOzB4aAtvMEALw_wcB | F66: https://www.elastobor.com.br/porta-papel-higienico-jsn-com-porta-cadeado-em-aco-inox-800m/p?idsku=161644016&gad_source=4&gclid=Cj0KCQjw2ou2BhCCARIsANAwM2Ehl7WV38673-rr_MFVlmYkYQc8xmHhmmEems9jmdq5Hon7kk-j1CMaAr8jEALw_wcB
A67: 16 | B67: COT-16 | C67: GRELHA DE ALETAS FIXAS 225X125MM | D67: ARTMOSFERA | E67: FRIOSHOPPING | F67: LOJA MULTIVAC | I67: =AVERAGE(D68:F68) -> 111.88333
A68: Cotação | D68: 87.31 | E68: 76.9 | F68: 171.44
A69: Link | D69: https://www.artmosferabrasil.com.br/difusao-de-ar/grelhas/010-grelha-ar-a-225-x-125-trox?srsltid=AfmBOoouhFvlgP47HNzRtbWmdSTKA_fqCCt3mEdnkhq2D30JtfFBYrm5 | E69: https://www.frioshopping.com/difusao-de-ar/grelhas/grelha-de-retorno/grelha-de-retorno-horizontal-em-aluminio-200x100mm | F69: https://loja.multivac.com.br/grelha-horizontal-movel-com-registro-anodizado-at-ag-225x125?utm_source=Site&utm_medium=GoogleShopping&utm_campaign=IntegracaoGoogle
A70: 17 | B70: COT-17 | C70: Placa M1 - Descritiva dos Sistemas de Proteção Contra Incêndio Existentes na Edificação | D70: HIDRANTEX DO BRASIL | E70: ENFOQUE | F70: CONTRA INCENDIO | G70: Nome | H70: Nome | I70: =AVERAGE(D71:F71) -> 52.616667 | J70: COT-17 UFF
A71: Cotação | D71: 30 | E71: 90.9 | F71: 36.95 | G71: 0 | H71: 0
A72: Link | D72: https://www.hidrantex.com.br/placas/placa-m1-modelo-4 | E72: https://enfoquevisual.com.br/products/m1-sinalizacao-de-emergencia-sistemas-de-seguranca-contra-incendio-fotoluminescente-elx-082?variant=32363701993538 | F72: https://contraincendio.com.br/produto/sinalizacao-de-emergencia/mensagens-escritas/placa-de-sinalizacao-edificacao-m1/
A73: 18 | B73: COT-18 | C73: Placa M2- Placa M2 Lotação Máxima | D73: HIDRANTEX DO BRASIL | E73: BARRAFIRE | F73: VISART SINALIZAÇÃO | G73: Nome | H73: Nome | I73: =AVERAGE(D74:F74) -> 24.3 | J73: COT-18 UFF
A74: Cotação | D74: 30 | E74: 35 | F74: 7.9 | G74: 0 | H74: 0
A75: Link | D75: https://www.hidrantex.com.br/placas/placa-m2-lotacao-maxima | E75: https://www.barrafire.com.br/placa-de-sinalizacao/sinalizacao-de-emergencia/placa-m2-bombeiro-lotacao-maxima-na-edificacao | F75: https://visart-sinalizacao.lojaintegrada.com.br/lotacao-maxima-m2-mod-2?utm_source=Site&utm_medium=GoogleShopping&utm_campaign=IntegracaoGoogle
A76: 19 | B76: COT-19 | C76: PLACA P1 CIRCULAR - PROIBIDO FUMAR | D76: ENFOQUE VISUAL | E76: SINAL CENTER | F76: ISNALIZA | G76: Nome | H76: Nome | I76: =AVERAGE(D76:F77) -> 21.896667
A77: Cotação | D77: 13.6 | E77: 17.1 | F77: 34.99 | G77: 0 | H77: 0
A78: Link | D78: https://enfoquevisual.com.br/products/p1-sinalizacao-de-emergencia-proibicao-proibido-fumar-elx-070?variant=32363680464962 | E78: https://www.sinalcenter.com.br/placa-proibido-fumar-p1?utm_source=Site&utm_medium=GoogleMerchant&utm_campaign=GoogleMerchant&sku=38L6HKCPA-pvc-expandido-2-mm-com-vinil-20x20-cm&srsltid=AfmBOoriILGdHk-lY1GCwwQFaEs13xbRLRkKHHBsGCv-MVa5MYdH2waStQg | F78: https://www.isinaliza.com/placa-proibido-fumar-p1/p?gad_source=1&gclid=Cj0KCQjwrp-3BhDgARIsAEWJ6Sz8_sybh3p7qi4Pn7tJJE3_FyAxKEkXR1o2_bfNPVoCfK7gq-1tsvkaArZREALw_wcB&idsku=66202&skuId=66201&utm_campaign=shopping&utm_medium=shopping&utm_source=google%20ads
A79: 20 | B79: COT-20 | C79: EXTINTOR ABC , 4 KG, FOSFATO MONDOAMÔNICO | D79: LOJAS BRASIL FIRE | E79: PROTEÇÃO EXTINTORES | F79: CONTRA INCENDIO | G79: Nome | H79: Nome | I79: =AVERAGE(D80:F80) -> 166.08
A80: Cotação | D80: 181.5 | E80: 179.99 | F80: 136.75 | G80: 0 | H80: 0
A81: Link | D81: https://www.lojabrasilfire.com.br/extintores/extintor-de-incendio-4kg-de-po-abc-com-validade-de-5-anos | E81: https://www.protecaoextintor.com.br/extintor-pqs-4kg-abc-validade-da-carga-3-anos | F81: https://contraincendio.com.br/produto/extintores-de-incendio/po-quimico-classe-abc/extintor-de-po-quimico-seco-pqs-abc-4-kg/
A82: 21 | B82: COT-21 | C82: RALO LINEAR COM GRELHA REFORÇADA | D82: FICONE E REIS | E82: ZNUBI GRELHA E CIA | F82: LEROY MERLIN | G82: Nome | H82: Nome | I82: =MIN(D83:F83) -> 132.7 | J82: PRA CIMA ALTERAR
A83: Cotação | D83: 224.1 | E83: 132.7 | F83: 163.5 | G83: 0 | H83: 0
A84: Link | D84: https://www.ficonereis.com.br/MLB-1611714130-ralo-linear-15x150-aluminio-reforcado-com-tela-3-15x50-_JM | E84: https://www.znubigrelhas.com.br/grelha-pluvial-15x150-com-suporte-aluminio-escovado-znubi-grelhas-cia | F84: https://www.leroymerlin.com.br/ralo-grelha-linear-15x150cm-elite-reforcado-em-aluminio-com-aro-de-fixacao--kit-3-pecas-de-15x50-_1567591644
A85: 22 | B85: COT-22 | C85: CRUZETA DE FIBRA DE VIDRO PARA POSTE | D85: MONERETTO LUZ | E85: POOL ELÉTRICA | F85: PLENOBRAS | G85: Nome | H85: Nome | I85: =MIN(D86:F86) -> 201.21
A86: Cotação | D86: 201.21 | E86: 294.89 | F86: 291.61 | G86: 0 | H86: 0
A87: Link | D87: https://www.monerettoluzhome.com.br/cruzeta-de-fibra-90x112x2300mm-300-dan-indafibras?srsltid=AfmBOooatskuQxW3oFPpJbhSQAPq-EwSG_4InY4urKqG3ryuEF_OYV3gObg | E87: https://www.pooleletrica.com.br/eletrica/cruzeta-de-fibra-de-vidro-90-x-112-5-x-2000mm-400-dan-115 | F87: https://www.plenobras.com.br/646a5ab5d496504d21df8b60/cruzeta-polimerica-reta-oca-pposte-90x90x2000mm-tecfibras
A88: 23 | B88: COT-23 | C88: BICICLETÁRIO | D88: ABC METAL | E88: MAGAZINE LUIZA | F88: CASAS BAHIA | G88: Nome | H88: Nome | I88: =MIN(D89:F89) -> 416.3
A89: Cotação | D89: 988.77 | E89: 416.3 | F89: 456.89 | G89: 0 | H89: 0
A90: Link | D90: https://www.abcmetal.com.br/chao-10-bicicletas?variant_id=21383&parceiro=7695&gad_source=1&gclid=CjwKCAiA6t-6BhA3EiwAltRFGBWwazYwVnGppMOrLyj_jKiSLw1vjrT9Li8LdsCRkhYY5D6Voct7MBoCVw0QAvD_BwE | E90: https://www.magazineluiza.com.br/bicicletario-chao-a-10-vagas-loja-casa-direto-da-fabrica-geral/p/ca447jh0h2/es/bclo/?&seller_id=olistplus&utm_source=google&utm_medium=cpc&utm_term=77946&utm_campaign=google_eco_per_ven_pla_all_apo_3p_adv-funnel-trafego-csp&utm_content=&partner_id=77946&gclsrc=aw.ds&gad_source=1&gclid=CjwKCAiA6t-6BhA3EiwAltRFGDycWmVxJ_aVlkn_GXrk4ZvXYseVanN5AyWAauj_tpaBri7GJjFTdxoCcwIQAvD_BwE | F90: https://www.casasbahia.com.br/bicicletario-chao-a-10-vagas-loja-casa-direto-da-fabrica-1566692713/p/1566692713?utm_medium=Cpc&utm_source=GP_PLA&IdSku=1566692713&idLojista=12231&tipoLojista=3P&gclsrc=aw.ds&&utm_campaign=3p_gg_pmax_tudo&gad_source=1&gclid=CjwKCAiA6t-6BhA3EiwAltRFGPPJZIxluMJ19zZzIvVr7d2UfWbj2h03O_rbPviwZ7hHKI4-Q79RExoC9XMQAvD_BwE
A92: 24 | B92: COT-24 | C92: Suporte Projetor Teto Telescópio Com Bandeja | D92: AJ SOM | E92: ABC SUPORTES | F92: MAGAZINE LUIZA | G92: Nome | H92: Nome | I92: =MIN(D93:F93) -> 109.99
A93: Cotação | D93: 109.99 | E93: 284.9 | F93: 234.2 | G93: 0 | H93: 0
A94: Link | D94: https://www.ajsom.com.br/produtos/extensorsuportepedestal-p-projetor43-65-cmtetobranco/?variant=711457645&pf=mc&gad_source=1&gclid=CjwKCAiAjeW6BhBAEiwAdKltMhgHi-r9Et-gEGFJ-H4eASAbFmQqpciGKNMJTb-YeE7uOAme7atEWxoCAGoQAvD_BwE | E94: https://www.abcsuportes.com.br/suporte-projetor-teto-telescopio-com-bandeja-avatron-sbae-5075t-w?utm_source=Site&utm_medium=GoogleMerchant&utm_campaign=GoogleMerchant&utm_source=google&utm_medium=cpc&utm_campaign=x&utm_content=&utm_term=&gad_source=1&gclid=CjwKCAiAjeW6BhBAEiwAdKltMkaQo3h1CKnjj2n0gkB1x_zaSr6RG59IYe3jE1xsqnb4v5C3t2MqqBoC25MQAvD_BwE | F94: https://www.magazineluiza.com.br/suporte-projetor-de-teto-com-bandeja-telescopio-15kg-avatron/p/dc01a12h5e/et/sppj/?&seller_id=oliststore&utm_source=google&utm_medium=cpc&utm_term=77946&utm_campaign=google_eco_per_ven_pla_all_apo_3p_adv-funnel-trafego-csp&utm_content=&partner_id=77946&gclsrc=aw.ds&gad_source=1&gclid=CjwKCAiAjeW6BhBAEiwAdKltMqq3GvL94JSLgzwdTvWO1x4OJTkdA8wIdKYo2gx_aC03-33QSQ4TahoCy2MQAvD_BwE
A96: 25 | B96: COT-25 | C96: CHAPA GALVANIZADA PERFURADA COM FUROS QUADRADOS DE 5 MM | D96: GRAVIA | E96: DOMINIK | F96: TELÃO CADEG | G96: Nome | H96: Nome | I96: =AVERAGE(D97:F97) -> 355.87111
A97: Cotação | D97: =515.11/2 -> 257.555 | E97: =384.14/2.4 -> 160.05833 | F97: =1300/2 -> 650 | G97: 0 | H97: 0
A98: Link | D98: https://www.gravia.com/chapa-perfurada-18-quadrado-6-00mm-ec-9mm-1000-2000mm/p?srsltid=AfmBOoos-0Gf_RvDhC093FH9JMDDyO8PqEbbwqASiaXo5rwh3Dh5cQP8 | E98: https://acos.dominik.com.br/product/chapa-perfurada-galvanizada-0-80mm-1-20-x-2-furo-quadrado-5mm/ | F98: https://telaodacadeg.lojavirtualnuvem.com.br/produtos/chapa-ferfurada-fq-5x5mm-ec9mm-esp-09mm-ac-peca-200x100m/
A100: 26 | B100: COT-26 | C100: POLTRONA ACOLCHOADA PARA AUDITÓRIO | D100: SCHOOL CENTER SHOP | E100: IMAGINE MÓVEIS | F100: IMPORT MÓVEIS | G100: Nome | H100: Nome | I100: =AVERAGE(D101:F101) -> 2746.72
A101: Cotação | D101: 3950 | E101: 2659 | F101: 1631.16 | G101: 0 | H101: 0
A102: Link | D102: https://www.schoolcentershop.com.br/escritorio/auditorio/sc-270-poltrona-de-auditorio-especial | E102: https://www.imaginemoveis.com.br/poltrona-esibire-com-braco-fixo | F102: https://www.importmoveis.com.br/auditorios/poltronas-de-auditorio/poltrona-ty-93?parceiro=6145&srsltid=AfmBOooqzHVo9h5_vlUgsGKXWGQenBS0bGI-IzlalVXVlZD3MC3CPPIOq1M
A104: 27 | B104: COT-27 | C104: BALCÃO PARA RECEPÇÃO | D104: GRUPO MÓVEIS OFFICE | E104: GRAPOL | F104: MAX MOVEIS BH | G104: Nome | H104: Nome | I104: =MIN(D105:F105) -> 780
A105: Cotação | D105: 995.75 | E105: 1162.21 | F105: 780 | G105: 0 | H105: 0
A106: Link | D106: https://www.grupomoveisoffice.com.br/moveis-para-escritorio/balcao-atendimento-25mm-madrid-direita | E106: https://www.grapol.com.br/produto/337015025/balcao-de-atendimento-madri-esquerdo | F106: https://www.maxmoveisbh.com.br/moveis-escritorio/balcao-de-atendimento-madrid-maranello-lado-esquerdo-cod-9991
A108: 28 | B108: COT-28 | D108: Nome | E108: Nome | F108: Nome | G108: Nome | H108: Nome
A109: Cotação | D109: 0 | E109: 0 | F109: 0 | G109: 0 | H109: 0
A110: Link
A112: 29 | B112: COT-29 | C112: Cuba De Embutir Retangular L375 Branco Deca 48x36cm | D112: ABC DA CONSTRUÇÃO | E112: AMAZON | F112: MADEIRA MADEIRA | G112: Nome | H112: Nome | I112: =MIN(D113:F113) -> 114.9
A113: Cotação | D113: 114.9 | E113: 118.48 | F113: 144.88 | G113: 0 | H113: 0
A114: Link | D114: https://www.abcdaconstrucao.com.br/produto/cuba-de-embutir-retangular-l375-branco-deca-48x36cm-86752?keyword=&creative=&gad_source=1&gclid=Cj0KCQiAsOq6BhDuARIsAGQ4-zhEpQ_kDdFsQRq_gEr8iQ0I309vESTHJzNA8TOH0GruKTXwdV-6pqgaAiJ_EALw_wcB | E114: https://www.amazon.com.br/Embutir-Retangular-480x355mm-Branco-Deca/dp/B076JLVJSF/ref=asc_df_B076JLVJSF/?tag=googleshopp00-20&linkCode=df0&hvadid=709968341035&hvpos=&hvnetw=g&hvrand=14752698409843991604&hvpone=&hvptwo=&hvqmt=&hvdev=c&hvdvcmdl=&hvlocint=&hvlocphy=1001575&hvtargid=pla-960009466799&psc=1&mcid=ae9e2f918fd837b59d7b29eced198e02&gad_source=1 | F114: https://www.madeiramadeira.com.br/cuba-de-embutir-para-banheiro-retangular-l375-deca-1139433.html?origem=pla-1139433&seller=21993&utm_source=google&utm_medium=cpc&utm_content=cubas-2417&utm_term=&utm_id=20531144341&gad_source=1&gclid=Cj0KCQiAsOq6BhDuARIsAGQ4-zhDtYhZ_pX3Nn2y7HVJHm_FMqnSRDdlozdlAg8EmolTO_lxMHD8_34aAhfaEALw_wcB
A116: 30 | B116: COT-30 | C116: ABRAÇADEIRA DE PLÁSTICO PARA LÂMPADA TUBULAR | D116: MAGAZINE LUIZA | E116: ABC MAQUINAS | F116: LOJAS SOLAR | G116: Nome | H116: Nome | I116: =MIN(D117:F117) -> 0.52
A117: Cotação | D117: =55.76/100 -> 0.5576 | E117: =52/100 -> 0.52 | F117: 0.55 | G117: 0 | H117: 0
A118: Link | D118: https://www.magazineluiza.com.br/kit-100-abracadeira-suporte-para-lampada-tubular-t8-fluorescente-led-flp/p/fej8022eh5/fs/adra/?&seller_id=epmhomesportsltda&utm_source=google&utm_medium=cpc&utm_term=76920&utm_campaign=google_eco_per_ven_pla_ca_sor_3p_ci-cj-fs-b&utm_content=&partner_id=76920&gclsrc=aw.ds&gclid=Cj0KCQiAsOq6BhDuARIsAGQ4-zg1Fi4KU8w9JInMsI5jaZj6NyR-hVilOzd1kfvozp7SXsDxpO1Of98aAvS3EALw_wcB | E118: https://www.abmaquinaseferramentas.com.br/materiais-eletricos/acessorios-para-sistemas-eletricos/kit-100-pecas-suporte-abracadeira-plastica-para-lampada-tubular-t8-led-ou-fluorescente | F118: https://www.lojasolar.com.br/abracadeira-de-plastico-para-lampada-fluorescente-branco-190-2-perlex/p?srsltid=AfmBOoq9Z7KzxXFeA5C2mtQs24Ou3lMd_GaWIXPRyFRhncH8pFMnEe33
A120: 31 | B120: COT-31 | C120: PLUG MACHO 2P+T 10A | D120: ELETROSTRATO | E120: ANDRA | F120: AMPERIAL | G120: Nome | H120: Nome | I120: =MIN(D121:F121) -> 5.61
A121: Cotação | D121: 8.44 | E121: 5.61 | F121: 8.02 | G121: 0 | H121: 0
A122: Link | D122: https://www.eletrorastro.com.br/produto/plug-de-sobrepor-2p-t-10a-macho-preto-fame-79858?utm_source=google&utm_medium=cpc&gad_source=1&gclid=Cj0KCQiAsOq6BhDuARIsAGQ4-zg7_yoEERa7iml6Mlip3kr0E4sgkBVcOdKeYgHjrN3t1vYW2FgJ7z4aAlkSEALw_wcB | E122: https://www.andra.com.br/plug-10a-250v-pb-preto-transmobil/p?idsku=968&gad_source=1&gclid=Cj0KCQiAsOq6BhDuARIsAGQ4-zjRMiXk2lJ2IFMMiwnzGnTeM8npiFHs2EHGbR0UtoPdXT8EKfx2HGYaAi8UEALw_wcB | F122: https://www.amperial.com.br/plugue-macho-fame-2p-t-10a-preto?utm_source=google&utm_medium=Shopping&utm_campaign=plugue-macho-fame-2p-t-10a-preto&inStock&utm_source=google&utm_medium=cpc&utm_campaign=x&utm_content=&utm_term=&gad_source=1&gclid=Cj0KCQiAsOq6BhDuARIsAGQ4-zgBYtbFpJB2YZPsfxqQ2rK1bbb1rEHN06hD3HqBOVVp3syX7GDn8OMaAlOdEALw_wcB
A124: 32 | B124: COT-32 | C124: Condutor cobre 25mm² 12/20kV - classe 2 (HEPR/XLPE) | D124: DIMENSIONAL | E124: PLENOBRAS | F124: ELETROFM | G124: Nome | H124: Nome | I124: =AVERAGE(D125:F125) -> 73.82
...

Sheet BDI
A11: PLANILHA DE MEMÓRIA DE CÁLCULO DE BDI - BÔNUS DE DESPESAS INDIRETAS
A12: =Planilha!A12 -> UFF- CAMPUS NITERÓI | E12: =Planilha!E12 -> AUTOR: | H12: =Planilha!H12 -> FUNÇÃO: | N12: =ROUND(((((1+(F18+F19+F20))*(1+F21)*(1+F22))/(1-(F28+F27+F26+F29))-1)),5) -> 0.24657
A13: =Planilha!A13 -> LOCAL: RUA VERA CRISPINO DE FREITAS, 190-2 - BOA VIAGEM, NITERÓI-RJ | E13: =Planilha!E13 -> PROCESSO: | H13: =Planilha!H13 -> ART/RRT:
A14: =Planilha!A14 -> NOME DA OBRA: AGÊNCIA DE INOVAÇÃO DA UFF | E14: =Planilha!E14 -> BDI | F14: =Planilha!F14 -> BDI EQUIP. | G14: =Planilha!G14 -> SIAPE | H14: =Planilha!H14 -> DATA | I14: =Planilha!I14 -> REVISÃO
A15: =Planilha!A15 -> BASE DE DADOS: SINAPI/2025.7 - EMOP/2025.7 - SCO/2025.7 - SBC/2025.7 | E15: =Planilha!E15 -> 0.24657 | F15: =Planilha!F15 -> 0 | G15: =Planilha!G15 -> 0000000 | H15: =Planilha!H15 -> 45957 | I15: =Planilha!I15 -> R03
D17: valores
B18: AC = Administração Central | D18: 0.03 | F18: =D18 -> 0.03
B19: R = Taxa de risco | D19: 0.0097 | F19: =D19 -> 0.0097
B20: S + G = Taxa seguro e garantia do empreendimento | D20: 0.008 | F20: =D20 -> 0.008
B21: DF = Despesas Financeira | D21: 0.0059 | F21: =D21 -> 0.0059
B22: L = Taxa de Lucro | D22: 0.0616 | F22: =D22 -> 0.0616
B23: I = Taxa de tributos
B25: Tributos
B26: Pis = 0,65% | F26: 0.0065
B27: Cofins = 3,00% | F27: 0.03
B28: ISS = 3% | F28: 0.03
B29: CPRB = 3,6% | F29: 0.036
F32: =N12 -> 0.24657
B48: Demonstração:
B49: AC = taxa de Administração Central
B50: S = taxa de Seguros
B51: R = taxa de Riscos
B52: G = taxa de Garantias
B53: DF = taxa de Despesas Financeiras
B54: L = taxa de Lucro/ remuneração
B55: I = taxa de incidência de Impostos (PIS, COFINS e ISS)
B57: Administração Central (AC)
B58: Considerado = x % (varia entre 3 a 5,50% do custo direto da obra)
B60: Seguro + Garantia (S + G)
B61: Considerado =x% (varia entre 0,8 a 1,0% do custo da obra)
... B72: Tributos sobre o faturamento (I)
B74: TRIBUTO | D74: ALIQUOTA
B75: COFINS | D75: 0.03
B76: PIS/PASEP | D76: 0.0065
B77: ISS (Niterói) | D77: 0.03
B78: TOTAL | D78: =SUM(D75:D77) -> 0.0665
B80: CPRB (INSS) | D80: 0.045
F82: TABELA DE ISS - UNIDADES UFF
F83: ISS (%) | G83: UF | H83: MUNICÍPIO
F84: 3 | G84: RJ | H84: Niterói
F85: 5 | G85: RJ | H85: Angra dos Reis
F86: 5 | G86: RJ | H86: Cachoeira de Macacú
F87: 2 | G87: RJ | H87: Santo Antônio de Pádua
F88: 5 | G88: RJ | H88: Campos dos Goytacazes
F89: 2 | G89: RJ | H89: Macaé
F90: 5 | G90: RJ | H90: Nova Friburgo
F91: 2.5 | G91: RJ | H91: Rio das Ostras
F92: 3 | G92: RJ | H92: Volta Redonda
F93: 3 | G93: RJ | H93: Petropolis
F94: 5 | G94: PA | H94: Oriximiná

Sheet Enc. Sociais
A11: PLANILHA DE ENCARGOS SOCIAIS
A12: =Planilha!A12 -> UFF- CAMPUS NITERÓI | E12: =Planilha!E12 -> AUTOR: | H12: =Planilha!H12 -> FUNÇÃO:
A13: =Planilha!A13 -> LOCAL: RUA VERA CRISPINO DE FREITAS, 190-2 - BOA VIAGEM, NITERÓI-RJ | E13: =Planilha!E13 -> PROCESSO: | H13: =Planilha!H13 -> ART/RRT:
A14: =Planilha!A14 -> NOME DA OBRA: AGÊNCIA DE INOVAÇÃO DA UFF | E14: =Planilha!E14 -> BDI | F14: =Planilha!F14 -> BDI EQUIP. | G14: =Planilha!G14 -> SIAPE | H14: =Planilha!H14 -> DATA | I14: =Planilha!I14 -> REVISÃO
A15: =Planilha!A15 -> BASE DE DADOS: SINAPI/2025.7 - EMOP/2025.7 - SCO/2025.7 - SBC/2025.7 | E15: =Planilha!E15 -> 0.24657 | F15: =Planilha!F15 -> 0 | G15: =Planilha!G15 -> 0000000 | H15: =Planilha!H15 -> 45957 | I15: =Planilha!I15 -> R03
A67: Responsável Técnico pelo Orçamento: | G67: CREA / CAU:
A68: Responsável legal pela empresa:

Sheet Mem. Cálculo
A11: PLANILHA DE MEMÓRIA DE CÁLCULOS
A12: =[1]Planilha!A12 -> UFF- CAMPUS NITERÓI | E12: =[1]Planilha!E12 -> AUTOR: | H12: =[1]Planilha!H12 -> FUNÇÃO:
A13: =[1]Planilha!A13 -> LOCAL: RUA VERA CRISPINO DE FREITAS, 190-2 - BOA VIAGEM, NITERÓI-RJ | E13: =[1]Planilha!E13 -> PROCESSO: | H13: =[1]Planilha!H13 -> ART/RRT:
A14: =[1]Planilha!A14 -> NOME DA OBRA: AGÊNCIA DE INOVAÇÃO DA UFF | E14: =[1]Planilha!E14 -> BDI | F14: =[1]Planilha!F14 -> BDI EQUIP. | G14: =[1]Planilha!G14 -> SIAPE | H14: =[1]Planilha!H14 -> DATA | I14: =[1]Planilha!I14 -> REVISÃO
A15: =[1]Planilha!A15 -> BASE DE DADOS: SINAPI/2025.7 - EMOP/2025.7 - SCO/2025.7 - SBC/2025.7 | E15: =[1]Planilha!E15 -> 0.24657 | F15: =[1]Planilha!F15 -> 0 | G15: =[1]Planilha!G15 -> 0000000 | H15: =Planilha!H15 -> 45957 | I15: R03
A16: ITEM | B16: CÓDIGO | C16: DESCRIÇÃO | D16: UNIDADE | E16: QUANTIDADE | F16: MEMÓRIA DE CÁLCULO
E17: 0
A18: 1 | C18: GERENCIAMENTO DE OBRAS / FISCALIZAÇÃO
A19: 1.1 | B19: COMP-1001 | C19: EQUIPE ADMINISTRATIVA DA OBRA | D19: MÊS | E19: 13 | F19: MESES DE OBRA | I19: 13
A20: 2 | C20: SERVIÇOS PRELIMINARES
A21: 2.1 | B21: 103689 | C21: FORNECIMENTO E INSTALAÇÃO DE PLACA DE OBRA COM CHAPA GALVANIZADA E ESTRUTURA DE MADEIRA. AF_03/2022_PS | D21: M2 | E21: 6 | F21: ESTIMATIVA: 2 PLACAS MEDINDO 2,00M X 1,50M | I21: =2*2*1.5 -> 6
A22: 2.2 | B22: 01.018.0002-A | C22: LOCACAO DE OBRA COM APARELHO TOPOGRAFICO SOBRE CERCA DE MARCACAO,INCLUSIVE CONSTRUCAO DESTA E SUA PRE-LOCACAO E O FORNECIMENTO DO MATERIAL E TENDO POR MEDICAO O PERIMETRO A CONSTRUIR | D22: M | E22: 941.81 | F22: ÁREA DE INTERVENÇÃO | G22: CONFORME PROJETO | I22: 941.81
A23: 2.3 | B23: 90781 | C23: TOPOGRAFO COM ENCARGOS COMPLEMENTARES | D23: H | E23: 16
A24: 3 | C24: CANTEIRO DE OBRAS
A25: 3.1 | B25: COMP-1002 | C25: MOBILIZAÇÃO DO CANTEIRO DE OBRAS - INCLUSO TRANSPORTE DE MATERIAIS, MAQUINÁRIO, EQUIPAMENTOS, FERRAMENTAS, UTENSÍLIOS E PESSOAL PARA O CANTEIRO DE OBRA, PARA O INÍCIO DO CONTRATO OU EVENTUAIS INTERRUPÇÕES DO TRABALHO | D25: H | E25: =I25 -> 1 | F25: CONFORME ORIENTAÇÃO DO DNIT, DISTÂNCIA ATÉ À CAPITAL DO ESTADO. | I25: 1
A26: 3.2 | B26: 98459 | C26: TAPUME COM TELHA METÁLICA. AF_03/2024 | D26: M2 | E26: =I26 -> 711.38 | F26: LEVANTAMENTO EM PROJETO | I26: 711.38
A27: 3.3 | B27: 02.006.0015-0 | C27: ALUGUEL CONTAINER (MODULO METALICO ICAVEL),P/ESCRITORIO C/WC,MED.APROX.2,30M LARG.6,00M COMPR.E 2,50M ALT.CHAPAS ACO C/NERVURAS TRAPEZOIDAIS,ISOLAMENTO TERMO-ACUSTICO FORRO,CHASSISREFORCADO E PISO COMPENSADO NAVAL,INCLUINDO INST.ELETR.HIDROSSANITARIAS,SUPRIDO ACESSORIOS,1 BACIA SANITARIA E 1 LAVATORIO,EXCL.TRANSP.(04.005.0300),CARGA E DESCARGA (04.013.0015) | D27: UNXMES | E27: 13 | F27: UNIDADE POR MESES DE OBRA: 1UND X 13 MESES= | I27: 13
A28: 3.4 | B28: 02.006.0030-A | C28: ALUGUEL CONTAINER(MODULO METALICO ICAVEL),SANITARIO-VESTIARIO,MED.APROX.2,30M LARG.6,00M COMPR.2,50M ALT.CHAPAS ACO NERVURAS TRAPEZOIDAIS,ISOLAMENTO TERMO-ACUSTICO FORRO,CHASSIS REFORCADO PISO COMPENSADO NAVAL,INCL.INST.ELETR.HIDROSSANITARIAS,SUPRIDO ACESS.7 BACIAS SANITARIAS,2 LAVATORIOS E 2 MICTORIOS,EXCL.TRANSP.(04.005.0300),CARGA E DESCARGA(04.013.0015) | D28: UNXMES | E28: 13 | F28: UNIDADE POR MESES DE OBRA: 1UND X 13 MESES= | I28: 13
A29: 3.5 | B29: 12095 | C29: CONTAINER REFEITORIO 12.12X2,44X2.57 C/5 MESAS/BANCOS/PIA | D29: UNXMÊS | E29: 13 | F29: UNIDADE POR MESES DE OBRA: 1UND X 13 MESES= | I29: 13
A30: 3.6 | B30: 061042 | C30: ENTRADA ENERGIA BAIXA TENSAO COM MEDIDOR | D30: UN | E30: 1 | F30: LEVANTAMENTO EM PROJETO
A31: 3.7 | B31: COMP-81429 | C31: LIGAÇÃO PROVISÓRIA DE ÁGUA E ESGOTO | D31: UN | E31: 1 | F31: LEVANTAMENTO EM PROJETO
A32: 3.8 | B32: 97063 | C32: MONTAGEM E DESMONTAGEM DE ANDAIME MODULAR FACHADEIRO, COM PISO METÁLICO, PARA EDIFÍCIOS COM MULTIPLOS PAVIMENTOS (EXCLUSIVE ANDAIME E LIMPEZA). AF_03/2024 | D32: m² | E32: 840
A33: 3.9 | B33: COM-40772 | C33: LOCACAO DE ANDAIME METALICO TIPO FACHADEIRO, PECAS COM APROXIMADAMENTE 1,20 M DE LARGURA E 2,0 M DE ALTURA, INCLUINDO DIAGONAIS EM X, BARRAS DE LIGACAO, SAPATAS E DEMAIS ITENS NECESSARIOS A MONTAGEM. INCLUSIVE MONTAGEM E DESMONTAGEM | D33: un | E33: 1680
A34: 3.10 | B34: 97064 | C34: MONTAGEM E DESMONTAGEM DE ANDAIME TUBULAR TIPO "TORRE" (EXCLUSIVE ANDAIME E LIMPEZA). AF_03/2024 | D34: M | E34: 13
A35: 3.11 | B35: COMP-3043 | C35: ALUGUEL MENSAL ANDAIME TUBULAR TIPO TORRE | D35: MXMES | E35: 26
A36: 3.12 | B36: 04.014.0095-0 | C36: RETIRADA DE ENTULHO DE OBRA COM CACAMBA DE ACO TIPO CONTAINE R COM 5M3 DE CAPACIDADE,INCLUSIVE CARREGAMENTO,TRANSPORTE E DESCARREGAMENTO.CUSTO POR UNIDADE DE CACAMBA E INCLUI A TAX A PARA DESCARGA EM LOCAIS AUTORIZADOS GOS SOCIAIS ENTULHO OBRA,INCL.CARREGA.,TRANSP.E DESCAR.LOCAIS AUTORIZ. | D36: UN | E36: 40
A37: 4 | C37: MOVIMENTO DE TERRA
A38: 4.1 | B38: 101114 | C38: ESCAVAÇÃO HORIZONTAL EM SOLO DE 1A CATEGORIA COM TRATOR DE ESTEIRAS (100HP/LÂMINA: 2,19M3). AF_07/2020 | D38: M3 | E38: 419.38 | F38: CONFORME PROJETO GEOTÉCNICO | I38: 17854
A39: 4.2 | B39: 100974 | C39: CARGA, MANOBRA E DESCARGA DE SOLOS E MATERIAIS GRANULARES EM CAMINHÃO BASCULANTE 10 M³ - CARGA COM PÁ CARREGADEIRA (CAÇAMBA DE 1,7 A 2,8 M³ / 128 HP) E DESCARGA LIVRE (UNIDADE: M3). AF_07/2020 | D39: M3 | E39: 502.05 | F39: CONFORME PROJETO GEOTÉCNICO | I39: 17854
A40: 4.3 | B40: 96385 | C40: EXECUÇÃO E COMPACTAÇÃO DE ATERRO COM SOLO PREDOMINANTEMENTE ARGILOSO - EXCLUSIVE SOLO, ESCAVAÇÃO, CARGA E TRANSPORTE. AF_11/2019 | D40: M3 | E40: 335.4 | F40: CONFORME PROJETO GEOTÉCNICO | I40: 4774
A41: 4.4 | B41: 93590 | C41: TRANSPORTE COM CAMINHÃO BASCULANTE DE 10 M³, EM VIA URBANA PAVIMENTADA, ADICIONAL PARA DMT EXCEDENTE A 30 KM (UNIDADE: M3XKM). AF_07/2020 | D41: M3XKM | E41: 10041.72 | F41: CONFORME PROJETO GEOTÉCNICO | G41: COM DESCONTO DE MATERIAL UTILIZADO NO ATERRO | I41: 274680
A42: 4.5 | B42: COMP-3047 | C42: Descarte de solo em aterro legalizado | D42: m³ | E42: 502.05
A43: 5 | C43: INFRAESTRUTURA: FUNDAÇÕES SIMPLES (OU DIRETAS)
A44: 5.1 | C44: BLOCO DE COROAMENTO E SAPATA
A45: 5.1.1 | B45: 96523 | C45: ESCAVAÇÃO MANUAL PARA BLOCO DE COROAMENTO OU SAPATA (INCLUINDO ESCAVAÇÃO PARA COLOCAÇÃO DE FÔRMAS). AF_01/2024 | D45: M3 | E45: 283.16 | F45: QUANTITATIVO CONFORME PROJETO ESTRUTURAL E MEMORIAL DE CÁLCULO | J45: =(6.37+30.56+6.08+9.68+22.63+18.52+10.72+8.82+9.16+3.7+3.07+2.98+2.5+2.47+1.8+1.43+2.57+1.44+7.32+10.05+34.05+10.98+7.33+17.6+3.01+61.57)*2.4 -> 711.384
A46: 5.1.2 | B46: 96529 | C46: FABRICAÇÃO, MONTAGEM E DESMONTAGEM DE FÔRMA PARA SAPATA, EM MADEIRA SERRADA, E=25 MM, 1 UTILIZAÇÃO. AF_01/2024 | D46: M2 | E46: 197.8 | F46: QUANTITATIVO CONFORME PROJETO ESTRUTURAL E MEMORIAL DE CÁLCULO
A47: 5.1.3 | B47: 96528 | C47: FABRICAÇÃO, MONTAGEM E DESMONTAGEM DE FÔRMA PARA BLOCO DE COROAMENTO, EM MADEIRA SERRADA, E=25 MM, 1 UTILIZAÇÃO. AF_01/2024 | D47: M2 | E47: 53.11 | F47: QUANTITATIVO CONFORME PROJETO ESTRUTURAL E MEMORIAL DE CÁLCULO
A48: 5.1.4 | B48: 96543 | C48: ARMAÇÃO DE BLOCO UTILIZANDO AÇO CA-60 DE 5 MM - MONTAGEM. AF_01/2024 | D48: KG | E48: 10 | F48: QUANTITATIVO CONFORME PROJETO ESTRUTURAL E MEMORIAL DE CÁLCULO
A49: 5.1.5 | B49: 96546 | C49: ARMAÇÃO DE BLOCO UTILIZANDO AÇO CA-50 DE 10 MM - MONTAGEM. AF_01/2024 | D49: KG | E49: 41 | F49: QUANTITATIVO CONFORME PROJETO ESTRUTURAL E MEMORIAL DE CÁLCULO
A50: 5.1.6 | B50: 104916 | C50: ARMAÇÃO DE SAPATA ISOLADA, VIGA BALDRAME E SAPATA CORRIDA UTILIZANDO AÇO CA-60 DE 5 MM - MONTAGEM. AF_01/2024 | D50: KG | E50: 26 | F50: QUANTITATIVO CONFORME PROJETO ESTRUTURAL E MEMORIAL DE CÁLCULO
A51: 5.1.7 | B51: 104918 | C51: ARMAÇÃO DE SAPATA ISOLADA, VIGA BALDRAME E SAPATA CORRIDA UTILIZANDO AÇO CA-50 DE 8 MM - MONTAGEM. AF_01/2024 | D51: KG | E51: 3 | F51: QUANTITATIVO CONFORME PROJETO ESTRUTURAL E MEMORIAL DE CÁLCULO
A52: 5.1.8 | B52: 104919 | C52: ARMAÇÃO DE SAPATA ISOLADA, VIGA BALDRAME E SAPATA CORRIDA UTILIZANDO AÇO CA-50 DE 10 MM - MONTAGEM. AF_01/2024 | D52: KG | E52: 1076 | F52: QUANTITATIVO CONFORME PROJETO ESTRUTURAL E MEMORIAL DE CÁLCULO
A53: 5.1.9 | B53: 104920 | C53: ARMAÇÃO DE BLOCO, SAPATA ISOLADA, VIGA BALDRAME E SAPATA CORRIDA UTILIZANDO AÇO CA-50 DE 12,5 MM - MONTAGEM. AF_01/2024 | D53: KG | E53: 1382 | F53: QUANTITATIVO CONFORME PROJETO ESTRUTURAL E MEMORIAL DE CÁLCULO
A54: 5.1.10 | B54: 104921 | C54: ARMAÇÃO DE BLOCO, SAPATA ISOLADA, VIGA BALDRAME E SAPATA CORRIDA UTILIZANDO AÇO CA-50 DE 16 MM - MONTAGEM. AF_01/2024 | D54: KG | E54: 1139 | F54: QUANTITATIVO CONFORME PROJETO ESTRUTURAL E MEMORIAL DE CÁLCULO
A55: 5.1.11 | B55: 96558 | C55: CONCRETAGEM DE SAPATA, FCK 30 MPA, COM USO DE BOMBA - LANÇAMENTO, ADENSAMENTO E ACABAMENTO. AF_01/2024 | D55: M3 | E55: 101.26 | F55: QUANTITATIVO CONFORME PROJETO ESTRUTURAL E MEMORIAL DE CÁLCULO
A56: 5.1.12 | B56: 96557 | C56: CONCRETAGEM DE BLOCO DE COROAMENTO OU VIGA BALDRAME, FCK 30 MPA, COM USO DE BOMBA - LANÇAMENTO, ADENSAMENTO E ACABAMENTO. AF_01/2024 | D56: m³ | E56: 30.8 | F56: QUANTITATIVO CONFORME PROJETO ESTRUTURAL E MEMORIAL DE CÁLCULO
A57: 5.2 | C57: VIGA DE EQUILÍBRIO/BALDRAME
A58: 5.2.1 | B58: 96527 | C58: ESCAVAÇÃO MANUAL PARA VIGA BALDRAME OU SAPATA CORRIDA (INCLUINDO ESCAVAÇÃO PARA COLOCAÇÃO DE FÔRMAS). AF_01/2024 | D58: M3 | E58: 5.2 | F58: QUANTITATIVO CONFORME PROJETO ESTRUTURAL E MEMORIAL DE CÁLCULO
A59: 5.2.2 | B59: 96536 | C59: FABRICAÇÃO, MONTAGEM E DESMONTAGEM DE FÔRMA PARA VIGA BALDRAME, EM MADEIRA SERRADA, E=25 MM, 4 UTILIZAÇÕES. AF_01/2024 | D59: M2 | E59: 25.99 | F59: QUANTITATIVO CONFORME PROJETO ESTRUTURAL E MEMORIAL DE CÁLCULO
A60: 5.2.3 | B60: 104919 | C60: ARMAÇÃO DE SAPATA ISOLADA, VIGA BALDRAME E SAPATA CORRIDA UTILIZANDO AÇO CA-50 DE 10 MM - MONTAGEM. AF_01/2024 | D60: KG | E60: 131 | F60: QUANTITATIVO CONFORME PROJETO ESTRUTURAL E MEMORIAL DE CÁLCULO
A61: 5.2.4 | B61: 104920 | C61: ARMAÇÃO DE BLOCO, SAPATA ISOLADA, VIGA BALDRAME E SAPATA CORRIDA UTILIZANDO AÇO CA-50 DE 12,5 MM - MONTAGEM. AF_01/2024 | D61: KG | E61: 72 | F61: QUANTITATIVO CONFORME PROJETO ESTRUTURAL E MEMORIAL DE CÁLCULO
A62: 5.2.5 | B62: 104921 | C62: ARMAÇÃO DE BLOCO, SAPATA ISOLADA, VIGA BALDRAME E SAPATA CORRIDA UTILIZANDO AÇO CA-50 DE 16 MM - MONTAGEM. AF_01/2024 | D62: KG | E62: 476 | F62: QUANTITATIVO CONFORME PROJETO ESTRUTURAL E MEMORIAL DE CÁLCULO
A63: 5.2.6 | B63: 96557 | C63: CONCRETAGEM DE BLOCO DE COROAMENTO OU VIGA BALDRAME, FCK 30 MPA, COM USO DE BOMBA - LANÇAMENTO, ADENSAMENTO E ACABAMENTO. AF_01/2024 | D63: M3 | E63: 5.2 | F63: QUANTITATIVO CONFORME PROJETO ESTRUTURAL E MEMORIAL DE CÁLCULO
A64: 6 | C64: INFRAESTRUTURA: FUNDAÇÕES ESPECIAIS (OU INDIRETAS)
A65: 6.1 | B65: 10.003.0080-0 | C65: ESTACA DE CONCRETO ARMADO,MOLDADA NO TERRENO,TIPO HELICE CONTINUA,DIAMETRO DE 400MM,CAPACIDADE DE CARGA DE 60T A 80T,INCLUSIVE FORNECIMENTO DOS MATERIAIS CONSIDERANDO O TRECHO CRAVADO E CONCRETADO | D65: M | E65: 180 | F65: 12 ESTACAS X 15 METROS
A66: 6.2 | B66: 95602 | C66: ARRASAMENTO MECANICO DE ESTACA DE CONCRETO ARMADO, DIAMETROS DE 41 CM A 60 CM. AF_05/2021 | D66: UN | E66: 12 | F66: 12 ESTACAS, UM ARRASAMENTO PARA CADA
A67: 6.3 | B67: COMP-3042 | C67: ENSAIO DE INTEGRIDADE DAS ESTACAS PIT | D67: un | E67: 12 | F67: 12 ESTACAS, UM ARRASAMENTO PARA CADA
A68: 7 | C68: SUPERESTRUTURA
A69: 7.1 | C69: PILAR
A70: 7.1.1 | B70: 92413 | C70: MONTAGEM E DESMONTAGEM DE FÔRMA DE PILARES RETANGULARES E ESTRUTURAS SIMILARES, PÉ-DIREITO SIMPLES, EM MADEIRA SERRADA, 4 UTILIZAÇÕES. AF_09/2020 | D70: M2 | E70: 415.76 | F70: QUANTITATIVO CONFORME PROJETO ESTRUTURAL E MEMORIAL DE CÁLCULO | J70: =42*15 -> 630
A71: 7.1.2 | B71: 92759 | C71: ARMAÇÃO DE PILAR OU VIGA DE ESTRUTURA CONVENCIONAL DE CONCRETO ARMADO UTILIZANDO AÇO CA-60 DE 5,0 MM - MONTAGEM. AF_06/2022 | D71: KG | E71: 476 | F71: QUANTITATIVO CONFORME PROJETO ESTRUTURAL E MEMORIAL DE CÁLCULO
A72: 7.1.3 | B72: 92760 | C72: ARMAÇÃO DE PILAR OU VIGA DE ESTRUTURA CONVENCIONAL DE CONCRETO ARMADO UTILIZANDO AÇO CA-50 DE 6,3 MM - MONTAGEM. AF_06/2022 | D72: KG | E72: 208 | F72: QUANTITATIVO CONFORME PROJETO ESTRUTURAL E MEMORIAL DE CÁLCULO
A73: 7.1.4 | B73: 92761 | C73: ARMAÇÃO DE PILAR OU VIGA DE ESTRUTURA CONVENCIONAL DE CONCRETO ARMADO UTILIZANDO AÇO CA-50 DE 8,0 MM - MONTAGEM. AF_06/2022 | D73: KG | E73: 39 | F73: QUANTITATIVO CONFORME PROJETO ESTRUTURAL E MEMORIAL DE CÁLCULO
A74: 7.1.5 | B74: 92762 | C74: ARMAÇÃO DE PILAR OU VIGA DE ESTRUTURA CONVENCIONAL DE CONCRETO ARMADO UTILIZANDO AÇO CA-50 DE 10,0 MM - MONTAGEM. AF_06/2022 | D74: KG | E74: 810 | F74: QUANTITATIVO CONFORME PROJETO ESTRUTURAL E MEMORIAL DE CÁLCULO
A75: 7.1.6 | B75: 92763 | C75: ARMAÇÃO DE PILAR OU VIGA DE ESTRUTURA CONVENCIONAL DE CONCRETO ARMADO UTILIZANDO AÇO CA-50 DE 12,5 MM - MONTAGEM. AF_06/2022 | D75: KG | E75: 1390 | F75: QUANTITATIVO CONFORME PROJETO ESTRUTURAL E MEMORIAL DE CÁLCULO
A76: 7.1.7 | B76: 92764 | C76: ARMAÇÃO DE PILAR OU VIGA DE ESTRUTURA CONVENCIONAL DE CONCRETO ARMADO UTILIZANDO AÇO CA-50 DE 16,0 MM - MONTAGEM. AF_06/2022 | D76: KG | E76: 1730 | F76: QUANTITATIVO CONFORME PROJETO ESTRUTURAL E MEMORIAL DE CÁLCULO
A77: 7.1.8 | B77: 103672 | C77: CONCRETAGEM DE PILARES, FCK = 25 MPA, COM USO DE BOMBA - LANÇAMENTO, ADENSAMENTO E ACABAMENTO. AF_02/2022_PS | D77: M3 | E77: 24.6 | F77: QUANTITATIVO CONFORME PROJETO ESTRUTURAL E MEMORIAL DE CÁLCULO
A78: 7.2 | C78: VIGA
A79: 7.2.1 | B79: 92455 | C79: MONTAGEM E DESMONTAGEM DE FÔRMA DE VIGA, ESCORAMENTO COM GARFO DE MADEIRA, PÉ-DIREITO SIMPLES, EM CHAPA DE MADEIRA RESINADA, 4 UTILIZAÇÕES. AF_09/2020 | D79: M2 | E79: 444.1 | F79: QUANTITATIVO CONFORME PROJETO ESTRUTURAL E MEMORIAL DE CÁLCULO
A80: 7.2.2 | B80: 92759 | C80: ARMAÇÃO DE PILAR OU VIGA DE ESTRUTURA CONVENCIONAL DE CONCRETO ARMADO UTILIZANDO AÇO CA-60 DE 5,0 MM - MONTAGEM. AF_06/2022 | D80: KG | E80: 715 | F80: QUANTITATIVO CONFORME PROJETO ESTRUTURAL E MEMORIAL DE CÁLCULO
A81: 7.2.3 | B81: 92760 | C81: ARMAÇÃO DE PILAR OU VIGA DE ESTRUTURA CONVENCIONAL DE CONCRETO ARMADO UTILIZANDO AÇO CA-50 DE 6,3 MM - MONTAGEM. AF_06/2022 | D81: KG | E81: 1922 | F81: QUANTITATIVO CONFORME PROJETO ESTRUTURAL E MEMORIAL DE CÁLCULO
A82: 7.2.4 | B82: 92761 | C82: ARMAÇÃO DE PILAR OU VIGA DE ESTRUTURA CONVENCIONAL DE CONCRETO ARMADO UTILIZANDO AÇO CA-50 DE 8,0 MM - MONTAGEM. AF_06/2022 | D82: KG | E82: 141 | F82: QUANTITATIVO CONFORME PROJETO ESTRUTURAL E MEMORIAL DE CÁLCULO
A83: 7.2.5 | B83: 92762 | C83: ARMAÇÃO DE PILAR OU VIGA DE ESTRUTURA CONVENCIONAL DE CONCRETO ARMADO UTILIZANDO AÇO CA-50 DE 10,0 MM - MONTAGEM. AF_06/2022 | D83: KG | E83: 1826 | F83: QUANTITATIVO CONFORME PROJETO ESTRUTURAL E MEMORIAL DE CÁLCULO
A84: 7.2.6 | B84: 92763 | C84: ARMAÇÃO DE PILAR OU VIGA DE ESTRUTURA CONVENCIONAL DE CONCRETO ARMADO UTILIZANDO AÇO CA-50 DE 12,5 MM - MONTAGEM. AF_06/2022 | D84: KG | E84: 1108 | F84: QUANTITATIVO CONFORME PROJETO ESTRUTURAL E MEMORIAL DE CÁLCULO
A85: 7.2.7 | B85: 92764 | C85: ARMAÇÃO DE PILAR OU VIGA DE ESTRUTURA CONVENCIONAL DE CONCRETO ARMADO UTILIZANDO AÇO CA-50 DE 16,0 MM - MONTAGEM. AF_06/2022 | D85: KG | E85: 3552 | F85: QUANTITATIVO CONFORME PROJETO ESTRUTURAL E MEMORIAL DE CÁLCULO
A86: 7.2.8 | B86: 92765 | C86: ARMAÇÃO DE PILAR OU VIGA DE ESTRUTURA CONVENCIONAL DE CONCRETO ARMADO UTILIZANDO AÇO CA-50 DE 20,0 MM - MONTAGEM. AF_06/2022 | D86: KG | E86: 1035 | F86: QUANTITATIVO CONFORME PROJETO ESTRUTURAL E MEMORIAL DE CÁLCULO
A87: 7.3 | C87: LAJE
A88: 7.3.1 | B88: 92510 | C88: MONTAGEM E DESMONTAGEM DE FÔRMA DE LAJE MACIÇA, PÉ-DIREITO SIMPLES, EM CHAPA DE MADEIRA COMPENSADA RESINADA, 2 UTILIZAÇÕES. AF_09/2020 | D88: M2 | E88: 157.24 | F88: QUANTITATIVO CONFORME PROJETO ESTRUTURAL E MEMORIAL DE CÁLCULO
A89: 7.3.2 | B89: 92768 | C89: ARMAÇÃO DE LAJE DE ESTRUTURA CONVENCIONAL DE CONCRETO ARMADO UTILIZANDO AÇO CA-60 DE 5,0 MM - MONTAGEM. AF_06/2022 | D89: KG | E89: 664 | F89: QUANTITATIVO CONFORME PROJETO ESTRUTURAL E MEMORIAL DE CÁLCULO
A90: 7.3.3 | B90: 92769 | C90: ARMAÇÃO DE LAJE DE ESTRUTURA CONVENCIONAL DE CONCRETO ARMADO UTILIZANDO AÇO CA-50 DE 6,3 MM - MONTAGEM. AF_06/2022 | D90: KG | E90: 490 | F90: QUANTITATIVO CONFORME PROJETO ESTRUTURAL E MEMORIAL DE CÁLCULO
A91: 7.3.4 | B91: 92770 | C91: ARMAÇÃO DE LAJE DE ESTRUTURA CONVENCIONAL DE CONCRETO ARMADO UTILIZANDO AÇO CA-50 DE 8,0 MM - MONTAGEM. AF_06/2022 | D91: KG | E91: 129 | F91: QUANTITATIVO CONFORME PROJETO ESTRUTURAL E MEMORIAL DE CÁLCULO
A92: 7.3.5 | B92: 92771 | C92: ARMAÇÃO DE LAJE DE ESTRUTURA CONVENCIONAL DE CONCRETO ARMADO UTILIZANDO AÇO CA-50 DE 10,0 MM - MONTAGEM. AF_06/2022 | D92: KG | E92: 2048 | F92: QUANTITATIVO CONFORME PROJETO ESTRUTURAL E MEMORIAL DE CÁLCULO
A93: 7.3.6 | B93: 92772 | C93: ARMAÇÃO DE LAJE DE ESTRUTURA CONVENCIONAL DE CONCRETO ARMADO UTILIZANDO AÇO CA-50 DE 12,5 MM - MONTAGEM. AF_06/2022 | D93: KG | E93: 4619 | F93: QUANTITATIVO CONFORME PROJETO ESTRUTURAL E MEMORIAL DE CÁLCULO
A94: 7.3.7 | B94: 92773 | C94: ARMAÇÃO DE LAJE DE ESTRUTURA CONVENCIONAL DE CONCRETO ARMADO UTILIZANDO AÇO CA-50 DE 16,0 MM - MONTAGEM. AF_06/2022 | D94: KG | E94: 43 | F94: QUANTITATIVO CONFORME PROJETO ESTRUTURAL E MEMORIAL DE CÁLCULO
A95: 7.3.8 | B95: 92774 | C95: ARMAÇÃO DE LAJE DE ESTRUTURA CONVENCIONAL DE CONCRETO ARMADO UTILIZANDO AÇO CA-50 DE 20,0 MM - MONTAGEM. AF_06/2022 | D95: KG | E95: 0 | F95: QUANTITATIVO CONFORME PROJETO ESTRUTURAL E MEMORIAL DE CÁLCULO
A96: 7.3.9 | B96: 101963 | C96: LAJE PRÉ-MOLDADA UNIDIRECIONAL, BIAPOIADA, PARA PISO, ENCHIMENTO EM CERÂMICA, VIGOTA CONVENCIONAL, ALTURA TOTAL DA LAJE (ENCHIMENTO+CAPA) = (8+4). AF_11/2020_PA | D96: M2 | E96: 53.41 | F96: QUANTITATIVO CONFORME PROJETO ESTRUTURAL E MEMORIAL DE CÁLCULO
A97: 7.3.10 | B97: 92490 | C97: MONTAGEM E DESMONTAGEM DE FÔRMA DE LAJE NERVURADA COM CUBETA E ASSOALHO, PÉ-DIREITO SIMPLES, EM CHAPA DE MADEIRA COMPENSADA RESINADA, 8 UTILIZAÇÕES. AF_09/2020 | D97: M2 | E97: 652.15 | F97: QUANTITATIVO CONFORME PROJETO ESTRUTURAL E MEMORIAL DE CÁLCULO
A98: 7.3.11 | B98: 103675 | C98: CONCRETAGEM DE VIGAS E LAJES, FCK=25 MPA, PARA LAJES MACIÇAS OU NERVURADAS COM USO DE BOMBA - LANÇAMENTO, ADENSAMENTO E ACABAMENTO. AF_02/2022_PS | D98: M3 | E98: 233.45 | F98: QUANTITATIVO CONFORME PROJETO ESTRUTURAL E MEMORIAL DE CÁLCULO
A99: 7.4 | C99: ESCADA
A100: 7.4.1 | B100: 102040 | C100: MONTAGEM E DESMONTAGEM DE FÔRMA PARA ESCADAS, COM 1 LANCE E LAJE PLANA, EM MADEIRA SERRADA, 2 UTILIZAÇÕES. AF_11/2020 | D100: M2 | E100: 1.55 | F100: QUANTITATIVO CONFORME PROJETO ESTRUTURAL E MEMORIAL DE CÁLCULO
A101: 7.4.2 | B101: 95943 | C101: ARMAÇÃO DE ESCADA, DE UMA ESTRUTURA CONVENCIONAL DE CONCRETO ARMADO UTILIZANDO AÇO CA-60 DE 5,0 MM - MONTAGEM. AF_11/2020 | D101: KG | E101: 12 | F101: QUANTITATIVO CONFORME PROJETO ESTRUTURAL E MEMORIAL DE CÁLCULO
A102: 7.4.3 | B102: 95944 | C102: ARMAÇÃO DE ESCADA, DE UMA ESTRUTURA CONVENCIONAL DE CONCRETO ARMADO UTILIZANDO AÇO CA-50 DE 6,3 MM - MONTAGEM. AF_11/2020 | D102: KG | E102: 10 | F102: QUANTITATIVO CONFORME PROJETO ESTRUTURAL E MEMORIAL DE CÁLCULO
A103: 7.4.4 | B103: 95945 | C103: ARMAÇÃO DE ESCADA, DE UMA ESTRUTURA CONVENCIONAL DE CONCRETO ARMADO UTILIZANDO AÇO CA-50 DE 8,0 MM - MONTAGEM. AF_11/2020 | D103: KG | E103: 98 | F103: QUANTITATIVO CONFORME PROJETO ESTRUTURAL E MEMORIAL DE CÁLCULO
A104: 7.4.5 | B104: 95946 | C104: ARMAÇÃO DE ESCADA, DE UMA ESTRUTURA CONVENCIONAL DE CONCRETO ARMADO UTILIZANDO AÇO CA-50 DE 10,0 MM - MONTAGEM. AF_11/2020 | D104: KG | E104: 303 | F104: QUANTITATIVO CONFORME PROJETO ESTRUTURAL E MEMORIAL DE CÁLCULO
A105: 7.4.6 | B105: 95947 | C105: ARMAÇÃO DE ESCADA, DE UMA ESTRUTURA CONVENCIONAL DE CONCRETO ARMADO UTILIZANDO AÇO CA-50 DE 12,5 MM - MONTAGEM. AF_11/2020 | D105: KG | E105: 414 | F105: QUANTITATIVO CONFORME PROJETO ESTRUTURAL E MEMORIAL DE CÁLCULO
A106: 7.4.7 | B106: 103686 | C106: CONCRETAGEM DE ESCADAS, FCK=25 MPA, COM USO DE BOMBA - LANÇAMENTO, ADENSAMENTO E ACABAMENTO. AF_02/2022_PS | D106: M3 | E106: 0.25 | F106: QUANTITATIVO CONFORME PROJETO ESTRUTURAL E MEMORIAL DE CÁLCULO
A107: 7.4.8 | B107: 92510 | C107: MONTAGEM E DESMONTAGEM DE FÔRMA DE LAJE MACIÇA, PÉ-DIREITO SIMPLES, EM CHAPA DE MADEIRA COMPENSADA RESINADA, 2 UTILIZAÇÕES. AF_09/2020 | D107: M2 | E107: 28.18 | F107: QUANTITATIVO CONFORME PROJETO ESTRUTURAL E MEMORIAL DE CÁLCULO
A108: 7.4.9 | B108: 103675 | C108: CONCRETAGEM DE VIGAS E LAJES, FCK=25 MPA, PARA LAJES MACIÇAS OU NERVURADAS COM USO DE BOMBA - LANÇAMENTO, ADENSAMENTO E ACABAMENTO. AF_02/2022_PS | D108: M3 | E108: 3.43 | F108: QUANTITATIVO CONFORME PROJETO ESTRUTURAL E MEMORIAL DE CÁLCULO
A109: 7.5 | C109: ALVENARIA ESTRUTURAL
A110: 7.5.1 | B110: 92759 | C110: ARMAÇÃO DE PILAR OU VIGA DE ESTRUTURA CONVENCIONAL DE CONCRETO ARMADO UTILIZANDO AÇO CA-60 DE 5,0 MM - MONTAGEM. AF_06/2022 | D110: KG | E110: 6 | F110: QUANTITATIVO CONFORME PROJETO ESTRUTURAL E MEMORIAL DE CÁLCULO
...
